Workbook
Name BannerMD_BMT_ALLO_RELA: [1]RatesForLookup!$H$11:$Q$18
Name BannerMD_BMT_ALLO_RELA: [2]RatesForLookup!$H$11:$Q$18
Name BannerMD_BMT_ALLO_RELA: RatesForLookup!$H$11:$Q$18
Name BannerMD_BMT_ALLO_UNREL: [1]RatesForLookup!$H$29:$Q$38
Name BannerMD_BMT_ALLO_UNREL: [2]RatesForLookup!$H$29:$Q$38
Name BannerMD_BMT_ALLO_UNREL: RatesForLookup!$H$29:$Q$38
Name BannerMD_BMT_AUT_ADULT: [1]RatesForLookup!$H$4:$Q$10
Name BannerMD_BMT_AUT_ADULT: [2]RatesForLookup!$H$4:$Q$10
Name BannerMD_BMT_AUT_ADULT: RatesForLookup!$H$4:$Q$10
Name BannerMD_BMT_HAPLOID: [1]RatesForLookup!$H$19:$Q$28
Name BannerMD_BMT_HAPLOID: [2]RatesForLookup!$H$19:$Q$28
Name BannerMD_BMT_HAPLOID: RatesForLookup!$H$19:$Q$28
Name BannerMD_TBI: [1]RatesForLookup!$H$39:$Q$39
Name BannerMD_TBI: [2]RatesForLookup!$H$39:$Q$39
Name BannerMD_TBI: RatesForLookup!$H$39:$Q$39
Name BUMCP_CAD_LIVER: [1]RatesForLookup!$H$69:$Q$74
Name BUMCP_CAD_LIVER: [2]RatesForLookup!$H$69:$Q$74
Name BUMCP_CAD_LIVER: RatesForLookup!$H$69:$Q$74
Name BUMCP_HEART: [1]RatesForLookup!$H$40:$Q$47
Name BUMCP_HEART: [2]RatesForLookup!$H$40:$Q$47
Name BUMCP_HEART: RatesForLookup!$H$40:$Q$47
Name BUMCP_KIDNEY_CADAVERIC: [1]RatesForLookup!$H$48:$Q$51
Name BUMCP_KIDNEY_CADAVERIC: [2]RatesForLookup!$H$48:$Q$51
Name BUMCP_KIDNEY_CADAVERIC: RatesForLookup!$H$48:$Q$51
Name BUMCP_KIDNEY_LIVING: [1]RatesForLookup!$H$52:$Q$56
Name BUMCP_KIDNEY_LIVING: [2]RatesForLookup!$H$52:$Q$56
Name BUMCP_KIDNEY_LIVING: RatesForLookup!$H$52:$Q$56
Name BUMCP_PANCREA_AFTER_KDY: [1]RatesForLookup!$H$57:$Q$62
Name BUMCP_PANCREA_AFTER_KDY: [2]RatesForLookup!$H$57:$Q$62
Name BUMCP_PANCREA_AFTER_KDY: RatesForLookup!$H$57:$Q$62
Name BUMCP_SIM_KIDNEY_PANCR: [1]RatesForLookup!$H$63:$Q$68
Name BUMCP_SIM_KIDNEY_PANCR: [2]RatesForLookup!$H$63:$Q$68
Name BUMCP_SIM_KIDNEY_PANCR: RatesForLookup!$H$63:$Q$68
Name BUMCP_SIMUL_CAD_LIV_KDY: [1]RatesForLookup!$H$75:$Q$80
Name BUMCP_SIMUL_CAD_LIV_KDY: [2]RatesForLookup!$H$75:$Q$80
Name BUMCP_SIMUL_CAD_LIV_KDY: RatesForLookup!$H$75:$Q$80
Name BUMCT_ALLO_RELA_PEDS: [1]RatesForLookup!$H$88:$Q$95
Name BUMCT_ALLO_RELA_PEDS: [2]RatesForLookup!$H$88:$Q$95
Name BUMCT_ALLO_RELA_PEDS: RatesForLookup!$H$88:$Q$95
Name BUMCT_ALLO_UNRE_PEDS: [1]RatesForLookup!$H$106:$Q$115
Name BUMCT_ALLO_UNRE_PEDS: [2]RatesForLookup!$H$106:$Q$115
Name BUMCT_ALLO_UNRE_PEDS: RatesForLookup!$H$106:$Q$115
Name BUMCT_AUT_PEDS: [1]RatesForLookup!$H$81:$Q$87
Name BUMCT_AUT_PEDS: [2]RatesForLookup!$H$81:$Q$87
Name BUMCT_AUT_PEDS: RatesForLookup!$H$81:$Q$87
Name BUMCT_BMT_ALLO_REL_ADULT: [1]RatesForLookup!$H$123:$Q$130
Name BUMCT_BMT_ALLO_REL_ADULT: [2]RatesForLookup!$H$123:$Q$130
Name BUMCT_BMT_ALLO_REL_ADULT: RatesForLookup!$H$123:$Q$130
Name BUMCT_BMT_ALLO_UNREL_ADULT: [1]RatesForLookup!$H$141:$Q$150
Name BUMCT_BMT_ALLO_UNREL_ADULT: [2]RatesForLookup!$H$141:$Q$150
Name BUMCT_BMT_ALLO_UNREL_ADULT: RatesForLookup!$H$141:$Q$150
Name BUMCT_BMT_AUTO_ADULT: [1]RatesForLookup!$H$116:$Q$122
Name BUMCT_BMT_AUTO_ADULT: [2]RatesForLookup!$H$116:$Q$122
Name BUMCT_BMT_AUTO_ADULT: RatesForLookup!$H$116:$Q$122
Name BUMCT_BMT_HAPLOID_ADULT: [1]RatesForLookup!$H$131:$Q$140
Name BUMCT_BMT_HAPLOID_ADULT: [2]RatesForLookup!$H$131:$Q$140
Name BUMCT_BMT_HAPLOID_ADULT: RatesForLookup!$H$131:$Q$140
Name BUMCT_CAD_LIVER: RatesForLookup!$H$173:$Q$178
Name BUMCT_DOUBLE_LUNG: [2]RatesForLookup!$H$191:$Q$196
Name BUMCT_DOUBLE_LUNG: RatesForLookup!$H$191:$Q$196

Sheet Index By Hospital
B2: Transplant Rate Effective October 1, 2026 Index
B4: By Hospital, by Type
B5: Banner Health dba Banner Gateway Medical Center
C6: Adult Allogeneic Related Bone Marrow Transplant Contract (ALO)
C7: Adult Allogeneic Unrelated Bone Marrow Transplant Contract (ALU)
C8: Adult Autologous Bone Marrow Transplant Contract (AUT)
C9: Adult Haploid Hematopoietic Stem Cell Transplant Contract (HAP)
C10: Total Body Irradiation (TBI)
B12: Banner University Medical Center Phoenix
C13: Adult Cadaveric Liver Transplant Contract (LIV)
C14: Cadaveric Donor Kidney Transplant Contract (CKY)
C15: Heart Transplant Contract (HRT)
C16: Living Donor Kidney Transplant Contract (KDY)
C17: Pancreas After Kidney Transplant Contract (PAK)
C18: Simulataneous Kidney/Pancreas Transplant Contract (SPK)
C19: Simultaneous Cadaveric Liver/Kidney Transplant Contract (SLK)
B21: Banner University Medical Center Tucson Campus,LLC
C22: Adult Allogeneic Related Bone Marrow Transplant Contract (ALO)
C23: Adult Allogeneic Unrelated Bone Marrow Transplant Contract (ALU)
C24: Adult Autologous Bone Marrow Transplant Contract (AUT)
C25: Adult Haploid Hematopoietic Stem Cell Transplant Contract (HAP)
C26: Cadaveric Donor Kidney Transplant Contract (CKY)
C27: Living Donor Kidney Transplant Contract (KDY)
C28: Pancreas After Kidney Transplant Contract (PAK)
C29: Pediatric Allogeneic Related Bone Marrow Transplant Contract (PAL)
C30: Pediatric Allogeneic Unrelated Bone Marrow Transplant Contract (PLU)
C31: Pediatric Autologous Bone Marrow Transplant Contract (PAU)
C32: Pediatric Haploid Hematopoietic Stem Cell Transplant Contract (PHA)
C33: Simultaneous Kidney-Pancreas Transplant Contract (SPK)
C34: Total Body Irradiation (TBI)
B36: Lucile Salter Packard Children's Hospital
C37: Multi-Visceral Cadaveric Donor (Intestine, Liver, Pancreas En Bloc)
C38: Pediatric Allogeneic Related Bone Marrow Transplant Contract (PAL)
C39: Pediatric Allogeneic Unrelated Bone Marrow Transplant Contract (PLU)
C40: Pediatric And Young Adult Heart And Liver Transplant Contract (PLH)
C41: Pediatric Autologous Bone Marrow Transplant Contract (PAU)
C42: Pediatric Double Lung (PDL) Transplant Contract (Includes Single Lung) (PLS)
C43: Pediatric Heart And Lung Transplant Contract (PHL)
C44: Pediatric Heart Transplant (PHT)
C45: Pediatric Intestinal Transplant Contract (PCB)
C46: Pediatric Liver Transplant (PLL)
C47: Pediatric Liver Transplant (PLV)
C48: Total Body Irradiation (TBI)
B50: Mayo Clinic Hospital Scottsdale
C51: Adult Allogeneic Related Bone Marrow Transplant Contract (ALO)
C52: Adult Allogenic Unrelated Bone Marrow Transplant Contract (ALU)
C53: Adult Autologous Bone Marrow Transplant Contract (AUT)
C54: Adult Cadaveric Liver Transplant Contract (LIV)
C55: Adult Haploid Hematopoietic Stem Cell Transplant Contract (HAP)
C56: Cadaveric Donor Kidney Transplant Contract (CKY)
C57: Heart Transplant Contract (HRT)
C58: Living Donor Kidney Transplant Contract (KDY)
C59: Pancreas After Kidney Transplant Contract (PAK)
C60: Pediatric Allogeneic Related Bone Marrow Transplant Contract (PAL)
C61: Pediatric Allogeneic Unrelated Bone Marrow Transplant Contract (PLU)
C62: Pediatric Autologous Bone Marrow Transplant Contract (PAU)
... C66: Total Body Irradiation (TBI)
B68: Phoenix Children's Hospital
C69: Adult Allogeneic Related Bone Marrow Transplant Contract (ALO)
C70: Adult Allogeneic Unrelated Bone Marrow Transplant Contract (ALU)
C71: Adult Autologous Bone Marrow Transplant Contract (AUT)
C72: Adult Haploid Hematopoietic Stem Cell Transplant Contract (HAP)
C73: Defibrotide Drug Therapy For The Treatment Of Venous Occlusive Disease Contract (VOD)
C74: Pediatric Allogeneic Related Bone Marrow Transplant Contract (PAL)
C75: Pediatric Allogeneic Unrelated Bone Marrow Transplant Contract (PLU)
C76: Pediatric Autologous Bone Marrow Transplant Contract (PAU)
C77: Pediatric Cadaveric Liver Transplant (PLV)
C78: Pediatric Haploid Related Hematopoietic Stem Cell Transplant Contract (PHA)
C79: Pediatric Heart Transplant (PHT)
C80: Pediatric Kidney Cadaveric Donor Transplant Contract (PCK)
... C82: Total Body Irradiation (TBI)
B84: Scottsdale Healthcare Shea dba Honor Health
C85: Adult Allogeneic Related Bone Marrow Transplant Contract (ALO)
C86: Adult Allogeneic Unrelated Bone Marrow Transplant Contract (ALU)
C87: Adult Autologous Bone Marrow Transplant Contract (AUT)
C88: Adult Haploid Hematopoietic Stem Cell Transplant Contract (HAP)
C89: Total Body Irradiation (TBI)
B91: St. Joseph's Hospital And Medical Center
C92: Adult Cadaveric Liver Transplant Contract (LIV)
C93: Cadaveric Donor Kidney Transplant (CKY)
C94: Double Lung Transplant (DLL)
C95: Living Donor Kidney Transplant (KDY)
C96: Simultaneous Cadaveric Liver And Kidney Transplant Contract (SLK)
C97: Single Lung Transplant Contract (SLT)
B99: Stanford Hospital And Healthcare
C100: Adult Heart And Lung Transplant (HLT)
C101: Heart Transplant Contract (HRT)
C102: Single Lung Transplant Contract (SLT) Or Double Lung Transplant (DLL)
B104: University Of California San Francisco Medical Center
C105: Allogeneic Unrelated Pediatric Bone Marrow Transplant Contract Scid Only (PLU)
C106: Pediatric Allogeneic Related Bone Marrow Transplant Contract Scid Only (PAL)
C107: Pediatric Autologous Bone Marrow Transplant Contract Scid Only (PAU)
B109: Western Regional Medical Center, Inc. dba City Of Hope Phoenix
C110: Adult Allogeneic Related Bone Marrow Transplant Contract (ALO)
C111: Adult Allogeneic Unrelated Bone Marrow Transplant Contract (ALU)
C112: Adult Autologous Bone Marrow Transplant Contract (AUT)
C113: Adult Haploid Hematopoietic Stem Cell Transplant Contract (HAP)

Sheet Index By Type
B2: Transplant Rate Effective October 1, 2026 Index
B5: By Type, By Hospital:
B6: Adult Allogeneic Related Bone Marrow Transplant Contract (ALO)
C7: Banner Health dba Banner Gateway Medical Center
C8: Banner University Medical Center Tucson Campus,LLC
C9: Mayo Clinic Hospital Scottsdale
C10: Phoenix Children's Hospital
C11: Scottsdale Healthcare Shea dba Honor Health
C12: Western Regional Medical Center, Inc. dba City Of Hope Phoenix
B14: Adult Allogeneic Unrelated Bone Marrow Transplant Contract (ALU)
C15: Banner Health dba Banner Gateway Medical Center
C16: Banner University Medical Center Tucson Campus,LLC
C17: Mayo Clinic Hospital Scottsdale
C18: Phoenix Children's Hospital
C19: Scottsdale Healthcare Shea dba Honor Health
C20: Western Regional Medical Center, Inc. dba City Of Hope Phoenix
B22: Adult Autologous Bone Marrow Transplant Contract (AUT)
C23: Banner Health dba Banner Gateway Medical Center
C24: Banner University Medical Center Tucson Campus,LLC
C25: Mayo Clinic Hospital Scottsdale
C26: Phoenix Children's Hospital
C27: Scottsdale Healthcare Shea dba Honor Health
C28: Western Regional Medical Center, Inc. dba City Of Hope Phoenix
B30: Adult Cadaveric Liver Transplant Contract (LIV)
C31: Banner University Medical Center Phoenix
C32: Mayo Clinic Hospital Scottsdale
C33: St. Joseph's Hospital And Medical Center
B35: Adult Haploid Hematopoietic Stem Cell Transplant Contract (HAP)
C36: Banner Health dba Banner Gateway Medical Center
C37: Banner University Medical Center Tucson Campus,LLC
C38: Mayo Clinic Hospital Scottsdale
C39: Phoenix Children's Hospital
C40: Scottsdale Healthcare Shea dba Honor Health
C41: Western Regional Medical Center, Inc. dba City Of Hope Phoenix
B43: Adult Heart And Lung Transplant (HLT)
C44: Stanford Hospital And Healthcare
B46: Cadaveric Donor Kidney Transplant (CKY)
C47: Banner University Medical Center Phoenix
C48: Banner University Medical Center Tucson Campus,LLC
C49: Mayo Clinic Hospital Scottsdale
C50: St. Joseph's Hospital And Medical Center
B52: Defibrotide Drug Therapy For The Treatment Of Venous Occlusive Disease Contract (VOD)
C53: Phoenix Children's Hospital
B55: Double Lung Transplant (DLL)
C56: St. Joseph's Hospital And Medical Center
B58: Heart Transplant Contract (HRT)
C59: Banner University Medical Center Phoenix
C60: Heart Transplant Contract (HRT)
C61: Mayo Clinic Hospital Scottsdale
B63: Living Donor Kidney Transplant (KDY)
C64: Banner University Medical Center Phoenix
C65: Banner University Medical Center Tucson Campus,LLC
C66: Mayo Clinic Hospital Scottsdale
C67: St. Joseph's Hospital And Medical Center
B69: Multi-Visceral Cadaveric Donor (Intestine, Liver, Pancreas En Bloc)
C70: Lucile Salter Packard Children's Hospital
B72: Pancreas After Kidney Transplant Contract (PAK)
C73: Banner University Medical Center Phoenix
C74: Banner University Medical Center Tucson Campus,LLC
C75: Phoenix Children's Hospital
B77: Pediatric Allogeneic Related Bone Marrow Transplant Contract (PAL)
C78: Banner University Medical Center Tucson Campus, LLC
C79: Lucile Salter Packard Children's Hospital
C80: Mayo Clinic Hospital Scottsdale
C81: Phoenix Children's Hospital
C82: University Of California San Francisco Medical Center
B84: Pediatric Haploid Related Hematopoietic Stem Cell Transplant Contract (PHA)
C85: Banner University Medical Center Tucson Campus, LLC
C86: Mayo Clinic Hospital Scottsdale
C87: Phoenix Children's Hospital
B89: Pediatric Allogeneic Unrelated Bone Marrow Transplant Contract (PLU)
C90: Banner University Medical Center Tucson Campus, LLC
C91: Lucile Salter Packard Children's Hospital
C92: Mayo Clinic Hospital Scottsdale
C93: Phoenix Children's Hospital
C94: University Of California San Francisco Medical Center
B96: Pediatric And Young Adult Heart And Liver Transplant Contract (PLH)
C97: Lucile Salter Packard Children's Hospital
B99: Pediatric Autologous Bone Marrow Transplant Contract (PAU)
C100: Banner University Medical Center Tucson Campus, LLC
C101: Lucile Salter Packard Children's Hospital
C102: Mayo Clinic Hospital Scottsdale
C103: Phoenix Children's Hospital
C104: University Of California San Francisco Medical Center
B106: Pediatric Living Liver Transplant (PLL)
C107: Lucile Salter Packard Children's Hospital
B109: Pediatric Cadaveric Liver Transplant (PLV)
C110: Phoenix Children's Hospital
C111: Lucile Salter Packard Children's Hospital
B113: Pediatric Double Lung (PDL) Transplant Contract (Includes Single Lung) (PLS)
C114: Lucile Salter Packard Children's Hospital
B116: Pediatric Heart And Lung Transplant Contract (PHL)
C117: Lucile Salter Packard Children's Hospital
B119: Pediatric Heart Transplant (PHT)
C120: Lucile Salter Packard Children's Hospital
C121: Phoenix Children's Hospital
B123: Pediatric Kidney Cadaveric Donor Transplant Contract (PCK)
C124: Phoenix Children's Hospital
B126: Pediatric Kidney Living Donor Transplant Contract (PKY)
C127: Phoenix Children's Hospital
...

Sheet Updates & QC 2025
B1: 10/1/25 - 9/30/26 = Contract Year (CY) 44 | F1: Password: Mercy2025
A2: How to hide and unhide tabs from Tracy's team | E2: Annual Updates | I2: Updates during the year
A4: 1 | B4: Go to Developer tab and select View Code | E4: 1 | F4: Unhide the "RatesForLookup" tab | H4: 1 | I4: Transplant team may have new contracts or revisions
B5: This opens the Visual Basic screen | I5: Tracy should give us a contract tab which we will format
E6: 2 | F6: Column O will become the 10/1/25 rates | I6: and add into the RatesForLookup tab
F7: Column P will become the 10/1/26 rates
H8: 2 | I8: New contracts effective before 10/1 will not get the Inflation Factor -
I9: adjusted rate in column G until after 10/1, and maybe not till following
I10: year depending on what was negotiated
A11: 2 | B11: In Project window - Select the tab you want | I11: Make sure the vlookup formulas on the new contract tab select for
I12: column F, not column G. Make a note in column Q about this so
F13: Copy / paste values all the rates from column P into column O | I13: that the the vlookup formulas are changed in the next updae
F14: Make sure you paste values, not formulas | I14: New contracts effective 10/1 or after will already account for the factor
I15: in the newly negotiated rates. Enter these in column G
E16: 3 | F16: Change the column names to the correct years
H17: 3 | I17: Copy the new tab into this spreadsheet. Keep original tab as backup
E18: 4 | F18: QC that the rates in column P flow correctly to each contract tab
H19: 4 | I19: Add column A and row 1 to the new tab and enter the reference values
E20: 5 | F20: Update the effective dates on each contract tab
H21: 5 | I21: Format the new tab before inserting it into the spreadsheet, as was
A22: 3 | B22: In Properties window - choose the visibility you want | E22: 6 | F22: In April ask Ruth for the Inflation Factors | I22: done with the existing tabs
B23: 2 - xlSheetVeryHidden - will hide tab from anyone who | F23: This year's file is here: | I23: You may have to rearrange a bit - eg: the days 11+/61+ term should
B24: doesn't know Excel well | F24: SP_Global_HealthCare_Cost_Tables_Q1_2025.xlsx | I24: have it's own row and reference number
B25: -1- xlSheetVisible - will unhide it | F25: Use tab "Tab61CY" | I25: Make sure the layout matches the existing contract tabs. It's okay that
F26: Use Q1 over Q1 for the calculation | I26: the new contract may have more or less terms than any existing one
H28: 6 | I28: In cell A1 on the new tab, insert the formula that shows the tab name
I29: '=MID(CELL("filename",A1),FIND("]",CELL("filename",A1))+1,255)
E30: 7 | F30: Column F will become the 10/1/25 factor
F31: Column G will become the 10/1/26 factor | H31: 7 | I31: Make sure row 1, column A and all cells containing rates are locked
H33: 8 | I33: On the RatesForLookup tab insert new rows for as many contract terms
I34: as exist on the new contract tab. Insert them in the same alphabetical
I35: that matches the tab location.
A37: 4 | B37: Remember to save, and close the entire Visual Basic screen | H37: 9 | I37: In column A, enter the formula that picks up the new tab name
E38: 8 | F38: Copy the 10/1/25 factor into column F
F39: and update the 10/1/26 factor with a dummy until the real one is published | H39: 10 | I39: In column C, type in a short hospital name
E41: 9 | F41: Change the column names to the correct years | H41: 11 | I41: In columns H and I type in the row and column reference numbers
E43: 10 | F43: QC that the rates in column P have updated correctly | H43: 12 | I43: Copy all other formulas from an existing row
E45: 11 | F45: Update the effective dates in red at top of each contract tab | H45: 13 | I45: Create a named range for the new rows, from column H to column Q
I46: It should be same as the tab name but without the year
F47: Format each tab in the QC'd spreadsheet before giving to Tracy Thomas:
F48: Make sure row 1, column A and all cells containing rates are locked | H48: 14 | I48: QC that the new tab is picking up the correct rates
F49: Select all contract tabs | I49: Also make sure row 1, column A and all cells containing rates are locked
F50: Hide row 1 and column A
F51: Protect each contract tab - unfortunately, must do this one tab at a time | H51: 15 | I51: Protect each contract tab - Password: Mercy2025
F52: unless you use a macro, which should be tried on a backup copy first
F53: Allow these edits: | H53: 16 | I53: Move the new tab alphabetically within the spreadsheet
H55: 17 | I55: If new contract has a TPD rate (per diem days 61+) do an RTRU
F60: Password: Mercy2025
E61: 12 | F61: Hide all tabs except the currently in effect contracts
E63: 13 | F63: Change all the tab names to the new year
F65: When the rates are final -
F66: Remember to do an RTRU for the TPD rates (per diem days 61+)

Sheet Change Log
A3: Step
A4: 1 | B4: Start with this file: | C4: Transplant Rates effective December 1st, 2024 | M4: These tabs are hidden, because contracts may be reinstated | AB4: Macro to create a list of tab names | AG4: Then
A5: 2 | B5: Delete discontinued contract tabs: | AB5: Sub ListSheetNamesInNewWorkbook() | AG5: Press F5
B6: Banner Tucson Adult Liver Transplant Program is on hold as of 12/5/24 - pending deletion 2024_BUMCT_CAD_LIVER | AB6: Dim objNewWorkbook As Workbook | AG6: New spreadsheet opens with list
B7: Banner Tucson dual organ liver/kidney is also on hold during above - pending deletion 2024_BUMCT_SIMUL_CAD_LIV_KDY | AB7: Dim objNewWorksheet As Worksheet
B8: Banner Tucson Adult Heart and Adult Heart/Lung
B9: PCH Peds Living Liver is on hold, may be reinstated - pending deletion
A10: 3 | B10: Break all links | AB10: Set objNewWorkbook = Excel.Application.Workbooks.Add
B11: Select all sheets, unhide rows and columns | AB11: Set objNewWorksheet = objNewWorkbook.Sheets(1)
B12: Insert new row 1 at top and a new row A on the left
B13: In cell A1, enter the formula that looks up the tab name - this will automatically update if someone changes the tab name | AB13: For i = 1 To ThisWorkbook.Sheets.Count
C14: =MID(CELL("filename",A1),FIND("]",CELL("filename",A1))+1,255) | J14: or | K14: =TEXTAFTER(CELL("filename",A1),"]")
B15: This cell will be locked on all tabs and the row will be hidden | AB15: objNewWorksheet.Cells(i, 1) = i
B16: Insert new tab "RatesIn" - this pulls in the current rates | AB16: objNewWorksheet.Cells(i, 2) = ThisWorkbook.Sheets(i).Name
B17: This tab will be Very Hidden via the Developer - Visual Basic feature (very easy) | AB17: Next i
B18: On this new tab create links to all the cell A1's to make a list of tab names that will automatically update if someone changes the tab name.
B19: (I think using a formula or macro to do this would be a circular reference error) | AB19: With objNewWorksheet
B20: Double-check that all tabs have been linked by running the macro on the original Dec 1st spreadsheet and comparing the counts of tab names | AB20: .Rows(1).Insert
AB21: .Cells(1, 1) = "INDEX"
B22: You can't just reuse this linked formula to get the hospital name and contract type, because sometimes they are merged in starting in column A , sometimes in B | AB22: .Cells(1, 1).Font.Bold = True
B23: same for row 4 Effective Date and row 5 Facility ID | G23: Also some are in different rows! | L23: Fix column: | AB23: .Cells(1, 2) = "NAME"
B24: Fix this so that every tab is identical - there are a lot more in A than in B so change the Bs | L24: 2024_BannerMD_BMT_ALLO_RELA | AB24: .Cells(1, 2).Font.Bold = True
C25: Can't fix these rows: they have extra row of description | L25: 2024_BannerMD_BMT_ALLO_UNREL | AB25: .Columns("A:B").AutoFit
C26: 2024 LPCH -Living_Liver | L26: 2024_BUMCP_KIDNEY CADAVERIC | AB26: End With
C27: 2024 LPCH -CAD_Liver | L27: 2024_BUMCP_KIDNEY_LIVING | AB27: End Sub
C28: 2024_LPCH Multivis CadDonor | L28: 2024_BUMCP_PANCREA_AFTER_KDY
C29: 2024_LPCH-IntestineCadDonor | L29: 2024_BUMCP_SIM_KIDNEY-PANCR
C30: 2024_MAYO_SIMU_CADV LIV KDY | L30: 2024_BUMCT_ALLO_RELA_PEDS
C31: 2024_PCH_BMT_AUT_ADULT | L31: 2024_BUMCT_ALLO_UNRE_PEDS
C32: 2024_PCH_BMT_ADULT ALLO_REL | L32: 2024 LPCH-BMT AUT PEDS
C33: 2024_PCH_ADULT_HAPLOID | L33: 2024 LPCH-ALLO RELA PEDS
C34: 2024_PCH_ADULT_ALLO_UNREL | L34: 2024 LPCH ALLO UNREL PEDS
L35: 2025_PCH_PED_LIVING_LIVER
B36: Many tabs = someone put formulas in the effective date rows, which no longer work.
B37: I hardcoded them all to match the December spreadsheet dates
B39: Corrected the spacing in several ID# rows to match the majority. Need a way for people to enter the data in correct format
B41: Moved the three letter contract type from middle of title to the end: | H41: 2024_BUMCP_PANCREA_AFTER_KDY
H42: 2024_BUMCP_SIM_KIDNEY-PANCR
B43: Got rid of spaces in tab names to prevent problems in formulas
B45: Add days 11-61+ outlier as a separate cell on all tabs where it appears in the language and move to row below the Days 11-61 per diem
B46: For Mayo and PCH, also added separate cells for 50% of charges over main outlier threshold
B48: Hide gridlines on several tabs
B49: Go back and change all the Total $ for components to Sum formulas
B51: Deleted all named PRINT ranges
B53: Now comes the fun part
B54: I do not want two columns of rates in each tab - that defeats the purpose of not having to hide/unhide columns
B55: 1) Pull in the values from each contract tab into the RatesWithFormulas tab
B56: Unfortunately, I could not create a formula that referred to the tab name in column A of the Rates tab
B57: Therefore, could not copy past a formula all the way down in the rates tab, had to do each tab name separately
B58: However, if someone changes the tab name, the formulas will automatically update to the new name, so okay
... B78: Password: Mercy2025
B80: Changed all effective dates to | D80: EFFECTIVE 10/01/2025 THROUGH 9/30/2026
B81: Corrected 2024_PCH_PED_HAPLOID tab and the corresponding range on RatesForLookup tab
B82: Added note about 10/1/25 rates being dummied to all tabs
B84: I did NOT change all tab names from 2024 to 2025, Tracy can change them or get rid of the year entirely -
B85: the formulas will update automatically for changes to tab names
B87: 1/22/25: revised Lucille Packard BMT AUT PEDS - see emails
B88: and deleted that row from RatesForLookup
B125: 4/21/25: | C125: Changed all tab names from 2024 to 2025, also in TRANSPLANT TEAM matrix
B126: 4/21/25: | C126: my error: I did this on my version, not on the version Tracy reviewed and sent back
C127: Therefore I deleted it, and saved Tracy's reviewed version back named as:
C128: TRANSPLANT TEAM Matrix 10.1.2025 Linked To New Rates_v2_As of 4.21.2025.xlsx
B129: 4/21/25: | C129: Changed "Pass Through" to "NBMD or Cord blood Invoice Cost" and widened the rate columns
C130: for these contracts:
C136: This one already said "NBMD or Cord blood Invoice Costs" , changed to Cost
B148: 4/21/25: Deleted from TRANPLANT TEAM version RatesForLookup tab the three contracts that Tracy had deleted their tabs
B153: Then he wants me to add them back, didn't know how to hide them.
B154: I put them back into the TRANSPLANT TEAM copy, at the very front, put back the formulas on their RatesForLookup tab
E155: TRANSPLANT TEAM Matrix 10.1.2025 Linked To New Rates_v3_As of 4.21.2025.xlsx
B156: 4/28/2025: Updated inflation factor
B168: 4/29/25: What are these hidden tabs? | F168: I made all these tabs Very Hidden in TRANSPLANT TEAM copy
F173: On Hold, may be reinstated, was hidden 2024 matrix
F174: On Hold, may be reinstated
F175: On Hold, may be reinstated
F176: was hidden 2024 matrix
F177: was hidden 2024 matrix
F178: was hidden 2024 matrix
B182: 5/8/2025: changed red font to black for the effective dates on every tab
B183: Also deleted the old 2022 tabs: | D183: 2022_BUMCT_HEART
D184: 2022_BUMCT_HEART-LUNG
D185: 2022_BUMCT_VAD_CAD
B197: 5/22/25 - BUMCT terminated their Single (SLT) and Double Lung (DLL) Contracts effective 05/09/2025.
B198: Yellow out and add notes on the RatesforLookup tabs here and in our Transplant Team version
B199: Move the these two tabs in fromt of the other dc'd / on hold tabs here and in our Transplant Team version
B200: Hide these two tabs in the TRANSPLANT Team version
B201: Copy this updated change log into the TRANPSLANT Team version, and hide it
B202: Rename both versions "as of 5.22.2025"
B204: 6/16/25 - Correct PCH Pediatric Haploid (PHA) formula for PER DIEM RATES for day 61+
B219: 11/24/25 - Added City of Hope BMT contracts - Allo Unrelated, Allo Related and Haploid
B220: The RatesForLookupTab has formulas.
B221: I did create the new range names for columns H thru Q
B222: The three contract tabs have hardcoded rates; they must be replaced with formulas for 10/1/26
B223: (Excel crashed several times, and Transplant Team doesn't need the formulas right now.)
... B232: Also, their rates in RatesForLookup tab were hardcoded - changed to formulas
B233: 2025_CITYHOPE_BMT_ALLO_UNREL_AD | E233: Moved these tabs over next to the 2025_CITYHOPE_BMT_AUT_ADULT tab
B234: 2025_CITYHOPE_BMT_ALLO_REL_ADUL | E234: to keep them in alpha order
B235: 2025_CITYHOPE_BMT_HAPLOID_ADULT
B237: For the 2025_CITYHOPE_BMT_AUT_ADULT tab contract, changed "Western Regional MC" to "City of Hope" in column C of the RatesFor Lookup tab
B238: Their name keeps changing, as of Jan 2026 HCL it's back to Western Regional by AHDS
B240: Sent to Lydia on 4/8/26, forwarded to Pam 5/20/26: | F240: TRANSPLANT TEAM Matrix 10.1.2026 PENDING INFLATION FACTORS.xlsx
...

Sheet RatesForLookup
G1: Vlookup: | H1: 1 | I1: 2 | J1: 3 | K1: 4 | L1: 5 | M1: 6 | N1: 7 | O1: 8 | P1: 9 | Q1: Catchup factor for Days 11+/61+ threshold
A2: FORMULA | B2: =SUMIF(B4:B661,1,B4:B661) -> 2 | C2: make up a short name, not a formula | D2: FORMULA | E2: FORMULA | F2: 1.0335 | G2: 1.0325 | J2: not used | K2: not used | L2: not used | M2: not used | N2: FORMULA | O2: HARDCODED | P2: FORMULA FOR LOOKUP | Q2: 1.1034
A3: Tab Name | B3: Unique Contract | C3: Hospital Name | D3: Hospital ID | E3: Contract Type | F3: 10/1/25 Factor | G3: 10/1/26 Factor | H3: Row Reference | I3: Column Reference | J3: ColumnFlag2 | K3: Row | L3: Column1 | M3: Column2 | N3: Component Name | O3: 10/1/25 Rate | P3: 10/1/26 Rate | Q3: Note | R3: QC Checkmark | S3: .
A4: ='2026_BannerMD_BMT_AUT_ADULT'!$A$1 -> #VALUE! | B4: =IF(A4=A3,0,1) -> #VALUE! | C4: Banner Gateway | D4: {=RIGHT(INDIRECT(ADDRESS(6,2,,,$A4)),6)} -> #VALUE! | E4: {=RIGHT(INDIRECT(ADDRESS(4,2,,,$A4)),5)} -> #VALUE! | F4: 1.0335 | G4: =$G$2 -> 1.0325 | H4: 1 | I4: 3 | J4: 4 | K4: 10 | L4: C | M4: D | N4: =LEFT(INDEX('2026_BannerMD_BMT_AUT_ADULT'!$A$1:$E$30,MATCH(H4,'2026_BannerMD_BMT_AUT_ADULT'!$A$1:$A$30),MATCH(I4,'2026_BannerMD_BMT_AUT_ADULT'!$A$1:$D$1)),30) -> OUTPATIENT EVALUATION* - Initi | O4: 6304 | P4: =ROUND(O4*$G$2,0) -> 6509
A5: ='2026_BannerMD_BMT_AUT_ADULT'!$A$1 -> #VALUE! | B5: =IF(A5=A4,0,1) -> #VALUE! | C5: Banner Gateway | D5: {=RIGHT(INDIRECT(ADDRESS(6,2,,,$A5)),6)} -> #VALUE! | E5: {=RIGHT(INDIRECT(ADDRESS(4,2,,,$A5)),5)} -> #VALUE! | F5: 1.0335 | G5: =$G$2 -> 1.0325 | H5: 2 | I5: 3 | J5: 4 | K5: 11 | L5: C | M5: D | N5: =LEFT(INDEX('2026_BannerMD_BMT_AUT_ADULT'!$A$1:$E$18,MATCH(H5,'2026_BannerMD_BMT_AUT_ADULT'!$A$1:$A$30),MATCH(I5,'2026_BannerMD_BMT_AUT_ADULT'!$A$1:$D$1)),30) -> AUTOLOGOUS HARVEST | O5: 15603 | P5: =ROUND(O5*$G$2,0) -> 16110
A6: ='2026_BannerMD_BMT_AUT_ADULT'!$A$1 -> #VALUE! | B6: =IF(A6=A5,0,1) -> #VALUE! | C6: Banner Gateway | D6: {=RIGHT(INDIRECT(ADDRESS(6,2,,,$A6)),6)} -> #VALUE! | E6: {=RIGHT(INDIRECT(ADDRESS(4,2,,,$A6)),5)} -> #VALUE! | F6: 1.0335 | G6: =$G$2 -> 1.0325 | H6: 3 | I6: 3 | J6: 4 | K6: 12 | L6: C | M6: D | N6: =LEFT(INDEX('2026_BannerMD_BMT_AUT_ADULT'!$A$1:$E$18,MATCH(H6,'2026_BannerMD_BMT_AUT_ADULT'!$A$1:$A$30),MATCH(I6,'2026_BannerMD_BMT_AUT_ADULT'!$A$1:$D$1)),30) -> PREP AND TRANSPLANT | O6: 117013 | P6: =ROUND(O6*$G$2,0) -> 120816
A7: ='2026_BannerMD_BMT_AUT_ADULT'!$A$1 -> #VALUE! | B7: =IF(A7=A6,0,1) -> #VALUE! | C7: Banner Gateway | D7: {=RIGHT(INDIRECT(ADDRESS(6,2,,,$A7)),6)} -> #VALUE! | E7: {=RIGHT(INDIRECT(ADDRESS(4,2,,,$A7)),5)} -> #VALUE! | F7: 1.0335 | G7: =$G$2 -> 1.0325 | H7: 4 | I7: 3 | J7: 4 | L7: C | M7: D | N7: =LEFT(INDEX('2026_BannerMD_BMT_AUT_ADULT'!$A$1:$E$18,MATCH(H7,'2026_BannerMD_BMT_AUT_ADULT'!$A$1:$A$30),MATCH(I7,'2026_BannerMD_BMT_AUT_ADULT'!$A$1:$D$1)),30) -> FOLLOW UP CARE - From day 1 po | O7: 29644 | P7: =ROUND(O7*$G$2,0) -> 30607
A8: ='2026_BannerMD_BMT_AUT_ADULT'!$A$1 -> #VALUE! | B8: =IF(A8=A7,0,1) -> #VALUE! | C8: Banner Gateway | D8: {=RIGHT(INDIRECT(ADDRESS(6,2,,,$A8)),6)} -> #VALUE! | E8: {=RIGHT(INDIRECT(ADDRESS(4,2,,,$A8)),5)} -> #VALUE! | F8: 1.0335 | G8: =$G$2 -> 1.0325 | H8: 5 | I8: 3 | J8: 4 | L8: C | M8: D | N8: =LEFT(INDEX('2026_BannerMD_BMT_AUT_ADULT'!$A$1:$E$18,MATCH(H8,'2026_BannerMD_BMT_AUT_ADULT'!$A$1:$A$30),MATCH(I8,'2026_BannerMD_BMT_AUT_ADULT'!$A$1:$D$1)),30) -> FOLLOW UP CARE - From day 31 | O8: 10922 | P8: =ROUND(O8*$G$2,0) -> 11277
A9: ='2026_BannerMD_BMT_AUT_ADULT'!$A$1 -> #VALUE! | B9: =IF(A9=A8,0,1) -> #VALUE! | C9: Banner Gateway | D9: {=RIGHT(INDIRECT(ADDRESS(6,2,,,$A9)),6)} -> #VALUE! | E9: {=RIGHT(INDIRECT(ADDRESS(4,2,,,$A9)),5)} -> #VALUE! | F9: 1.0335 | G9: =$G$2 -> 1.0325 | H9: 6 | I9: 3 | J9: 4 | L9: C | M9: D | N9: =LEFT(INDEX('2026_BannerMD_BMT_AUT_ADULT'!$A$1:$E$18,MATCH(H9,'2026_BannerMD_BMT_AUT_ADULT'!$A$1:$A$30),MATCH(I9,'2026_BannerMD_BMT_AUT_ADULT'!$A$1:$D$1)),30) -> PER DIEM RATES for day 61+ of | O9: 2474 | P9: =ROUND(O9*$G$2,0) -> 2554
A10: ='2026_BannerMD_BMT_AUT_ADULT'!$A$1 -> #VALUE! | B10: =IF(A10=A9,0,1) -> #VALUE! | C10: Banner Gateway | D10: {=RIGHT(INDIRECT(ADDRESS(6,2,,,$A10)),6)} -> #VALUE! | E10: {=RIGHT(INDIRECT(ADDRESS(4,2,,,$A10)),5)} -> #VALUE! | F10: 1.0335 | G10: =$G$2 -> 1.0325 | H10: 7 | I10: 3 | J10: 4 | L10: C | M10: D | N10: =LEFT(INDEX('2026_BannerMD_BMT_AUT_ADULT'!$A$1:$E$18,MATCH(H10,'2026_BannerMD_BMT_AUT_ADULT'!$A$1:$A$30),MATCH(I10,'2026_BannerMD_BMT_AUT_ADULT'!$A$1:$D$1)),30) -> Days 11+/61+ paid at the per d | O10: 7263.18 | P10: =O10*$Q$2 -> 8014.1928 | Q10: retroactive adjustment
A11: ='2026_BannerMD_BMT_ALLO_RELA'!$A$1 -> #VALUE! | B11: =IF(A11=A10,0,1) -> #VALUE! | C11: Banner Gateway | D11: {=RIGHT(INDIRECT(ADDRESS(6,2,,,$A11)),6)} -> #VALUE! | E11: {=RIGHT(INDIRECT(ADDRESS(4,2,,,$A11)),5)} -> #VALUE! | F11: 1.0335 | G11: =$G$2 -> 1.0325 | H11: 1 | I11: 3 | J11: 4 | L11: C | M11: D | N11: =LEFT(INDEX('2026_BannerMD_BMT_ALLO_RELA'!$A$1:$E$30,MATCH(H11,'2026_BannerMD_BMT_ALLO_RELA'!$A$1:$A$30),MATCH(I11,'2026_BannerMD_BMT_ALLO_RELA'!$A$1:$D$1)),30) -> OUTPATIENT EVALUATION* - Initi | O11: 4486 | P11: =ROUND(O11*$G$2,0) -> 4632
A12: ='2026_BannerMD_BMT_ALLO_RELA'!$A$1 -> #VALUE! | B12: =IF(A12=A11,0,1) -> #VALUE! | C12: Banner Gateway | D12: {=RIGHT(INDIRECT(ADDRESS(6,2,,,$A12)),6)} -> #VALUE! | E12: {=RIGHT(INDIRECT(ADDRESS(4,2,,,$A12)),5)} -> #VALUE! | F12: 1.0335 | G12: =$G$2 -> 1.0325 | H12: 2 | I12: 3 | J12: 4 | L12: C | M12: D | N12: =LEFT(INDEX('2026_BannerMD_BMT_ALLO_RELA'!$A$1:$E$30,MATCH(H12,'2026_BannerMD_BMT_ALLO_RELA'!$A$1:$A$30),MATCH(I12,'2026_BannerMD_BMT_ALLO_RELA'!$A$1:$D$1)),30) -> RELATED DONOR SEARCH*(only 1 d | O12: 6931 | P12: =ROUND(O12*$G$2,0) -> 7156
A13: ='2026_BannerMD_BMT_ALLO_RELA'!$A$1 -> #VALUE! | B13: =IF(A13=A12,0,1) -> #VALUE! | C13: Banner Gateway | D13: {=RIGHT(INDIRECT(ADDRESS(6,2,,,$A13)),6)} -> #VALUE! | E13: {=RIGHT(INDIRECT(ADDRESS(4,2,,,$A13)),5)} -> #VALUE! | F13: 1.0335 | G13: =$G$2 -> 1.0325 | H13: 3 | I13: 3 | J13: 4 | L13: C | M13: D | N13: =LEFT(INDEX('2026_BannerMD_BMT_ALLO_RELA'!$A$1:$E$30,MATCH(H13,'2026_BannerMD_BMT_ALLO_RELA'!$A$1:$A$30),MATCH(I13,'2026_BannerMD_BMT_ALLO_RELA'!$A$1:$D$1)),30) -> RELATED DONOR HARVEST | O13: 11475 | P13: =ROUND(O13*$G$2,0) -> 11848
A14: ='2026_BannerMD_BMT_ALLO_RELA'!$A$1 -> #VALUE! | B14: =IF(A14=A13,0,1) -> #VALUE! | C14: Banner Gateway | D14: {=RIGHT(INDIRECT(ADDRESS(6,2,,,$A14)),6)} -> #VALUE! | E14: {=RIGHT(INDIRECT(ADDRESS(4,2,,,$A14)),5)} -> #VALUE! | F14: 1.0335 | G14: =$G$2 -> 1.0325 | H14: 4 | I14: 3 | J14: 4 | L14: C | M14: D | N14: =LEFT(INDEX('2026_BannerMD_BMT_ALLO_RELA'!$A$1:$E$30,MATCH(H14,'2026_BannerMD_BMT_ALLO_RELA'!$A$1:$A$30),MATCH(I14,'2026_BannerMD_BMT_ALLO_RELA'!$A$1:$D$1)),30) -> PREP AND TRANSPLANT | O14: 107724 | P14: =ROUND(O14*$G$2,0) -> 111225
A15: ='2026_BannerMD_BMT_ALLO_RELA'!$A$1 -> #VALUE! | B15: =IF(A15=A14,0,1) -> #VALUE! | C15: Banner Gateway | D15: {=RIGHT(INDIRECT(ADDRESS(6,2,,,$A15)),6)} -> #VALUE! | E15: {=RIGHT(INDIRECT(ADDRESS(4,2,,,$A15)),5)} -> #VALUE! | F15: 1.0335 | G15: =$G$2 -> 1.0325 | H15: 5 | I15: 3 | J15: 4 | L15: C | M15: D | N15: =LEFT(INDEX('2026_BannerMD_BMT_ALLO_RELA'!$A$1:$E$30,MATCH(H15,'2026_BannerMD_BMT_ALLO_RELA'!$A$1:$A$30),MATCH(I15,'2026_BannerMD_BMT_ALLO_RELA'!$A$1:$D$1)),30) -> FOLLOW UP CARE - From day 1 po | O15: 47378 | P15: =ROUND(O15*$G$2,0) -> 48918
A16: ='2026_BannerMD_BMT_ALLO_RELA'!$A$1 -> #VALUE! | B16: =IF(A16=A15,0,1) -> #VALUE! | C16: Banner Gateway | D16: {=RIGHT(INDIRECT(ADDRESS(6,2,,,$A16)),6)} -> #VALUE! | E16: {=RIGHT(INDIRECT(ADDRESS(4,2,,,$A16)),5)} -> #VALUE! | F16: 1.0335 | G16: =$G$2 -> 1.0325 | H16: 6 | I16: 3 | J16: 4 | L16: C | M16: D | N16: =LEFT(INDEX('2026_BannerMD_BMT_ALLO_RELA'!$A$1:$E$30,MATCH(H16,'2026_BannerMD_BMT_ALLO_RELA'!$A$1:$A$30),MATCH(I16,'2026_BannerMD_BMT_ALLO_RELA'!$A$1:$D$1)),30) -> FOLLOW UP CARE - From day 31 | O16: 14030 | P16: =ROUND(O16*$G$2,0) -> 14486
A17: ='2026_BannerMD_BMT_ALLO_RELA'!$A$1 -> #VALUE! | B17: =IF(A17=A16,0,1) -> #VALUE! | C17: Banner Gateway | D17: {=RIGHT(INDIRECT(ADDRESS(6,2,,,$A17)),6)} -> #VALUE! | E17: {=RIGHT(INDIRECT(ADDRESS(4,2,,,$A17)),5)} -> #VALUE! | F17: 1.0335 | G17: =$G$2 -> 1.0325 | H17: 7 | I17: 3 | J17: 4 | L17: C | M17: D | N17: =LEFT(INDEX('2026_BannerMD_BMT_ALLO_RELA'!$A$1:$E$30,MATCH(H17,'2026_BannerMD_BMT_ALLO_RELA'!$A$1:$A$30),MATCH(I17,'2026_BannerMD_BMT_ALLO_RELA'!$A$1:$D$1)),30) -> PER DIEM RATES for day 61+ of | O17: 2474 | P17: =ROUND(O17*$G$2,0) -> 2554
A18: ='2026_BannerMD_BMT_ALLO_RELA'!$A$1 -> #VALUE! | B18: =IF(A18=A17,0,1) -> #VALUE! | C18: Banner Gateway | D18: {=RIGHT(INDIRECT(ADDRESS(6,2,,,$A18)),6)} -> #VALUE! | E18: {=RIGHT(INDIRECT(ADDRESS(4,2,,,$A18)),5)} -> #VALUE! | F18: 1.0335 | G18: =$G$2 -> 1.0325 | H18: 8 | I18: 3 | J18: 4 | L18: C | M18: D | N18: =LEFT(INDEX('2026_BannerMD_BMT_ALLO_RELA'!$A$1:$E$30,MATCH(H18,'2026_BannerMD_BMT_ALLO_RELA'!$A$1:$A$30),MATCH(I18,'2026_BannerMD_BMT_ALLO_RELA'!$A$1:$D$1)),30) -> Days 11+/61+ paid at the per d | O18: 7263.18 | P18: =O18*$Q$2 -> 8014.1928 | Q18: retroactive adjustment
A19: ='2026_BannerMD_BMT_HAPLOID'!$A$1 -> #VALUE! | B19: =IF(A19=A18,0,1) -> #VALUE! | C19: Banner Gateway | D19: {=RIGHT(INDIRECT(ADDRESS(6,2,,,$A19)),6)} -> #VALUE! | E19: {=RIGHT(INDIRECT(ADDRESS(4,2,,,$A19)),5)} -> #VALUE! | F19: 1.0335 | G19: =$G$2 -> 1.0325 | H19: 1 | I19: 3 | J19: 4 | L19: C | M19: D | N19: =LEFT(INDEX('2026_BannerMD_BMT_HAPLOID'!$A$1:$E$30,MATCH(H19,'2026_BannerMD_BMT_HAPLOID'!$A$1:$A$30),MATCH(I19,'2026_BannerMD_BMT_HAPLOID'!$A$1:$D$1)),30) -> OUTPATIENT EVALUATION* - Initi | O19: 6636 | P19: =ROUND(O19*$G$2,0) -> 6852
A20: ='2026_BannerMD_BMT_HAPLOID'!$A$1 -> #VALUE! | B20: =IF(A20=A19,0,1) -> #VALUE! | C20: Banner Gateway | D20: {=RIGHT(INDIRECT(ADDRESS(6,2,,,$A20)),6)} -> #VALUE! | E20: {=RIGHT(INDIRECT(ADDRESS(4,2,,,$A20)),5)} -> #VALUE! | F20: 1.0335 | G20: =$G$2 -> 1.0325 | H20: 2 | I20: 3 | J20: 4 | L20: C | M20: D | N20: =LEFT(INDEX('2026_BannerMD_BMT_HAPLOID'!$A$1:$E$30,MATCH(H20,'2026_BannerMD_BMT_HAPLOID'!$A$1:$A$30),MATCH(I20,'2026_BannerMD_BMT_HAPLOID'!$A$1:$D$1)),30) -> DONOR SEARCH* (only 1 donor se | O20: 11713 | P20: =ROUND(O20*$G$2,0) -> 12094
A21: ='2026_BannerMD_BMT_HAPLOID'!$A$1 -> #VALUE! | B21: =IF(A21=A20,0,1) -> #VALUE! | C21: Banner Gateway | D21: {=RIGHT(INDIRECT(ADDRESS(6,2,,,$A21)),6)} -> #VALUE! | E21: {=RIGHT(INDIRECT(ADDRESS(4,2,,,$A21)),5)} -> #VALUE! | F21: 1.0335 | G21: =$G$2 -> 1.0325 | H21: 3 | I21: 3 | J21: 4 | L21: C | M21: D | N21: =LEFT(INDEX('2026_BannerMD_BMT_HAPLOID'!$A$1:$E$30,MATCH(H21,'2026_BannerMD_BMT_HAPLOID'!$A$1:$A$30),MATCH(I21,'2026_BannerMD_BMT_HAPLOID'!$A$1:$D$1)),30) -> DONOR HARVEST (includes stem c | O21: 17639 | P21: =ROUND(O21*$G$2,0) -> 18212
A22: ='2026_BannerMD_BMT_HAPLOID'!$A$1 -> #VALUE! | B22: =IF(A22=A21,0,1) -> #VALUE! | C22: Banner Gateway | D22: {=RIGHT(INDIRECT(ADDRESS(6,2,,,$A22)),6)} -> #VALUE! | E22: {=RIGHT(INDIRECT(ADDRESS(4,2,,,$A22)),5)} -> #VALUE! | F22: 1.0335 | G22: =$G$2 -> 1.0325 | H22: 4 | I22: 3 | J22: 4 | L22: C | M22: D | N22: =LEFT(INDEX('2026_BannerMD_BMT_HAPLOID'!$A$1:$E$30,MATCH(H22,'2026_BannerMD_BMT_HAPLOID'!$A$1:$A$30),MATCH(I22,'2026_BannerMD_BMT_HAPLOID'!$A$1:$D$1)),30) -> PREP AND TRANSPLANT | O22: 63808 | P22: =ROUND(O22*$G$2,0) -> 65882
A23: ='2026_BannerMD_BMT_HAPLOID'!$A$1 -> #VALUE! | B23: =IF(A23=A22,0,1) -> #VALUE! | C23: Banner Gateway | D23: {=RIGHT(INDIRECT(ADDRESS(6,2,,,$A23)),6)} -> #VALUE! | E23: {=RIGHT(INDIRECT(ADDRESS(4,2,,,$A23)),5)} -> #VALUE! | F23: 1.0335 | G23: =$G$2 -> 1.0325 | H23: 5 | I23: 3 | J23: 4 | L23: C | M23: D | N23: =LEFT(INDEX('2026_BannerMD_BMT_HAPLOID'!$A$1:$E$30,MATCH(H23,'2026_BannerMD_BMT_HAPLOID'!$A$1:$A$30),MATCH(I23,'2026_BannerMD_BMT_HAPLOID'!$A$1:$D$1)),30) -> FOLLOW UP CARE - From day 1 po | O23: 100789 | P23: =ROUND(O23*$G$2,0) -> 104065
A24: ='2026_BannerMD_BMT_HAPLOID'!$A$1 -> #VALUE! | B24: =IF(A24=A23,0,1) -> #VALUE! | C24: Banner Gateway | D24: {=RIGHT(INDIRECT(ADDRESS(6,2,,,$A24)),6)} -> #VALUE! | E24: {=RIGHT(INDIRECT(ADDRESS(4,2,,,$A24)),5)} -> #VALUE! | F24: 1.0335 | G24: =$G$2 -> 1.0325 | H24: 6 | I24: 3 | J24: 4 | L24: C | M24: D | N24: =LEFT(INDEX('2026_BannerMD_BMT_HAPLOID'!$A$1:$E$30,MATCH(H24,'2026_BannerMD_BMT_HAPLOID'!$A$1:$A$30),MATCH(I24,'2026_BannerMD_BMT_HAPLOID'!$A$1:$D$1)),30) -> FOLLOW UP CARE - From day 31 | O24: 33330 | P24: =ROUND(O24*$G$2,0) -> 34413
A25: ='2026_BannerMD_BMT_HAPLOID'!$A$1 -> #VALUE! | B25: =IF(A25=A24,0,1) -> #VALUE! | C25: Banner Gateway | D25: {=RIGHT(INDIRECT(ADDRESS(6,2,,,$A25)),6)} -> #VALUE! | E25: {=RIGHT(INDIRECT(ADDRESS(4,2,,,$A25)),5)} -> #VALUE! | F25: 1.0335 | G25: =$G$2 -> 1.0325 | H25: 7 | I25: 3 | J25: 4 | L25: C | M25: D | N25: =LEFT(INDEX('2026_BannerMD_BMT_HAPLOID'!$A$1:$E$30,MATCH(H25,'2026_BannerMD_BMT_HAPLOID'!$A$1:$A$30),MATCH(I25,'2026_BannerMD_BMT_HAPLOID'!$A$1:$D$1)),30) -> PER DIEM RATES for day 61+ of | O25: 2474 | P25: =ROUND(O25*$G$2,0) -> 2554
A26: ='2026_BannerMD_BMT_HAPLOID'!$A$1 -> #VALUE! | B26: =IF(A26=A25,0,1) -> #VALUE! | C26: Banner Gateway | D26: {=RIGHT(INDIRECT(ADDRESS(6,2,,,$A26)),6)} -> #VALUE! | E26: {=RIGHT(INDIRECT(ADDRESS(4,2,,,$A26)),5)} -> #VALUE! | F26: 1.0335 | G26: =$G$2 -> 1.0325 | H26: 8 | I26: 3 | J26: 4 | L26: C | M26: D | N26: =LEFT(INDEX('2026_BannerMD_BMT_HAPLOID'!$A$1:$E$30,MATCH(H26,'2026_BannerMD_BMT_HAPLOID'!$A$1:$A$30),MATCH(I26,'2026_BannerMD_BMT_HAPLOID'!$A$1:$D$1)),30) -> Days 11+/61+ paid at the per d | O26: 7263.18 | P26: =O26*$Q$2 -> 8014.1928 | Q26: retroactive adjustment
A27: ='2026_BannerMD_BMT_HAPLOID'!$A$1 -> #VALUE! | B27: =IF(A27=A26,0,1) -> #VALUE! | C27: Banner Gateway | D27: {=RIGHT(INDIRECT(ADDRESS(6,2,,,$A27)),6)} -> #VALUE! | E27: {=RIGHT(INDIRECT(ADDRESS(4,2,,,$A27)),5)} -> #VALUE! | F27: 1.0335 | G27: =$G$2 -> 1.0325 | H27: 9 | I27: 3 | J27: 4 | L27: C | M27: D | N27: =LEFT(INDEX('2026_BannerMD_BMT_HAPLOID'!$A$1:$E$30,MATCH(H27,'2026_BannerMD_BMT_HAPLOID'!$A$1:$A$30),MATCH(I27,'2026_BannerMD_BMT_HAPLOID'!$A$1:$D$1)),30) -> Outliers: Haploid Related case | O27: 308832.54 | P27: =O27*$G$2 -> 318869.59 | Q27: outlier threshold
A28: ='2026_BannerMD_BMT_HAPLOID'!$A$1 -> #VALUE! | B28: =IF(A28=A27,0,1) -> #VALUE! | C28: Banner Gateway | D28: {=RIGHT(INDIRECT(ADDRESS(6,2,,,$A28)),6)} -> #VALUE! | E28: {=RIGHT(INDIRECT(ADDRESS(4,2,,,$A28)),5)} -> #VALUE! | F28: 1.0335 | G28: =$G$2 -> 1.0325 | H28: 10 | I28: 3 | J28: 4 | L28: C | M28: D | N28: =LEFT(INDEX('2026_BannerMD_BMT_HAPLOID'!$A$1:$E$30,MATCH(H28,'2026_BannerMD_BMT_HAPLOID'!$A$1:$A$30),MATCH(I28,'2026_BannerMD_BMT_HAPLOID'!$A$1:$D$1)),30) -> Rate Above Threshold | O28: 0.5 | P28: =O28 -> 0.5 | Q28: no adjustment
A29: ='2026_BannerMD_BMT_ALLO_UNREL'!$A$1 -> #VALUE! | B29: =IF(A29=A28,0,1) -> #VALUE! | C29: Banner Gateway | D29: {=RIGHT(INDIRECT(ADDRESS(6,2,,,$A29)),6)} -> #VALUE! | E29: {=RIGHT(INDIRECT(ADDRESS(4,2,,,$A29)),5)} -> #VALUE! | F29: 1.0335 | G29: =$G$2 -> 1.0325 | H29: 1 | I29: 3 | J29: 4 | L29: C | M29: D | N29: =LEFT(INDEX('2026_BannerMD_BMT_ALLO_UNREL'!$A$1:$E$30,MATCH(H29,'2026_BannerMD_BMT_ALLO_UNREL'!$A$1:$A$30),MATCH(I29,'2026_BannerMD_BMT_ALLO_UNREL'!$A$1:$D$1)),30) -> OUTPATIENT EVALUATION* - Initi | O29: 4617 | P29: =ROUND(O29*$G$2,0) -> 4767
A30: ='2026_BannerMD_BMT_ALLO_UNREL'!$A$1 -> #VALUE! | B30: =IF(A30=A29,0,1) -> #VALUE! | C30: Banner Gateway | D30: {=RIGHT(INDIRECT(ADDRESS(6,2,,,$A30)),6)} -> #VALUE! | E30: {=RIGHT(INDIRECT(ADDRESS(4,2,,,$A30)),5)} -> #VALUE! | F30: 1.0335 | G30: =$G$2 -> 1.0325 | H30: 2 | I30: 3 | J30: 4 | L30: C | M30: D | N30: =LEFT(INDEX('2026_BannerMD_BMT_ALLO_UNREL'!$A$1:$E$30,MATCH(H30,'2026_BannerMD_BMT_ALLO_UNREL'!$A$1:$A$30),MATCH(I30,'2026_BannerMD_BMT_ALLO_UNREL'!$A$1:$D$1)),30) -> UNRELATED DONOR SEARCH | O30: 7133 | P30: =ROUND(O30*$G$2,0) -> 7365
A31: ='2026_BannerMD_BMT_ALLO_UNREL'!$A$1 -> #VALUE! | B31: =IF(A31=A30,0,1) -> #VALUE! | C31: Banner Gateway | D31: {=RIGHT(INDIRECT(ADDRESS(6,2,,,$A31)),6)} -> #VALUE! | E31: {=RIGHT(INDIRECT(ADDRESS(4,2,,,$A31)),5)} -> #VALUE! | F31: 1.0335 | G31: =$G$2 -> 1.0325 | H31: 3 | I31: 3 | J31: 4 | L31: C | M31: D | N31: =LEFT(INDEX('2026_BannerMD_BMT_ALLO_UNREL'!$A$1:$E$30,MATCH(H31,'2026_BannerMD_BMT_ALLO_UNREL'!$A$1:$A$30),MATCH(I31,'2026_BannerMD_BMT_ALLO_UNREL'!$A$1:$D$1)),30) -> DONOR HARVEST (includes stem c | O31: NBMD or Cord blood Invoice Cost | P31: =O31 -> NBMD or Cord blood Invoice Cost | Q31: no adjustment
A32: ='2026_BannerMD_BMT_ALLO_UNREL'!$A$1 -> #VALUE! | B32: =IF(A32=A31,0,1) -> #VALUE! | C32: Banner Gateway | D32: {=RIGHT(INDIRECT(ADDRESS(6,2,,,$A32)),6)} -> #VALUE! | E32: {=RIGHT(INDIRECT(ADDRESS(4,2,,,$A32)),5)} -> #VALUE! | F32: 1.0335 | G32: =$G$2 -> 1.0325 | H32: 4 | I32: 3 | J32: 4 | L32: C | M32: D | N32: =LEFT(INDEX('2026_BannerMD_BMT_ALLO_UNREL'!$A$1:$E$30,MATCH(H32,'2026_BannerMD_BMT_ALLO_UNREL'!$A$1:$A$30),MATCH(I32,'2026_BannerMD_BMT_ALLO_UNREL'!$A$1:$D$1)),30) -> PREP AND TRANSPLANT | O32: 110859 | P32: =ROUND(O32*$G$2,0) -> 114462
A33: ='2026_BannerMD_BMT_ALLO_UNREL'!$A$1 -> #VALUE! | B33: =IF(A33=A32,0,1) -> #VALUE! | C33: Banner Gateway | D33: {=RIGHT(INDIRECT(ADDRESS(6,2,,,$A33)),6)} -> #VALUE! | E33: {=RIGHT(INDIRECT(ADDRESS(4,2,,,$A33)),5)} -> #VALUE! | F33: 1.0335 | G33: =$G$2 -> 1.0325 | H33: 5 | I33: 3 | J33: 4 | L33: C | M33: D | N33: =LEFT(INDEX('2026_BannerMD_BMT_ALLO_UNREL'!$A$1:$E$30,MATCH(H33,'2026_BannerMD_BMT_ALLO_UNREL'!$A$1:$A$30),MATCH(I33,'2026_BannerMD_BMT_ALLO_UNREL'!$A$1:$D$1)),30) -> FOLLOW UP CARE - From day 1 po | O33: 61294 | P33: =ROUND(O33*$G$2,0) -> 63286
A34: ='2026_BannerMD_BMT_ALLO_UNREL'!$A$1 -> #VALUE! | B34: =IF(A34=A33,0,1) -> #VALUE! | C34: Banner Gateway | D34: {=RIGHT(INDIRECT(ADDRESS(6,2,,,$A34)),6)} -> #VALUE! | E34: {=RIGHT(INDIRECT(ADDRESS(4,2,,,$A34)),5)} -> #VALUE! | F34: 1.0335 | G34: =$G$2 -> 1.0325 | H34: 6 | I34: 3 | J34: 4 | L34: C | M34: D | N34: =LEFT(INDEX('2026_BannerMD_BMT_ALLO_UNREL'!$A$1:$E$30,MATCH(H34,'2026_BannerMD_BMT_ALLO_UNREL'!$A$1:$A$30),MATCH(I34,'2026_BannerMD_BMT_ALLO_UNREL'!$A$1:$D$1)),30) -> FOLLOW UP CARE - From day 31 | O34: 36823 | P34: =ROUND(O34*$G$2,0) -> 38020
A35: ='2026_BannerMD_BMT_ALLO_UNREL'!$A$1 -> #VALUE! | B35: =IF(A35=A34,0,1) -> #VALUE! | C35: Banner Gateway | D35: {=RIGHT(INDIRECT(ADDRESS(6,2,,,$A35)),6)} -> #VALUE! | E35: {=RIGHT(INDIRECT(ADDRESS(4,2,,,$A35)),5)} -> #VALUE! | F35: 1.0335 | G35: =$G$2 -> 1.0325 | H35: 7 | I35: 3 | J35: 4 | L35: C | M35: D | N35: =LEFT(INDEX('2026_BannerMD_BMT_ALLO_UNREL'!$A$1:$E$30,MATCH(H35,'2026_BannerMD_BMT_ALLO_UNREL'!$A$1:$A$30),MATCH(I35,'2026_BannerMD_BMT_ALLO_UNREL'!$A$1:$D$1)),30) -> PER DIEM RATES for day 61+ of | O35: 2474 | P35: =ROUND(O35*$G$2,0) -> 2554
A36: ='2026_BannerMD_BMT_ALLO_UNREL'!$A$1 -> #VALUE! | B36: =IF(A36=A35,0,1) -> #VALUE! | C36: Banner Gateway | D36: {=RIGHT(INDIRECT(ADDRESS(6,2,,,$A36)),6)} -> #VALUE! | E36: {=RIGHT(INDIRECT(ADDRESS(4,2,,,$A36)),5)} -> #VALUE! | F36: 1.0335 | G36: =$G$2 -> 1.0325 | H36: 8 | I36: 3 | J36: 4 | L36: C | M36: D | N36: =LEFT(INDEX('2026_BannerMD_BMT_ALLO_UNREL'!$A$1:$E$30,MATCH(H36,'2026_BannerMD_BMT_ALLO_UNREL'!$A$1:$A$30),MATCH(I36,'2026_BannerMD_BMT_ALLO_UNREL'!$A$1:$D$1)),30) -> Days 11+/61+ paid at the per d | O36: 7263.18 | P36: =O36*$Q$2 -> 8014.1928 | Q36: retroactive adjustment
A37: ='2026_BannerMD_BMT_ALLO_UNREL'!$A$1 -> #VALUE! | B37: =IF(A37=A36,0,1) -> #VALUE! | C37: Banner Gateway | D37: {=RIGHT(INDIRECT(ADDRESS(6,2,,,$A37)),6)} -> #VALUE! | E37: {=RIGHT(INDIRECT(ADDRESS(4,2,,,$A37)),5)} -> #VALUE! | F37: 1.0335 | G37: =$G$2 -> 1.0325 | H37: 9 | I37: 3 | J37: 4 | L37: C | M37: D | N37: =LEFT(INDEX('2026_BannerMD_BMT_ALLO_UNREL'!$A$1:$E$30,MATCH(H37,'2026_BannerMD_BMT_ALLO_UNREL'!$A$1:$A$30),MATCH(I37,'2026_BannerMD_BMT_ALLO_UNREL'!$A$1:$D$1)),30) -> Outliers: Matched unrelated al | O37: 273197 | P37: =ROUND(O37*$G$2,0) -> 282076 | Q37: outlier threshold
A38: ='2026_BannerMD_BMT_ALLO_UNREL'!$A$1 -> #VALUE! | B38: =IF(A38=A37,0,1) -> #VALUE! | C38: Banner Gateway | D38: {=RIGHT(INDIRECT(ADDRESS(6,2,,,$A38)),6)} -> #VALUE! | E38: {=RIGHT(INDIRECT(ADDRESS(4,2,,,$A38)),5)} -> #VALUE! | F38: 1.0335 | G38: =$G$2 -> 1.0325 | H38: 10 | I38: 3 | J38: 4 | L38: C | M38: D | N38: =LEFT(INDEX('2026_BannerMD_BMT_ALLO_UNREL'!$A$1:$E$30,MATCH(H38,'2026_BannerMD_BMT_ALLO_UNREL'!$A$1:$A$30),MATCH(I38,'2026_BannerMD_BMT_ALLO_UNREL'!$A$1:$D$1)),30) -> Rate Above Threshold | O38: 0.5 | P38: =O38 -> 0.5 | Q38: no adjustment
A39: ='2026_BannerMD_TBI'!$A$1 -> #VALUE! | B39: =IF(A39=A38,0,1) -> #VALUE! | C39: Banner Gateway | D39: {=RIGHT(INDIRECT(ADDRESS(6,2,,,$A39)),6)} -> #VALUE! | E39: {=RIGHT(INDIRECT(ADDRESS(4,2,,,$A39)),5)} -> #VALUE! | F39: 1.0335 | G39: =$G$2 -> 1.0325 | H39: 1 | I39: 3 | J39: 4 | L39: C | M39: D | N39: =LEFT(INDEX('2026_BannerMD_TBI'!$A$1:$E$30,MATCH(H39,'2026_BannerMD_TBI'!$A$1:$A$30),MATCH(I39,'2026_BannerMD_TBI'!$A$1:$D$1)),30) -> TOTAL BODY IRRADIATION (TBI) | O39: 7818 | P39: =ROUND(O39*$G$2,0) -> 8072
A40: ='2026_BUMCP_HEART'!$A$1 -> #VALUE! | B40: =IF(A40=A39,0,1) -> #VALUE! | C40: Banner U Phoenix | D40: {=RIGHT(INDIRECT(ADDRESS(6,2,,,$A40)),6)} -> #VALUE! | E40: {=RIGHT(INDIRECT(ADDRESS(4,2,,,$A40)),5)} -> #VALUE! | F40: 1.0335 | G40: =$G$2 -> 1.0325 | H40: 1 | I40: 3 | J40: 4 | L40: C | M40: D | N40: =LEFT(INDEX('2026_BUMCP_HEART'!$A$1:$E$30,MATCH(H40,'2026_BUMCP_HEART'!$A$1:$A$30),MATCH(I40,'2026_BUMCP_HEART'!$A$1:$D$1)),30) -> OUTPATIENT EVALUATION* - Initi | O40: 10119 | P40: =ROUND(O40*$G$2,0) -> 10448
A41: ='2026_BUMCP_HEART'!$A$1 -> #VALUE! | B41: =IF(A41=A40,0,1) -> #VALUE! | C41: Banner U Phoenix | D41: {=RIGHT(INDIRECT(ADDRESS(6,2,,,$A41)),6)} -> #VALUE! | E41: {=RIGHT(INDIRECT(ADDRESS(4,2,,,$A41)),5)} -> #VALUE! | F41: 1.0335 | G41: =$G$2 -> 1.0325 | H41: 2 | I41: 3 | J41: 4 | L41: C | M41: D | N41: =LEFT(INDEX('2026_BUMCP_HEART'!$A$1:$E$30,MATCH(H41,'2026_BUMCP_HEART'!$A$1:$A$30),MATCH(I41,'2026_BUMCP_HEART'!$A$1:$D$1)),30) -> PREP AND TRANSPLANT | O41: 126167 | P41: =ROUND(O41*$G$2,0) -> 130267
A42: ='2026_BUMCP_HEART'!$A$1 -> #VALUE! | B42: =IF(A42=A41,0,1) -> #VALUE! | C42: Banner U Phoenix | D42: {=RIGHT(INDIRECT(ADDRESS(6,2,,,$A42)),6)} -> #VALUE! | E42: {=RIGHT(INDIRECT(ADDRESS(4,2,,,$A42)),5)} -> #VALUE! | F42: 1.0335 | G42: =$G$2 -> 1.0325 | H42: 3 | I42: 3 | J42: 4 | L42: C | M42: D | N42: =LEFT(INDEX('2026_BUMCP_HEART'!$A$1:$E$30,MATCH(H42,'2026_BUMCP_HEART'!$A$1:$A$30),MATCH(I42,'2026_BUMCP_HEART'!$A$1:$D$1)),30) -> FOLLOW UP CARE - From day 1 po | O42: 95554 | P42: =ROUND(O42*$G$2,0) -> 98660
A43: ='2026_BUMCP_HEART'!$A$1 -> #VALUE! | B43: =IF(A43=A42,0,1) -> #VALUE! | C43: Banner U Phoenix | D43: {=RIGHT(INDIRECT(ADDRESS(6,2,,,$A43)),6)} -> #VALUE! | E43: {=RIGHT(INDIRECT(ADDRESS(4,2,,,$A43)),5)} -> #VALUE! | F43: 1.0335 | G43: =$G$2 -> 1.0325 | H43: 4 | I43: 3 | J43: 4 | L43: C | M43: D | N43: =LEFT(INDEX('2026_BUMCP_HEART'!$A$1:$E$30,MATCH(H43,'2026_BUMCP_HEART'!$A$1:$A$30),MATCH(I43,'2026_BUMCP_HEART'!$A$1:$D$1)),30) -> FOLLOW UP CARE - From day 31 | O43: 40609 | P43: =ROUND(O43*$G$2,0) -> 41929
A44: ='2026_BUMCP_HEART'!$A$1 -> #VALUE! | B44: =IF(A44=A43,0,1) -> #VALUE! | C44: Banner U Phoenix | D44: {=RIGHT(INDIRECT(ADDRESS(6,2,,,$A44)),6)} -> #VALUE! | E44: {=RIGHT(INDIRECT(ADDRESS(4,2,,,$A44)),5)} -> #VALUE! | F44: 1.0335 | G44: =$G$2 -> 1.0325 | H44: 5 | I44: 3 | J44: 4 | L44: C | M44: D | N44: =LEFT(INDEX('2026_BUMCP_HEART'!$A$1:$E$30,MATCH(H44,'2026_BUMCP_HEART'!$A$1:$A$30),MATCH(I44,'2026_BUMCP_HEART'!$A$1:$D$1)),30) -> PER DIEM RATES for day 61+ of | O44: 2474 | P44: =ROUND(O44*$G$2,0) -> 2554
A45: ='2026_BUMCP_HEART'!$A$1 -> #VALUE! | B45: =IF(A45=A44,0,1) -> #VALUE! | C45: Banner U Phoenix | D45: {=RIGHT(INDIRECT(ADDRESS(6,2,,,$A45)),6)} -> #VALUE! | E45: {=RIGHT(INDIRECT(ADDRESS(4,2,,,$A45)),5)} -> #VALUE! | F45: 1.0335 | G45: =$G$2 -> 1.0325 | H45: 6 | I45: 3 | J45: 4 | L45: C | M45: D | N45: =LEFT(INDEX('2026_BUMCP_HEART'!$A$1:$E$30,MATCH(H45,'2026_BUMCP_HEART'!$A$1:$A$30),MATCH(I45,'2026_BUMCP_HEART'!$A$1:$D$1)),30) -> Days 11+/61+ paid at the per d | O45: 7263.18 | P45: =O45*$Q$2 -> 8014.1928 | Q45: retroactive adjustment
A46: ='2026_BUMCP_HEART'!$A$1 -> #VALUE! | B46: =IF(A46=A45,0,1) -> #VALUE! | C46: Banner U Phoenix | D46: {=RIGHT(INDIRECT(ADDRESS(6,2,,,$A46)),6)} -> #VALUE! | E46: {=RIGHT(INDIRECT(ADDRESS(4,2,,,$A46)),5)} -> #VALUE! | F46: 1.0335 | G46: =$G$2 -> 1.0325 | H46: 7 | I46: 3 | J46: 4 | L46: C | M46: D | N46: =LEFT(INDEX('2026_BUMCP_HEART'!$A$1:$E$30,MATCH(H46,'2026_BUMCP_HEART'!$A$1:$A$30),MATCH(I46,'2026_BUMCP_HEART'!$A$1:$D$1)),30) -> **Heart cases will be reimburs | O46: 344467 | P46: =ROUND(O46*$G$2,0) -> 355662 | Q46: outlier threshold
A47: ='2026_BUMCP_HEART'!$A$1 -> #VALUE! | B47: =IF(A47=A46,0,1) -> #VALUE! | C47: Banner U Phoenix | D47: {=RIGHT(INDIRECT(ADDRESS(6,2,,,$A47)),6)} -> #VALUE! | E47: {=RIGHT(INDIRECT(ADDRESS(4,2,,,$A47)),5)} -> #VALUE! | F47: 1.0335 | G47: =$G$2 -> 1.0325 | H47: 8 | I47: 3 | J47: 4 | L47: C | M47: D | N47: =LEFT(INDEX('2026_BUMCP_HEART'!$A$1:$E$30,MATCH(H47,'2026_BUMCP_HEART'!$A$1:$A$30),MATCH(I47,'2026_BUMCP_HEART'!$A$1:$D$1)),30) -> Rate Above Threshold | O47: 0.5 | P47: =O47 -> 0.5 | Q47: no adjustment
A48: ='2026_BUMCP_KIDNEY_CADAVERIC'!$A$1 -> #VALUE! | B48: =IF(A48=A47,0,1) -> #VALUE! | C48: Banner U Phoenix | D48: {=RIGHT(INDIRECT(ADDRESS(6,2,,,$A48)),6)} -> #VALUE! | E48: {=RIGHT(INDIRECT(ADDRESS(4,2,,,$A48)),5)} -> #VALUE! | F48: 1.0335 | G48: =$G$2 -> 1.0325 | H48: 1 | I48: 3 | J48: 4 | L48: C | M48: D | N48: =LEFT(INDEX('2026_BUMCP_KIDNEY_CADAVERIC'!$A$1:$E$30,MATCH($H48,'2026_BUMCP_KIDNEY_CADAVERIC'!$A$1:$A$30),MATCH(I48,'2026_BUMCP_KIDNEY_CADAVERIC'!$A$1:$D$1)),30) -> OUTPATIENT EVALUATION* - Initi | O48: 5160 | P48: =ROUND(O48*$G$2,0) -> 5328
A49: ='2026_BUMCP_KIDNEY_CADAVERIC'!$A$1 -> #VALUE! | B49: =IF(A49=A48,0,1) -> #VALUE! | C49: Banner U Phoenix | D49: {=RIGHT(INDIRECT(ADDRESS(6,2,,,$A49)),6)} -> #VALUE! | E49: {=RIGHT(INDIRECT(ADDRESS(4,2,,,$A49)),5)} -> #VALUE! | F49: 1.0335 | G49: =$G$2 -> 1.0325 | H49: 2 | I49: 3 | J49: 4 | L49: C | M49: D | N49: =LEFT(INDEX('2026_BUMCP_KIDNEY_CADAVERIC'!$A$1:$E$30,MATCH($H49,'2026_BUMCP_KIDNEY_CADAVERIC'!$A$1:$A$30),MATCH(I49,'2026_BUMCP_KIDNEY_CADAVERIC'!$A$1:$D$1)),30) -> PREP & TRANSPLANT UP TO AND IN | O49: 122190 | P49: =ROUND(O49*$G$2,0) -> 126161
A50: ='2026_BUMCP_KIDNEY_CADAVERIC'!$A$1 -> #VALUE! | B50: =IF(A50=A49,0,1) -> #VALUE! | C50: Banner U Phoenix | D50: {=RIGHT(INDIRECT(ADDRESS(6,2,,,$A50)),6)} -> #VALUE! | E50: {=RIGHT(INDIRECT(ADDRESS(4,2,,,$A50)),5)} -> #VALUE! | F50: 1.0335 | G50: =$G$2 -> 1.0325 | H50: 3 | I50: 3 | J50: 4 | L50: C | M50: D | N50: =LEFT(INDEX('2026_BUMCP_KIDNEY_CADAVERIC'!$A$1:$E$30,MATCH($H50,'2026_BUMCP_KIDNEY_CADAVERIC'!$A$1:$A$30),MATCH(I50,'2026_BUMCP_KIDNEY_CADAVERIC'!$A$1:$D$1)),30) -> PER DIEM RATES for day 11+ of | O50: 2474 | P50: =ROUND(O50*$G$2,0) -> 2554
A51: ='2026_BUMCP_KIDNEY_CADAVERIC'!$A$1 -> #VALUE! | B51: =IF(A51=A50,0,1) -> #VALUE! | C51: Banner U Phoenix | D51: {=RIGHT(INDIRECT(ADDRESS(6,2,,,$A51)),6)} -> #VALUE! | E51: {=RIGHT(INDIRECT(ADDRESS(4,2,,,$A51)),5)} -> #VALUE! | F51: 1.0335 | G51: =$G$2 -> 1.0325 | H51: 4 | I51: 3 | J51: 4 | L51: C | M51: D | N51: =LEFT(INDEX('2026_BUMCP_KIDNEY_CADAVERIC'!$A$1:$E$30,MATCH($H51,'2026_BUMCP_KIDNEY_CADAVERIC'!$A$1:$A$30),MATCH(I51,'2026_BUMCP_KIDNEY_CADAVERIC'!$A$1:$D$1)),30) -> Days 11+/61+ paid at the per d | O51: 7263.18 | P51: =O51*$Q$2 -> 8014.1928 | Q51: retroactive adjustment
A52: ='2026_BUMCP_KIDNEY_LIVING'!$A$1 -> #VALUE! | B52: =IF(A52=A51,0,1) -> #VALUE! | C52: Banner U Phoenix | D52: {=RIGHT(INDIRECT(ADDRESS(6,2,,,$A52)),6)} -> #VALUE! | E52: {=RIGHT(INDIRECT(ADDRESS(4,2,,,$A52)),5)} -> #VALUE! | F52: 1.0335 | G52: =$G$2 -> 1.0325 | H52: 1 | I52: 3 | J52: 4 | L52: C | M52: D | N52: =LEFT(INDEX('2026_BUMCP_KIDNEY_LIVING'!$A$1:$E$30,MATCH($H52,'2026_BUMCP_KIDNEY_LIVING'!$A$1:$A$30),MATCH(I52,'2026_BUMCP_KIDNEY_LIVING'!$A$1:$D$1)),30) -> OUTPATIENT EVALUATION* - Initi | O52: 5160 | P52: =ROUND(O52*$G$2,0) -> 5328
A53: ='2026_BUMCP_KIDNEY_LIVING'!$A$1 -> #VALUE! | B53: =IF(A53=A52,0,1) -> #VALUE! | C53: Banner U Phoenix | D53: {=RIGHT(INDIRECT(ADDRESS(6,2,,,$A53)),6)} -> #VALUE! | E53: {=RIGHT(INDIRECT(ADDRESS(4,2,,,$A53)),5)} -> #VALUE! | F53: 1.0335 | G53: =$G$2 -> 1.0325 | H53: 2 | I53: 3 | J53: 4 | L53: C | M53: D | N53: =LEFT(INDEX('2026_BUMCP_KIDNEY_LIVING'!$A$1:$E$30,MATCH($H53,'2026_BUMCP_KIDNEY_LIVING'!$A$1:$A$30),MATCH(I53,'2026_BUMCP_KIDNEY_LIVING'!$A$1:$D$1)),30) -> PREP & TRANSPLANT UP TO AND IN | O53: 122190 | P53: =ROUND(O53*$G$2,0) -> 126161
A54: ='2026_BUMCP_KIDNEY_LIVING'!$A$1 -> #VALUE! | B54: =IF(A54=A53,0,1) -> #VALUE! | C54: Banner U Phoenix | D54: {=RIGHT(INDIRECT(ADDRESS(6,2,,,$A54)),6)} -> #VALUE! | E54: {=RIGHT(INDIRECT(ADDRESS(4,2,,,$A54)),5)} -> #VALUE! | F54: 1.0335 | G54: =$G$2 -> 1.0325 | H54: 3 | I54: 3 | J54: 4 | L54: C | M54: D | N54: =LEFT(INDEX('2026_BUMCP_KIDNEY_LIVING'!$A$1:$E$30,MATCH($H54,'2026_BUMCP_KIDNEY_LIVING'!$A$1:$A$30),MATCH(I54,'2026_BUMCP_KIDNEY_LIVING'!$A$1:$D$1)),30) -> LIVING DONOR SURGERY AND INPAT | O54: 19378 | P54: =ROUND(O54*$G$2,0) -> 20008
A55: ='2026_BUMCP_KIDNEY_LIVING'!$A$1 -> #VALUE! | B55: =IF(A55=A54,0,1) -> #VALUE! | C55: Banner U Phoenix | D55: {=RIGHT(INDIRECT(ADDRESS(6,2,,,$A55)),6)} -> #VALUE! | E55: {=RIGHT(INDIRECT(ADDRESS(4,2,,,$A55)),5)} -> #VALUE! | F55: 1.0335 | G55: =$G$2 -> 1.0325 | H55: 4 | I55: 3 | J55: 4 | L55: C | M55: D | N55: =LEFT(INDEX('2026_BUMCP_KIDNEY_LIVING'!$A$1:$E$30,MATCH($H55,'2026_BUMCP_KIDNEY_LIVING'!$A$1:$A$30),MATCH(I55,'2026_BUMCP_KIDNEY_LIVING'!$A$1:$D$1)),30) -> PER DIEM RATES for day 11+ of | O55: 2474 | P55: =ROUND(O55*$G$2,0) -> 2554
A56: ='2026_BUMCP_KIDNEY_LIVING'!$A$1 -> #VALUE! | B56: =IF(A56=A55,0,1) -> #VALUE! | C56: Banner U Phoenix | D56: {=RIGHT(INDIRECT(ADDRESS(6,2,,,$A56)),6)} -> #VALUE! | E56: {=RIGHT(INDIRECT(ADDRESS(4,2,,,$A56)),5)} -> #VALUE! | F56: 1.0335 | G56: =$G$2 -> 1.0325 | H56: 5 | I56: 3 | J56: 4 | L56: C | M56: D | N56: =LEFT(INDEX('2026_BUMCP_KIDNEY_LIVING'!$A$1:$E$30,MATCH($H56,'2026_BUMCP_KIDNEY_LIVING'!$A$1:$A$30),MATCH(I56,'2026_BUMCP_KIDNEY_LIVING'!$A$1:$D$1)),30) -> Days 11+/61+ paid at the per d | O56: 7263.18 | P56: =O56*$Q$2 -> 8014.1928 | Q56: retroactive adjustment
A57: ='2026_BUMCP_PANCREA_AFTER_KDY'!$A$1 -> #VALUE! | B57: =IF(A57=A56,0,1) -> #VALUE! | C57: Banner U Phoenix | D57: {=RIGHT(INDIRECT(ADDRESS(6,2,,,$A57)),6)} -> #VALUE! | E57: {=RIGHT(INDIRECT(ADDRESS(4,2,,,$A57)),5)} -> #VALUE! | F57: 1.0335 | G57: =$G$2 -> 1.0325 | H57: 1 | I57: 3 | J57: 4 | L57: C | M57: D | N57: =LEFT(INDEX('2026_BUMCP_PANCREA_AFTER_KDY'!$A$1:$E$30,MATCH($H57,'2026_BUMCP_PANCREA_AFTER_KDY'!$A$1:$A$30),MATCH(I57,'2026_BUMCP_PANCREA_AFTER_KDY'!$A$1:$D$1)),30) -> OUTPATIENT EVALUATION* - Initi | O57: 3722 | P57: =ROUND(O57*$G$2,0) -> 3843
A58: ='2026_BUMCP_PANCREA_AFTER_KDY'!$A$1 -> #VALUE! | B58: =IF(A58=A57,0,1) -> #VALUE! | C58: Banner U Phoenix | D58: {=RIGHT(INDIRECT(ADDRESS(6,2,,,$A58)),6)} -> #VALUE! | E58: {=RIGHT(INDIRECT(ADDRESS(4,2,,,$A58)),5)} -> #VALUE! | F58: 1.0335 | G58: =$G$2 -> 1.0325 | H58: 2 | I58: 3 | J58: 4 | L58: C | M58: D | N58: =LEFT(INDEX('2026_BUMCP_PANCREA_AFTER_KDY'!$A$1:$E$30,MATCH($H58,'2026_BUMCP_PANCREA_AFTER_KDY'!$A$1:$A$30),MATCH(I58,'2026_BUMCP_PANCREA_AFTER_KDY'!$A$1:$D$1)),30) -> PREP AND TRANSPLANT | O58: 92657 | P58: =ROUND(O58*$G$2,0) -> 95668
A59: ='2026_BUMCP_PANCREA_AFTER_KDY'!$A$1 -> #VALUE! | B59: =IF(A59=A58,0,1) -> #VALUE! | C59: Banner U Phoenix | D59: {=RIGHT(INDIRECT(ADDRESS(6,2,,,$A59)),6)} -> #VALUE! | E59: {=RIGHT(INDIRECT(ADDRESS(4,2,,,$A59)),5)} -> #VALUE! | F59: 1.0335 | G59: =$G$2 -> 1.0325 | H59: 3 | I59: 3 | J59: 4 | L59: C | M59: D | N59: =LEFT(INDEX('2026_BUMCP_PANCREA_AFTER_KDY'!$A$1:$E$30,MATCH($H59,'2026_BUMCP_PANCREA_AFTER_KDY'!$A$1:$A$30),MATCH(I59,'2026_BUMCP_PANCREA_AFTER_KDY'!$A$1:$D$1)),30) -> FOLLOW UP CARE - From day 1 po | O59: 41209 | P59: =ROUND(O59*$G$2,0) -> 42548
A60: ='2026_BUMCP_PANCREA_AFTER_KDY'!$A$1 -> #VALUE! | B60: =IF(A60=A59,0,1) -> #VALUE! | C60: Banner U Phoenix | D60: {=RIGHT(INDIRECT(ADDRESS(6,2,,,$A60)),6)} -> #VALUE! | E60: {=RIGHT(INDIRECT(ADDRESS(4,2,,,$A60)),5)} -> #VALUE! | F60: 1.0335 | G60: =$G$2 -> 1.0325 | H60: 4 | I60: 3 | J60: 4 | L60: C | M60: D | N60: =LEFT(INDEX('2026_BUMCP_PANCREA_AFTER_KDY'!$A$1:$E$30,MATCH($H60,'2026_BUMCP_PANCREA_AFTER_KDY'!$A$1:$A$30),MATCH(I60,'2026_BUMCP_PANCREA_AFTER_KDY'!$A$1:$D$1)),30) -> FOLLOW UP CARE - From day 31 t | O60: 8970 | P60: =ROUND(O60*$G$2,0) -> 9262
A61: ='2026_BUMCP_PANCREA_AFTER_KDY'!$A$1 -> #VALUE! | B61: =IF(A61=A60,0,1) -> #VALUE! | C61: Banner U Phoenix | D61: {=RIGHT(INDIRECT(ADDRESS(6,2,,,$A61)),6)} -> #VALUE! | E61: {=RIGHT(INDIRECT(ADDRESS(4,2,,,$A61)),5)} -> #VALUE! | F61: 1.0335 | G61: =$G$2 -> 1.0325 | H61: 5 | I61: 3 | J61: 4 | L61: C | M61: D | N61: =LEFT(INDEX('2026_BUMCP_PANCREA_AFTER_KDY'!$A$1:$E$30,MATCH($H61,'2026_BUMCP_PANCREA_AFTER_KDY'!$A$1:$A$30),MATCH(I61,'2026_BUMCP_PANCREA_AFTER_KDY'!$A$1:$D$1)),30) -> PER DIEM RATES for day 61+ of | O61: 2474 | P61: =ROUND(O61*$G$2,0) -> 2554
A62: ='2026_BUMCP_PANCREA_AFTER_KDY'!$A$1 -> #VALUE! | B62: =IF(A62=A61,0,1) -> #VALUE! | C62: Banner U Phoenix | D62: {=RIGHT(INDIRECT(ADDRESS(6,2,,,$A62)),6)} -> #VALUE! | E62: {=RIGHT(INDIRECT(ADDRESS(4,2,,,$A62)),5)} -> #VALUE! | F62: 1.0335 | G62: =$G$2 -> 1.0325 | H62: 6 | I62: 3 | J62: 4 | L62: C | M62: D | N62: =LEFT(INDEX('2026_BUMCP_PANCREA_AFTER_KDY'!$A$1:$E$30,MATCH($H62,'2026_BUMCP_PANCREA_AFTER_KDY'!$A$1:$A$30),MATCH(I62,'2026_BUMCP_PANCREA_AFTER_KDY'!$A$1:$D$1)),30) -> Days 11+/61+ paid at the per d | O62: 7263.18 | P62: =O62*$Q$2 -> 8014.1928 | Q62: retroactive adjustment
A63: ='2026_BUMCP_SIM_KIDNEY_PANCR'!$A$1 -> #VALUE! | B63: =IF(A63=A62,0,1) -> #VALUE! | C63: Banner U Phoenix | D63: {=RIGHT(INDIRECT(ADDRESS(6,2,,,$A63)),6)} -> #VALUE! | E63: {=RIGHT(INDIRECT(ADDRESS(4,2,,,$A63)),5)} -> #VALUE! | F63: 1.0335 | G63: =$G$2 -> 1.0325 | H63: 1 | I63: 3 | J63: 4 | L63: C | M63: D | N63: =LEFT(INDEX('2026_BUMCP_SIM_KIDNEY_PANCR'!$A$1:$E$30,MATCH($H63,'2026_BUMCP_SIM_KIDNEY_PANCR'!$A$1:$A$30),MATCH(I63,'2026_BUMCP_SIM_KIDNEY_PANCR'!$A$1:$D$1)),30) -> OUTPATIENT EVALUATION* - Initi | O63: 5344 | P63: =ROUND(O63*$G$2,0) -> 5518
A64: ='2026_BUMCP_SIM_KIDNEY_PANCR'!$A$1 -> #VALUE! | B64: =IF(A64=A63,0,1) -> #VALUE! | C64: Banner U Phoenix | D64: {=RIGHT(INDIRECT(ADDRESS(6,2,,,$A64)),6)} -> #VALUE! | E64: {=RIGHT(INDIRECT(ADDRESS(4,2,,,$A64)),5)} -> #VALUE! | F64: 1.0335 | G64: =$G$2 -> 1.0325 | H64: 2 | I64: 3 | J64: 4 | L64: C | M64: D | N64: =LEFT(INDEX('2026_BUMCP_SIM_KIDNEY_PANCR'!$A$1:$E$30,MATCH($H64,'2026_BUMCP_SIM_KIDNEY_PANCR'!$A$1:$A$30),MATCH(I64,'2026_BUMCP_SIM_KIDNEY_PANCR'!$A$1:$D$1)),30) -> PREP AND TRANSPLANT | O64: 132003 | P64: =ROUND(O64*$G$2,0) -> 136293
A65: ='2026_BUMCP_SIM_KIDNEY_PANCR'!$A$1 -> #VALUE! | B65: =IF(A65=A64,0,1) -> #VALUE! | C65: Banner U Phoenix | D65: {=RIGHT(INDIRECT(ADDRESS(6,2,,,$A65)),6)} -> #VALUE! | E65: {=RIGHT(INDIRECT(ADDRESS(4,2,,,$A65)),5)} -> #VALUE! | F65: 1.0335 | G65: =$G$2 -> 1.0325 | H65: 3 | I65: 3 | J65: 4 | L65: C | M65: D | N65: =LEFT(INDEX('2026_BUMCP_SIM_KIDNEY_PANCR'!$A$1:$E$30,MATCH($H65,'2026_BUMCP_SIM_KIDNEY_PANCR'!$A$1:$A$30),MATCH(I65,'2026_BUMCP_SIM_KIDNEY_PANCR'!$A$1:$D$1)),30) -> FOLLOW UP CARE - From day 1 po | O65: 53479 | P65: =ROUND(O65*$G$2,0) -> 55217
A66: ='2026_BUMCP_SIM_KIDNEY_PANCR'!$A$1 -> #VALUE! | B66: =IF(A66=A65,0,1) -> #VALUE! | C66: Banner U Phoenix | D66: {=RIGHT(INDIRECT(ADDRESS(6,2,,,$A66)),6)} -> #VALUE! | E66: {=RIGHT(INDIRECT(ADDRESS(4,2,,,$A66)),5)} -> #VALUE! | F66: 1.0335 | G66: =$G$2 -> 1.0325 | H66: 4 | I66: 3 | J66: 4 | L66: C | M66: D | N66: =LEFT(INDEX('2026_BUMCP_SIM_KIDNEY_PANCR'!$A$1:$E$30,MATCH($H66,'2026_BUMCP_SIM_KIDNEY_PANCR'!$A$1:$A$30),MATCH(I66,'2026_BUMCP_SIM_KIDNEY_PANCR'!$A$1:$D$1)),30) -> FOLLOW UP CARE - From day 31 t | O66: 10069 | P66: =ROUND(O66*$G$2,0) -> 10396
A67: ='2026_BUMCP_SIM_KIDNEY_PANCR'!$A$1 -> #VALUE! | B67: =IF(A67=A66,0,1) -> #VALUE! | C67: Banner U Phoenix | D67: {=RIGHT(INDIRECT(ADDRESS(6,2,,,$A67)),6)} -> #VALUE! | E67: {=RIGHT(INDIRECT(ADDRESS(4,2,,,$A67)),5)} -> #VALUE! | F67: 1.0335 | G67: =$G$2 -> 1.0325 | H67: 5 | I67: 3 | J67: 4 | L67: C | M67: D | N67: =LEFT(INDEX('2026_BUMCP_SIM_KIDNEY_PANCR'!$A$1:$E$30,MATCH($H67,'2026_BUMCP_SIM_KIDNEY_PANCR'!$A$1:$A$30),MATCH(I67,'2026_BUMCP_SIM_KIDNEY_PANCR'!$A$1:$D$1)),30) -> PER DIEM RATES for day 61+ of | O67: 2474 | P67: =ROUND(O67*$G$2,0) -> 2554
A68: ='2026_BUMCP_SIM_KIDNEY_PANCR'!$A$1 -> #VALUE! | B68: =IF(A68=A67,0,1) -> #VALUE! | C68: Banner U Phoenix | D68: {=RIGHT(INDIRECT(ADDRESS(6,2,,,$A68)),6)} -> #VALUE! | E68: {=RIGHT(INDIRECT(ADDRESS(4,2,,,$A68)),5)} -> #VALUE! | F68: 1.0335 | G68: =$G$2 -> 1.0325 | H68: 6 | I68: 3 | J68: 4 | L68: C | M68: D | N68: =LEFT(INDEX('2026_BUMCP_SIM_KIDNEY_PANCR'!$A$1:$E$30,MATCH($H68,'2026_BUMCP_SIM_KIDNEY_PANCR'!$A$1:$A$30),MATCH(I68,'2026_BUMCP_SIM_KIDNEY_PANCR'!$A$1:$D$1)),30) -> Days 11+/61+ paid at the per d | O68: 7263.18 | P68: =O68*$Q$2 -> 8014.1928 | Q68: retroactive adjustment
A69: ='2026_BUMCP_CAD_LIVER'!$A$1 -> #VALUE! | B69: =IF(A69=A68,0,1) -> #VALUE! | C69: Banner U Phoenix | D69: {=RIGHT(INDIRECT(ADDRESS(6,2,,,$A69)),6)} -> #VALUE! | E69: {=RIGHT(INDIRECT(ADDRESS(4,2,,,$A69)),5)} -> #VALUE! | F69: 1.0335 | G69: =$G$2 -> 1.0325 | H69: 1 | I69: 3 | J69: 4 | L69: C | M69: D | N69: =LEFT(INDEX('2026_BUMCP_CAD_LIVER'!$A$1:$E$30,MATCH($H69,'2026_BUMCP_CAD_LIVER'!$A$1:$A$30),MATCH(I69,'2026_BUMCP_CAD_LIVER'!$A$1:$D$1)),30) -> OUTPATIENT EVALUATION* - Initi | O69: 7765 | P69: =ROUND(O69*$G$2,0) -> 8017
A70: ='2026_BUMCP_CAD_LIVER'!$A$1 -> #VALUE! | B70: =IF(A70=A69,0,1) -> #VALUE! | C70: Banner U Phoenix | D70: {=RIGHT(INDIRECT(ADDRESS(6,2,,,$A70)),6)} -> #VALUE! | E70: {=RIGHT(INDIRECT(ADDRESS(4,2,,,$A70)),5)} -> #VALUE! | F70: 1.0335 | G70: =$G$2 -> 1.0325 | H70: 2 | I70: 3 | J70: 4 | L70: C | M70: D | N70: =LEFT(INDEX('2026_BUMCP_CAD_LIVER'!$A$1:$E$30,MATCH($H70,'2026_BUMCP_CAD_LIVER'!$A$1:$A$30),MATCH(I70,'2026_BUMCP_CAD_LIVER'!$A$1:$D$1)),30) -> PREP AND TRANSPLANT | O70: 164771 | P70: =ROUND(O70*$G$2,0) -> 170126
A71: ='2026_BUMCP_CAD_LIVER'!$A$1 -> #VALUE! | B71: =IF(A71=A70,0,1) -> #VALUE! | C71: Banner U Phoenix | D71: {=RIGHT(INDIRECT(ADDRESS(6,2,,,$A71)),6)} -> #VALUE! | E71: {=RIGHT(INDIRECT(ADDRESS(4,2,,,$A71)),5)} -> #VALUE! | F71: 1.0335 | G71: =$G$2 -> 1.0325 | H71: 3 | I71: 3 | J71: 4 | L71: C | M71: D | N71: =LEFT(INDEX('2026_BUMCP_CAD_LIVER'!$A$1:$E$30,MATCH($H71,'2026_BUMCP_CAD_LIVER'!$A$1:$A$30),MATCH(I71,'2026_BUMCP_CAD_LIVER'!$A$1:$D$1)),30) -> FOLLOW UP CARE - From day 1 po | O71: 76158 | P71: =ROUND(O71*$G$2,0) -> 78633
A72: ='2026_BUMCP_CAD_LIVER'!$A$1 -> #VALUE! | B72: =IF(A72=A71,0,1) -> #VALUE! | C72: Banner U Phoenix | D72: {=RIGHT(INDIRECT(ADDRESS(6,2,,,$A72)),6)} -> #VALUE! | E72: {=RIGHT(INDIRECT(ADDRESS(4,2,,,$A72)),5)} -> #VALUE! | F72: 1.0335 | G72: =$G$2 -> 1.0325 | H72: 4 | I72: 3 | J72: 4 | L72: C | M72: D | N72: =LEFT(INDEX('2026_BUMCP_CAD_LIVER'!$A$1:$E$30,MATCH($H72,'2026_BUMCP_CAD_LIVER'!$A$1:$A$30),MATCH(I72,'2026_BUMCP_CAD_LIVER'!$A$1:$D$1)),30) -> FOLLOW UP CARE - From day 31 | O72: 38077 | P72: =ROUND(O72*$G$2,0) -> 39315
A73: ='2026_BUMCP_CAD_LIVER'!$A$1 -> #VALUE! | B73: =IF(A73=A72,0,1) -> #VALUE! | C73: Banner U Phoenix | D73: {=RIGHT(INDIRECT(ADDRESS(6,2,,,$A73)),6)} -> #VALUE! | E73: {=RIGHT(INDIRECT(ADDRESS(4,2,,,$A73)),5)} -> #VALUE! | F73: 1.0335 | G73: =$G$2 -> 1.0325 | H73: 5 | I73: 3 | J73: 4 | L73: C | M73: D | N73: =LEFT(INDEX('2026_BUMCP_CAD_LIVER'!$A$1:$E$30,MATCH($H73,'2026_BUMCP_CAD_LIVER'!$A$1:$A$30),MATCH(I73,'2026_BUMCP_CAD_LIVER'!$A$1:$D$1)),30) -> PER DIEM RATES for day 61+ of | O73: 2474 | P73: =ROUND(O73*$G$2,0) -> 2554
A74: ='2026_BUMCP_CAD_LIVER'!$A$1 -> #VALUE! | B74: =IF(A74=A73,0,1) -> #VALUE! | C74: Banner U Phoenix | D74: {=RIGHT(INDIRECT(ADDRESS(6,2,,,$A74)),6)} -> #VALUE! | E74: {=RIGHT(INDIRECT(ADDRESS(4,2,,,$A74)),5)} -> #VALUE! | F74: 1.0335 | G74: =$G$2 -> 1.0325 | H74: 6 | I74: 3 | J74: 4 | L74: C | M74: D | N74: =LEFT(INDEX('2026_BUMCP_CAD_LIVER'!$A$1:$E$30,MATCH($H74,'2026_BUMCP_CAD_LIVER'!$A$1:$A$30),MATCH(I74,'2026_BUMCP_CAD_LIVER'!$A$1:$D$1)),30) -> Days 11+/61+ paid at the per d | O74: 7263.18 | P74: =O74*$Q$2 -> 8014.1928 | Q74: retroactive adjustment
A75: ='2026_BUMCP_SIMUL_CAD_LIV_KDY'!$A$1 -> #VALUE! | B75: =IF(A75=A74,0,1) -> #VALUE! | C75: Banner U Phoenix | D75: {=RIGHT(INDIRECT(ADDRESS(6,2,,,$A75)),6)} -> #VALUE! | E75: {=RIGHT(INDIRECT(ADDRESS(4,2,,,$A75)),5)} -> #VALUE! | F75: 1.0335 | G75: =$G$2 -> 1.0325 | H75: 1 | I75: 3 | J75: 4 | L75: C | M75: D | N75: =LEFT(INDEX('2026_BUMCP_SIMUL_CAD_LIV_KDY'!$A$1:$E$30,MATCH($H75,'2026_BUMCP_SIMUL_CAD_LIV_KDY'!$A$1:$A$30),MATCH(I75,'2026_BUMCP_SIMUL_CAD_LIV_KDY'!$A$1:$D$1)),30) -> OUTPATIENT EVALUATION* - Initi | O75: 8011 | P75: =ROUND(O75*$G$2,0) -> 8271
A76: ='2026_BUMCP_SIMUL_CAD_LIV_KDY'!$A$1 -> #VALUE! | B76: =IF(A76=A75,0,1) -> #VALUE! | C76: Banner U Phoenix | D76: {=RIGHT(INDIRECT(ADDRESS(6,2,,,$A76)),6)} -> #VALUE! | E76: {=RIGHT(INDIRECT(ADDRESS(4,2,,,$A76)),5)} -> #VALUE! | F76: 1.0335 | G76: =$G$2 -> 1.0325 | H76: 2 | I76: 3 | J76: 4 | L76: C | M76: D | N76: =LEFT(INDEX('2026_BUMCP_SIMUL_CAD_LIV_KDY'!$A$1:$E$30,MATCH($H76,'2026_BUMCP_SIMUL_CAD_LIV_KDY'!$A$1:$A$30),MATCH(I76,'2026_BUMCP_SIMUL_CAD_LIV_KDY'!$A$1:$D$1)),30) -> PREP AND TRANSPLANT | O76: 217604 | P76: =ROUND(O76*$G$2,0) -> 224676
A77: ='2026_BUMCP_SIMUL_CAD_LIV_KDY'!$A$1 -> #VALUE! | B77: =IF(A77=A76,0,1) -> #VALUE! | C77: Banner U Phoenix | D77: {=RIGHT(INDIRECT(ADDRESS(6,2,,,$A77)),6)} -> #VALUE! | E77: {=RIGHT(INDIRECT(ADDRESS(4,2,,,$A77)),5)} -> #VALUE! | F77: 1.0335 | G77: =$G$2 -> 1.0325 | H77: 3 | I77: 3 | J77: 4 | L77: C | M77: D | N77: =LEFT(INDEX('2026_BUMCP_SIMUL_CAD_LIV_KDY'!$A$1:$E$30,MATCH($H77,'2026_BUMCP_SIMUL_CAD_LIV_KDY'!$A$1:$A$30),MATCH(I77,'2026_BUMCP_SIMUL_CAD_LIV_KDY'!$A$1:$D$1)),30) -> FOLLOW UP CARE - From day 1 po | O77: 117813 | P77: =ROUND(O77*$G$2,0) -> 121642
A78: ='2026_BUMCP_SIMUL_CAD_LIV_KDY'!$A$1 -> #VALUE! | B78: =IF(A78=A77,0,1) -> #VALUE! | C78: Banner U Phoenix | D78: {=RIGHT(INDIRECT(ADDRESS(6,2,,,$A78)),6)} -> #VALUE! | E78: {=RIGHT(INDIRECT(ADDRESS(4,2,,,$A78)),5)} -> #VALUE! | F78: 1.0335 | G78: =$G$2 -> 1.0325 | H78: 4 | I78: 3 | J78: 4 | L78: C | M78: D | N78: =LEFT(INDEX('2026_BUMCP_SIMUL_CAD_LIV_KDY'!$A$1:$E$30,MATCH($H78,'2026_BUMCP_SIMUL_CAD_LIV_KDY'!$A$1:$A$30),MATCH(I78,'2026_BUMCP_SIMUL_CAD_LIV_KDY'!$A$1:$D$1)),30) -> FOLLOW UP CARE - From day 31 | O78: 42696 | P78: =ROUND(O78*$G$2,0) -> 44084
A79: ='2026_BUMCP_SIMUL_CAD_LIV_KDY'!$A$1 -> #VALUE! | B79: =IF(A79=A78,0,1) -> #VALUE! | C79: Banner U Phoenix | D79: {=RIGHT(INDIRECT(ADDRESS(6,2,,,$A79)),6)} -> #VALUE! | E79: {=RIGHT(INDIRECT(ADDRESS(4,2,,,$A79)),5)} -> #VALUE! | F79: 1.0335 | G79: =$G$2 -> 1.0325 | H79: 5 | I79: 3 | J79: 4 | L79: C | M79: D | N79: =LEFT(INDEX('2026_BUMCP_SIMUL_CAD_LIV_KDY'!$A$1:$E$30,MATCH($H79,'2026_BUMCP_SIMUL_CAD_LIV_KDY'!$A$1:$A$30),MATCH(I79,'2026_BUMCP_SIMUL_CAD_LIV_KDY'!$A$1:$D$1)),30) -> PER DIEM RATES for day 61+ of | O79: 2474 | P79: =ROUND(O79*$G$2,0) -> 2554
A80: ='2026_BUMCP_SIMUL_CAD_LIV_KDY'!$A$1 -> #VALUE! | B80: =IF(A80=A79,0,1) -> #VALUE! | C80: Banner U Phoenix | D80: {=RIGHT(INDIRECT(ADDRESS(6,2,,,$A80)),6)} -> #VALUE! | E80: {=RIGHT(INDIRECT(ADDRESS(4,2,,,$A80)),5)} -> #VALUE! | F80: 1.0335 | G80: =$G$2 -> 1.0325 | H80: 6 | I80: 3 | J80: 4 | L80: C | M80: D | N80: =LEFT(INDEX('2026_BUMCP_SIMUL_CAD_LIV_KDY'!$A$1:$E$30,MATCH($H80,'2026_BUMCP_SIMUL_CAD_LIV_KDY'!$A$1:$A$30),MATCH(I80,'2026_BUMCP_SIMUL_CAD_LIV_KDY'!$A$1:$D$1)),30) -> Days 11+/61+ paid at the per d | O80: 7263.18 | P80: =O80*$Q$2 -> 8014.1928 | Q80: retroactive adjustment
A81: ='2026_BUMCT_AUT_PEDS'!$A$1 -> #VALUE! | B81: =IF(A81=A80,0,1) -> #VALUE! | C81: Banner U Tucson | D81: {=RIGHT(INDIRECT(ADDRESS(6,2,,,$A81)),6)} -> #VALUE! | E81: {=RIGHT(INDIRECT(ADDRESS(4,2,,,$A81)),5)} -> #VALUE! | F81: 1.0335 | G81: =$G$2 -> 1.0325 | H81: 1 | I81: 3 | J81: 4 | L81: C | M81: D | N81: =LEFT(INDEX('2026_BUMCT_AUT_PEDS'!$A$1:$E$30,MATCH($H81,'2026_BUMCT_AUT_PEDS'!$A$1:$A$30),MATCH(I81,'2026_BUMCT_AUT_PEDS'!$A$1:$D$1)),30) -> OUTPATIENT EVALUATION* - Initi | O81: 6304 | P81: =ROUND(O81*$G$2,0) -> 6509
A82: ='2026_BUMCT_AUT_PEDS'!$A$1 -> #VALUE! | B82: =IF(A82=A81,0,1) -> #VALUE! | C82: Banner U Tucson | D82: {=RIGHT(INDIRECT(ADDRESS(6,2,,,$A82)),6)} -> #VALUE! | E82: {=RIGHT(INDIRECT(ADDRESS(4,2,,,$A82)),5)} -> #VALUE! | F82: 1.0335 | G82: =$G$2 -> 1.0325 | H82: 2 | I82: 3 | J82: 4 | L82: C | M82: D | N82: =LEFT(INDEX('2026_BUMCT_AUT_PEDS'!$A$1:$E$30,MATCH($H82,'2026_BUMCT_AUT_PEDS'!$A$1:$A$30),MATCH(I82,'2026_BUMCT_AUT_PEDS'!$A$1:$D$1)),30) -> AUTOLOGOUS HARVEST | O82: 16607 | P82: =ROUND(O82*$G$2,0) -> 17147
A83: ='2026_BUMCT_AUT_PEDS'!$A$1 -> #VALUE! | B83: =IF(A83=A82,0,1) -> #VALUE! | C83: Banner U Tucson | D83: {=RIGHT(INDIRECT(ADDRESS(6,2,,,$A83)),6)} -> #VALUE! | E83: {=RIGHT(INDIRECT(ADDRESS(4,2,,,$A83)),5)} -> #VALUE! | F83: 1.0335 | G83: =$G$2 -> 1.0325 | H83: 3 | I83: 3 | J83: 4 | L83: C | M83: D | N83: =LEFT(INDEX('2026_BUMCT_AUT_PEDS'!$A$1:$E$30,MATCH($H83,'2026_BUMCT_AUT_PEDS'!$A$1:$A$30),MATCH(I83,'2026_BUMCT_AUT_PEDS'!$A$1:$D$1)),30) -> PREP AND TRANSPLANT | O83: 61835 | P83: =ROUND(O83*$G$2,0) -> 63845
A84: ='2026_BUMCT_AUT_PEDS'!$A$1 -> #VALUE! | B84: =IF(A84=A83,0,1) -> #VALUE! | C84: Banner U Tucson | D84: {=RIGHT(INDIRECT(ADDRESS(6,2,,,$A84)),6)} -> #VALUE! | E84: {=RIGHT(INDIRECT(ADDRESS(4,2,,,$A84)),5)} -> #VALUE! | F84: 1.0335 | G84: =$G$2 -> 1.0325 | H84: 4 | I84: 3 | J84: 4 | L84: C | M84: D | N84: =LEFT(INDEX('2026_BUMCT_AUT_PEDS'!$A$1:$E$30,MATCH($H84,'2026_BUMCT_AUT_PEDS'!$A$1:$A$30),MATCH(I84,'2026_BUMCT_AUT_PEDS'!$A$1:$D$1)),30) -> FOLLOW UP CARE - From day 1 po | O84: 83833 | P84: =ROUND(O84*$G$2,0) -> 86558
A85: ='2026_BUMCT_AUT_PEDS'!$A$1 -> #VALUE! | B85: =IF(A85=A84,0,1) -> #VALUE! | C85: Banner U Tucson | D85: {=RIGHT(INDIRECT(ADDRESS(6,2,,,$A85)),6)} -> #VALUE! | E85: {=RIGHT(INDIRECT(ADDRESS(4,2,,,$A85)),5)} -> #VALUE! | F85: 1.0335 | G85: =$G$2 -> 1.0325 | H85: 5 | I85: 3 | J85: 4 | L85: C | M85: D | N85: =LEFT(INDEX('2026_BUMCT_AUT_PEDS'!$A$1:$E$30,MATCH($H85,'2026_BUMCT_AUT_PEDS'!$A$1:$A$30),MATCH(I85,'2026_BUMCT_AUT_PEDS'!$A$1:$D$1)),30) -> FOLLOW UP CARE - From day 31 | O85: 11908 | P85: =ROUND(O85*$G$2,0) -> 12295
A86: ='2026_BUMCT_AUT_PEDS'!$A$1 -> #VALUE! | B86: =IF(A86=A85,0,1) -> #VALUE! | C86: Banner U Tucson | D86: {=RIGHT(INDIRECT(ADDRESS(6,2,,,$A86)),6)} -> #VALUE! | E86: {=RIGHT(INDIRECT(ADDRESS(4,2,,,$A86)),5)} -> #VALUE! | F86: 1.0335 | G86: =$G$2 -> 1.0325 | H86: 6 | I86: 3 | J86: 4 | L86: C | M86: D | N86: =LEFT(INDEX('2026_BUMCT_AUT_PEDS'!$A$1:$E$30,MATCH($H86,'2026_BUMCT_AUT_PEDS'!$A$1:$A$30),MATCH(I86,'2026_BUMCT_AUT_PEDS'!$A$1:$D$1)),30) -> PER DIEM RATES for day 61+ of | O86: 2474 | P86: =ROUND(O86*$G$2,0) -> 2554
A87: ='2026_BUMCT_AUT_PEDS'!$A$1 -> #VALUE! | B87: =IF(A87=A86,0,1) -> #VALUE! | C87: Banner U Tucson | D87: {=RIGHT(INDIRECT(ADDRESS(6,2,,,$A87)),6)} -> #VALUE! | E87: {=RIGHT(INDIRECT(ADDRESS(4,2,,,$A87)),5)} -> #VALUE! | F87: 1.0335 | G87: =$G$2 -> 1.0325 | H87: 7 | I87: 3 | J87: 4 | L87: C | M87: D | N87: =LEFT(INDEX('2026_BUMCT_AUT_PEDS'!$A$1:$E$30,MATCH($H87,'2026_BUMCT_AUT_PEDS'!$A$1:$A$30),MATCH(I87,'2026_BUMCT_AUT_PEDS'!$A$1:$D$1)),30) -> Days 11+/61+ paid at the per d | O87: 7263.18 | P87: =O87*$Q$2 -> 8014.1928 | Q87: retroactive adjustment
A88: ='2026_BUMCT_ALLO_RELA_PEDS'!$A$1 -> #VALUE! | B88: =IF(A88=A87,0,1) -> #VALUE! | C88: Banner U Tucson | D88: {=RIGHT(INDIRECT(ADDRESS(6,2,,,$A88)),6)} -> #VALUE! | E88: {=RIGHT(INDIRECT(ADDRESS(4,2,,,$A88)),5)} -> #VALUE! | F88: 1.0335 | G88: =$G$2 -> 1.0325 | H88: 1 | I88: 3 | J88: 4 | L88: C | M88: D | N88: =LEFT(INDEX('2026_BUMCT_ALLO_RELA_PEDS'!$A$1:$E$30,MATCH($H88,'2026_BUMCT_ALLO_RELA_PEDS'!$A$1:$A$30),MATCH(I88,'2026_BUMCT_ALLO_RELA_PEDS'!$A$1:$D$1)),30) -> OUTPATIENT EVALUATION* - Initi | O88: 6348 | P88: =ROUND(O88*$G$2,0) -> 6554
A89: ='2026_BUMCT_ALLO_RELA_PEDS'!$A$1 -> #VALUE! | B89: =IF(A89=A88,0,1) -> #VALUE! | C89: Banner U Tucson | D89: {=RIGHT(INDIRECT(ADDRESS(6,2,,,$A89)),6)} -> #VALUE! | E89: {=RIGHT(INDIRECT(ADDRESS(4,2,,,$A89)),5)} -> #VALUE! | F89: 1.0335 | G89: =$G$2 -> 1.0325 | H89: 2 | I89: 3 | J89: 4 | L89: C | M89: D | N89: =LEFT(INDEX('2026_BUMCT_ALLO_RELA_PEDS'!$A$1:$E$30,MATCH($H89,'2026_BUMCT_ALLO_RELA_PEDS'!$A$1:$A$30),MATCH(I89,'2026_BUMCT_ALLO_RELA_PEDS'!$A$1:$D$1)),30) -> RELATED DONOR SEARCH* | O89: 5190 | P89: =ROUND(O89*$G$2,0) -> 5359
A90: ='2026_BUMCT_ALLO_RELA_PEDS'!$A$1 -> #VALUE! | B90: =IF(A90=A89,0,1) -> #VALUE! | C90: Banner U Tucson | D90: {=RIGHT(INDIRECT(ADDRESS(6,2,,,$A90)),6)} -> #VALUE! | E90: {=RIGHT(INDIRECT(ADDRESS(4,2,,,$A90)),5)} -> #VALUE! | F90: 1.0335 | G90: =$G$2 -> 1.0325 | H90: 3 | I90: 3 | J90: 4 | L90: C | M90: D | N90: =LEFT(INDEX('2026_BUMCT_ALLO_RELA_PEDS'!$A$1:$E$30,MATCH($H90,'2026_BUMCT_ALLO_RELA_PEDS'!$A$1:$A$30),MATCH(I90,'2026_BUMCT_ALLO_RELA_PEDS'!$A$1:$D$1)),30) -> RELATED DONOR HARVEST | O90: 17125 | P90: =ROUND(O90*$G$2,0) -> 17682
A91: ='2026_BUMCT_ALLO_RELA_PEDS'!$A$1 -> #VALUE! | B91: =IF(A91=A90,0,1) -> #VALUE! | C91: Banner U Tucson | D91: {=RIGHT(INDIRECT(ADDRESS(6,2,,,$A91)),6)} -> #VALUE! | E91: {=RIGHT(INDIRECT(ADDRESS(4,2,,,$A91)),5)} -> #VALUE! | F91: 1.0335 | G91: =$G$2 -> 1.0325 | H91: 4 | I91: 3 | J91: 4 | L91: C | M91: D | N91: =LEFT(INDEX('2026_BUMCT_ALLO_RELA_PEDS'!$A$1:$E$30,MATCH($H91,'2026_BUMCT_ALLO_RELA_PEDS'!$A$1:$A$30),MATCH(I91,'2026_BUMCT_ALLO_RELA_PEDS'!$A$1:$D$1)),30) -> PREP AND TRANSPLANT | O91: 61845 | P91: =ROUND(O91*$G$2,0) -> 63855
A92: ='2026_BUMCT_ALLO_RELA_PEDS'!$A$1 -> #VALUE! | B92: =IF(A92=A91,0,1) -> #VALUE! | C92: Banner U Tucson | D92: {=RIGHT(INDIRECT(ADDRESS(6,2,,,$A92)),6)} -> #VALUE! | E92: {=RIGHT(INDIRECT(ADDRESS(4,2,,,$A92)),5)} -> #VALUE! | F92: 1.0335 | G92: =$G$2 -> 1.0325 | H92: 5 | I92: 3 | J92: 4 | L92: C | M92: D | N92: =LEFT(INDEX('2026_BUMCT_ALLO_RELA_PEDS'!$A$1:$E$30,MATCH($H92,'2026_BUMCT_ALLO_RELA_PEDS'!$A$1:$A$30),MATCH(I92,'2026_BUMCT_ALLO_RELA_PEDS'!$A$1:$D$1)),30) -> FOLLOW UP CARE - From day 1 po | O92: 83849 | P92: =ROUND(O92*$G$2,0) -> 86574
A93: ='2026_BUMCT_ALLO_RELA_PEDS'!$A$1 -> #VALUE! | B93: =IF(A93=A92,0,1) -> #VALUE! | C93: Banner U Tucson | D93: {=RIGHT(INDIRECT(ADDRESS(6,2,,,$A93)),6)} -> #VALUE! | E93: {=RIGHT(INDIRECT(ADDRESS(4,2,,,$A93)),5)} -> #VALUE! | F93: 1.0335 | G93: =$G$2 -> 1.0325 | H93: 6 | I93: 3 | J93: 4 | L93: C | M93: D | N93: =LEFT(INDEX('2026_BUMCT_ALLO_RELA_PEDS'!$A$1:$E$30,MATCH($H93,'2026_BUMCT_ALLO_RELA_PEDS'!$A$1:$A$30),MATCH(I93,'2026_BUMCT_ALLO_RELA_PEDS'!$A$1:$D$1)),30) -> FOLLOW UP CARE - From day 31 | O93: 11915 | P93: =ROUND(O93*$G$2,0) -> 12302
A94: ='2026_BUMCT_ALLO_RELA_PEDS'!$A$1 -> #VALUE! | B94: =IF(A94=A93,0,1) -> #VALUE! | C94: Banner U Tucson | D94: {=RIGHT(INDIRECT(ADDRESS(6,2,,,$A94)),6)} -> #VALUE! | E94: {=RIGHT(INDIRECT(ADDRESS(4,2,,,$A94)),5)} -> #VALUE! | F94: 1.0335 | G94: =$G$2 -> 1.0325 | H94: 7 | I94: 3 | J94: 4 | L94: C | M94: D | N94: =LEFT(INDEX('2026_BUMCT_ALLO_RELA_PEDS'!$A$1:$E$30,MATCH($H94,'2026_BUMCT_ALLO_RELA_PEDS'!$A$1:$A$30),MATCH(I94,'2026_BUMCT_ALLO_RELA_PEDS'!$A$1:$D$1)),30) -> PER DIEM RATES for day 61+ of | O94: 2474 | P94: =ROUND(O94*$G$2,0) -> 2554
A95: ='2026_BUMCT_ALLO_RELA_PEDS'!$A$1 -> #VALUE! | B95: =IF(A95=A94,0,1) -> #VALUE! | C95: Banner U Tucson | D95: {=RIGHT(INDIRECT(ADDRESS(6,2,,,$A95)),6)} -> #VALUE! | E95: {=RIGHT(INDIRECT(ADDRESS(4,2,,,$A95)),5)} -> #VALUE! | F95: 1.0335 | G95: =$G$2 -> 1.0325 | H95: 8 | I95: 3 | J95: 4 | L95: C | M95: D | N95: =LEFT(INDEX('2026_BUMCT_ALLO_RELA_PEDS'!$A$1:$E$30,MATCH($H95,'2026_BUMCT_ALLO_RELA_PEDS'!$A$1:$A$30),MATCH(I95,'2026_BUMCT_ALLO_RELA_PEDS'!$A$1:$D$1)),30) -> Days 11+/61+ paid at the per d | O95: 7263.18 | P95: =O95*$Q$2 -> 8014.1928 | Q95: retroactive adjustment
A96: ='2026_BUMCT_HAPLOID_PEDS'!$A$1 -> #VALUE! | B96: =IF(A96=A95,0,1) -> #VALUE! | C96: Banner U Tucson | D96: {=RIGHT(INDIRECT(ADDRESS(6,2,,,$A96)),6)} -> #VALUE! | E96: {=RIGHT(INDIRECT(ADDRESS(4,2,,,$A96)),5)} -> #VALUE! | F96: 1.0335 | G96: =$G$2 -> 1.0325 | H96: 1 | I96: 3 | J96: 4 | L96: C | M96: D | N96: =LEFT(INDEX('2026_BUMCT_HAPLOID_PEDS'!$A$1:$E$30,MATCH($H96,'2026_BUMCT_HAPLOID_PEDS'!$A$1:$A$30),MATCH(I96,'2026_BUMCT_HAPLOID_PEDS'!$A$1:$D$1)),30) -> OUTPATIENT EVALUATION* - Initi | O96: 6443 | P96: =ROUND(O96*$G$2,0) -> 6652
A97: ='2026_BUMCT_HAPLOID_PEDS'!$A$1 -> #VALUE! | B97: =IF(A97=A96,0,1) -> #VALUE! | C97: Banner U Tucson | D97: {=RIGHT(INDIRECT(ADDRESS(6,2,,,$A97)),6)} -> #VALUE! | E97: {=RIGHT(INDIRECT(ADDRESS(4,2,,,$A97)),5)} -> #VALUE! | F97: 1.0335 | G97: =$G$2 -> 1.0325 | H97: 2 | I97: 3 | J97: 4 | L97: C | M97: D | N97: =LEFT(INDEX('2026_BUMCT_HAPLOID_PEDS'!$A$1:$E$30,MATCH($H97,'2026_BUMCT_HAPLOID_PEDS'!$A$1:$A$30),MATCH(I97,'2026_BUMCT_HAPLOID_PEDS'!$A$1:$D$1)),30) -> DONOR SEARCH * | O97: 11374 | P97: =ROUND(O97*$G$2,0) -> 11744
A98: ='2026_BUMCT_HAPLOID_PEDS'!$A$1 -> #VALUE! | B98: =IF(A98=A97,0,1) -> #VALUE! | C98: Banner U Tucson | D98: {=RIGHT(INDIRECT(ADDRESS(6,2,,,$A98)),6)} -> #VALUE! | E98: {=RIGHT(INDIRECT(ADDRESS(4,2,,,$A98)),5)} -> #VALUE! | F98: 1.0335 | G98: =$G$2 -> 1.0325 | H98: 3 | I98: 3 | J98: 4 | L98: C | M98: D | N98: =LEFT(INDEX('2026_BUMCT_HAPLOID_PEDS'!$A$1:$E$30,MATCH($H98,'2026_BUMCT_HAPLOID_PEDS'!$A$1:$A$30),MATCH(I98,'2026_BUMCT_HAPLOID_PEDS'!$A$1:$D$1)),30) -> DONOR HARVEST (includes stem c | O98: 17125 | P98: =ROUND(O98*$G$2,0) -> 17682
A99: ='2026_BUMCT_HAPLOID_PEDS'!$A$1 -> #VALUE! | B99: =IF(A99=A98,0,1) -> #VALUE! | C99: Banner U Tucson | D99: {=RIGHT(INDIRECT(ADDRESS(6,2,,,$A99)),6)} -> #VALUE! | E99: {=RIGHT(INDIRECT(ADDRESS(4,2,,,$A99)),5)} -> #VALUE! | F99: 1.0335 | G99: =$G$2 -> 1.0325 | H99: 4 | I99: 3 | J99: 4 | L99: C | M99: D | N99: =LEFT(INDEX('2026_BUMCT_HAPLOID_PEDS'!$A$1:$E$30,MATCH($H99,'2026_BUMCT_HAPLOID_PEDS'!$A$1:$A$30),MATCH(I99,'2026_BUMCT_HAPLOID_PEDS'!$A$1:$D$1)),30) -> PREP AND TRANSPLANT | O99: 61950 | P99: =ROUND(O99*$G$2,0) -> 63963
A100: ='2026_BUMCT_HAPLOID_PEDS'!$A$1 -> #VALUE! | B100: =IF(A100=A99,0,1) -> #VALUE! | C100: Banner U Tucson | D100: {=RIGHT(INDIRECT(ADDRESS(6,2,,,$A100)),6)} -> #VALUE! | E100: {=RIGHT(INDIRECT(ADDRESS(4,2,,,$A100)),5)} -> #VALUE! | F100: 1.0335 | G100: =$G$2 -> 1.0325 | H100: 5 | I100: 3 | J100: 4 | L100: C | M100: D | N100: =LEFT(INDEX('2026_BUMCT_HAPLOID_PEDS'!$A$1:$E$30,MATCH($H100,'2026_BUMCT_HAPLOID_PEDS'!$A$1:$A$30),MATCH(I100,'2026_BUMCT_HAPLOID_PEDS'!$A$1:$D$1)),30) -> FOLLOW UP CARE - From day 1 po | O100: 97853 | P100: =ROUND(O100*$G$2,0) -> 101033
...

Sheet 2026_BannerMD_BMT_AUT_ADULT
A1: {=MID(CELL("filename",A1),FIND("]",CELL("filename",A1))+1,255)} -> #VALUE! | C1: 3 | D1: 4
B3: BANNER HEALTH dba BANNER GATEWAY MEDICAL CENTER
B4: ADULT AUTOLOGOUS BONE MARROW TRANSPLANT CONTRACT (AUT)
B5: EFFECTIVE 10/1/2026 THROUGH 9/30/2027
B6: TRANSPLANT FACILITY ID# 262489
D8: ADULTS
C9: COMPONENTS | D9: INCLUSIVE RATE
A10: 1 | C10: OUTPATIENT EVALUATION* - Initial evaluation performed in an outpatient setting only* (not eligible for outlier consideration). Inpatient evaluations are billed outside the transplant contract. | D10: =VLOOKUP(A10,BannerMD_BMT_AUT_ADULT,9,FALSE) -> 6509
A11: 2 | C11: AUTOLOGOUS HARVEST | D11: =VLOOKUP(A11,BannerMD_BMT_AUT_ADULT,9,FALSE) -> 16110
A12: 3 | C12: PREP AND TRANSPLANT | D12: =VLOOKUP(A12,BannerMD_BMT_AUT_ADULT,9,FALSE) -> 120816
A13: 4 | C13: FOLLOW UP CARE - From day 1 post transplant through day 30 or a portion thereof | D13: =VLOOKUP(A13,BannerMD_BMT_AUT_ADULT,9,FALSE) -> 30607
A14: 5 | C14: FOLLOW UP CARE - From day 31 through day 60 or a portion thereof | D14: =VLOOKUP(A14,BannerMD_BMT_AUT_ADULT,9,FALSE) -> 11277
C15: TOTAL AUTOLOGOUS BONE MARROW | D15: =SUM(D10:D14) -> 185319
A17: 6 | C17: PER DIEM RATES for day 61+ of inpatient acute hospital care | D17: =VLOOKUP(A17,BannerMD_BMT_AUT_ADULT,9,FALSE) -> 2554
A18: 7 | C18: Days 11+/61+ paid at the per diem rate are not subject to the transplant outlier (prep and transplant through day 60) but are subject to outlier pursuant to the transplant specialty contract at an established threshold of $8,014.19 | D18: =VLOOKUP(A18,BannerMD_BMT_AUT_ADULT,9,FALSE) -> 8014.1928
C20: The inpatient transplant evaluation(s) is not a billing component under the transplant specialty contract. Services provided to an AHCCCS member enrolled as a fee for service member, by a transplant facility, for the purpose of determining whether the member is a candidate for a solid organ or a hematopoietic stem cell (bone marrow, peripheral blood or cord blood) transplant will be reimbursed based on the AHCCCS Fee-For Service rates, including the DRG based hospital payment system if the member is an inpatient.
C23: ***AHCCCS will pay for TOTAL BODY IRRADIATION (TBI) separately and in addition to the existing rates provided the use conforms to the AHCCCS AM/PM policy regarding TBI. Rates for TBI are posted on the corresponding TBI rate sheet.

Sheet 2026_BannerMD_BMT_ALLO_RELA
A1: {=MID(CELL("filename",A1),FIND("]",CELL("filename",A1))+1,255)} -> #VALUE! | C1: 3 | D1: 4
B3: BANNER HEALTH dba BANNER GATEWAY MEDICAL CENTER
B4: ADULT ALLOGENEIC RELATED BONE MARROW TRANSPLANT CONTRACT (ALO)
B5: EFFECTIVE 10/1/2026 THROUGH 9/30/2027
B6: TRANSPLANT FACILITY ID# 262489
D8: ADULTS
C9: COMPONENTS | D9: INCLUSIVE RATE
A10: 1 | C10: OUTPATIENT EVALUATION* - Initial evaluation performed in an outpatient setting only* (not eligible for outlier consideration). Inpatient evaluations are billed outside the transplant contract. | D10: =VLOOKUP(A10,BannerMD_BMT_ALLO_RELA,9,FALSE) -> 4632
A11: 2 | C11: RELATED DONOR SEARCH*(only 1 donor search will be reimbursed for Allogeneic Related and Haploid donors) | D11: =VLOOKUP(A11,BannerMD_BMT_ALLO_RELA,9,FALSE) -> 7156
A12: 3 | C12: RELATED DONOR HARVEST | D12: =VLOOKUP(A12,BannerMD_BMT_ALLO_RELA,9,FALSE) -> 11848
A13: 4 | C13: PREP AND TRANSPLANT | D13: =VLOOKUP(A13,BannerMD_BMT_ALLO_RELA,9,FALSE) -> 111225
A14: 5 | C14: FOLLOW UP CARE - From day 1 post transplant through day 30 or a portion thereof | D14: =VLOOKUP(A14,BannerMD_BMT_ALLO_RELA,9,FALSE) -> 48918
A15: 6 | C15: FOLLOW UP CARE - From day 31 through day 60 or a portion thereof | D15: =VLOOKUP(A15,BannerMD_BMT_ALLO_RELA,9,FALSE) -> 14486
C16: TOTAL ALLOGENEIC RELATED | D16: =SUM(D10:D15) -> 198265
A18: 7 | C18: PER DIEM RATES for day 61+ of inpatient acute hospital care | D18: =VLOOKUP(A18,BannerMD_BMT_ALLO_RELA,9,FALSE) -> 2554
A19: 8 | C19: Days 11+/61+ paid at the per diem rate are not subject to the transplant outlier (prep and transplant through day 60) but are subject to outlier pursuant to the transplant specialty contract at an established threshold of $8,014.19 | D19: =VLOOKUP(A19,BannerMD_BMT_ALLO_RELA,9,FALSE) -> 8014.1928
C21: *Multiple Donor Searches will not be reimbursed for Allogeneic Related and Haploid Bone Marrow Transplant. *The inpatient transplant evaluation(s) is not a billing component under the transplant specialty contract. Services provided to an AHCCCS member enrolled as a fee for service member, by a transplant facility, for the purpose of determining whether the member is a candidate for a solid organ or a hematopoietic stem cell (bone marrow, peripheral blood or cord blood) transplant will be reimbursed based on the AHCCCS Fee-For Service rates, including the DRG based hospital payment system if the member is an inpatient.
C23: ***AHCCCS will pay for TOTAL BODY IRRADIATION (TBI) separately and in addition to the existing rates provided the use conforms to the AHCCCS AM/PM policy regarding TBI. Rates for TBI are posted on the corresponding TBI rate sheet.

Sheet 2026_BannerMD_BMT_HAPLOID
A1: {=MID(CELL("filename",A1),FIND("]",CELL("filename",A1))+1,255)} -> #VALUE! | C1: 3 | D1: 4
B3: BANNER HEALTH dba BANNER GATEWAY MEDICAL CENTER
B4: ADULT HAPLOID HEMATOPOIETIC STEM CELL TRANSPLANT CONTRACT (HAP)
B5: EFFECTIVE 10/1/2026 THROUGH 9/30/2027
B6: TRANSPLANT FACILITY ID# 262489
D8: ADULTS
C9: COMPONENTS | D9: INCLUSIVE RATE
A10: 1 | C10: OUTPATIENT EVALUATION* - Initial evaluation performed in an outpatient setting only* (not eligible for outlier consideration). Inpatient evaluations are billed outside the transplant contract. | D10: =VLOOKUP(A10,BannerMD_BMT_HAPLOID,9,FALSE) -> 6852
A11: 2 | C11: DONOR SEARCH* (only 1 donor search will be reimbursed for Allogeneic Related and Haploid donors) | D11: =VLOOKUP(A11,BannerMD_BMT_HAPLOID,9,FALSE) -> 12094
A12: 3 | C12: DONOR HARVEST (includes stem cell harvest) - National Bone Marrow Donor Program | D12: =VLOOKUP(A12,BannerMD_BMT_HAPLOID,9,FALSE) -> 18212
A13: 4 | C13: PREP AND TRANSPLANT | D13: =VLOOKUP(A13,BannerMD_BMT_HAPLOID,9,FALSE) -> 65882
A14: 5 | C14: FOLLOW UP CARE - From day 1 post transplant through day 30 or a portion thereof | D14: =VLOOKUP(A14,BannerMD_BMT_HAPLOID,9,FALSE) -> 104065
A15: 6 | C15: FOLLOW UP CARE - From day 31 through day 60 or a portion thereof | D15: =VLOOKUP(A15,BannerMD_BMT_HAPLOID,9,FALSE) -> 34413
C16: TOTAL HAPLOID RELATED | D16: =SUM(D10:D15) -> 241518
A18: 7 | C18: PER DIEM RATES for day 61+ of inpatient acute hospital care | D18: =VLOOKUP(A18,BannerMD_BMT_HAPLOID,9,FALSE) -> 2554
A19: 8 | C19: Days 11+/61+ paid at the per diem rate are not subject to the transplant outlier (prep and transplant through day 60) but are subject to outlier pursuant to the transplant specialty contract at an established threshold of $8,014.19 | D19: =VLOOKUP(A19,BannerMD_BMT_HAPLOID,9,FALSE) -> 8014.1928
D21: Outlier Threshold
A22: 9 | C22: Outliers: Haploid Related cases and Severe Immune Syndrome (SCIDS) cases will be reimbursed at case rates unless billed charges for PREP AND TRANSPLANT AND FOLLOW UP CARE through day 60 exceed the Outlier Threshold. If total billed charges exceed the Outlier Threshold then the outlier reimbursement will be reimbursed at 50% of billed charges. | D22: =VLOOKUP(A22,BannerMD_BMT_HAPLOID,9,FALSE) -> 318869.59
A23: 10 | C23: Rate Above Threshold | D23: =VLOOKUP(A23,BannerMD_BMT_HAPLOID,9,FALSE) -> 0.5
C25: *Multiple Donor Searches will not be reimbursed for Allogeneic Related and Haploid Bone Marrow Transplant. *The inpatient transplant evaluation(s) is not a billing component under the transplant specialty contract. Services provided to an AHCCCS member enrolled as a fee for service member, by a transplant facility, for the purpose of determining whether the member is a candidate for a solid organ or a hematopoietic stem cell (bone marrow, peripheral blood or cord blood) transplant will be reimbursed based on the AHCCCS Fee-For Service rates, including the DRG based hospital payment system if the member is an inpatient.
C27: ***AHCCCS will pay for TOTAL BODY IRRADIATION (TBI) separately and in addition to the existing rates provided the use conforms to the AHCCCS AM/PM policy regarding TBI. Rates for TBI are posted on the corresponding TBI rate sheet.

Sheet 2026_BannerMD_BMT_ALLO_UNREL
A1: {=MID(CELL("filename",A1),FIND("]",CELL("filename",A1))+1,255)} -> #VALUE! | C1: 3 | D1: 4
B3: BANNER HEALTH dba BANNER GATEWAY MEDICAL CENTER
B4: ADULT ALLOGENEIC UNRELATED BONE MARROW TRANSPLANT CONTRACT (ALU)
B5: EFFECTIVE 10/1/2026 THROUGH 9/30/2027
B6: TRANSPLANT FACILITY ID# 262489
D8: ADULTS
C9: COMPONENTS | D9: INCLUSIVE RATE
A10: 1 | C10: OUTPATIENT EVALUATION* - Initial evaluation performed in an outpatient setting only* (not eligible for outlier consideration). Inpatient evaluations are billed outside the transplant contract. | D10: =VLOOKUP(A10,BannerMD_BMT_ALLO_UNREL,9,FALSE) -> 4767
A11: 2 | C11: UNRELATED DONOR SEARCH | D11: =VLOOKUP(A11,BannerMD_BMT_ALLO_UNREL,9,FALSE) -> 7365
A12: 3 | C12: DONOR HARVEST (includes stem cell harvest) - National Bone Marrow Donor Program | D12: =VLOOKUP(A12,BannerMD_BMT_ALLO_UNREL,9,FALSE) -> NBMD or Cord blood Invoice Cost
A13: 4 | C13: PREP AND TRANSPLANT | D13: =VLOOKUP(A13,BannerMD_BMT_ALLO_UNREL,9,FALSE) -> 114462
A14: 5 | C14: FOLLOW UP CARE - From day 1 post transplant through day 30 or a portion thereof | D14: =VLOOKUP(A14,BannerMD_BMT_ALLO_UNREL,9,FALSE) -> 63286
A15: 6 | C15: FOLLOW UP CARE - From day 31 through day 60 or a portion thereof | D15: =VLOOKUP(A15,BannerMD_BMT_ALLO_UNREL,9,FALSE) -> 38020
C16: TOTAL ALLOGENEIC UNRELATED BONE MARROW | D16: =SUM(D10:D15) -> 227900
A18: 7 | C18: PER DIEM RATES for day 61+ of inpatient acute hospital care | D18: =VLOOKUP(A18,BannerMD_BMT_ALLO_UNREL,9,FALSE) -> 2554
A19: 8 | C19: Days 11+/61+ paid at the per diem rate are not subject to the transplant outlier (prep and transplant through day 60) but are subject to outlier pursuant to the transplant specialty contract at an established threshold of $8,014.19 | D19: =VLOOKUP(A19,BannerMD_BMT_ALLO_UNREL,9,FALSE) -> 8014.1928
D21: Outlier Threshold
A22: 9 | C22: Outliers: Matched unrelated allogeneic and Severe Immune Syndrome (SCIDS) cases will be reimbursed at case rates unless billed charges exceed the Outlier Threshold. The case rate will cover the Outlier Threshold then charges greater than the Outlier Threshold will be reimbursed at 50% of billed charges. | D22: =VLOOKUP(A22,BannerMD_BMT_ALLO_UNREL,9,FALSE) -> 282076
A23: 10 | C23: Rate Above Threshold | D23: =VLOOKUP(A23,BannerMD_BMT_ALLO_UNREL,9,FALSE) -> 0.5
C25: *The inpatient transplant evaluation(s) is not a billing component under the transplant specialty contract. Services provided to an AHCCCS member enrolled as a fee for service member, by a transplant facility, for the purpose of determining whether the member is a candidate for a solid organ or a hematopoietic stem cell (bone marrow, peripheral blood or cord blood) transplant will be reimbursed based on the AHCCCS Fee-For Service rates, including the DRG based hospital payment system if the member is an inpatient.
C27: ***AHCCCS will pay for TOTAL BODY IRRADIATION (TBI) separately and in addition to the existing rates provided the use conforms to the AHCCCS AM/PM policy regarding TBI. Rates for TBI are posted on the corresponding TBI rate sheet.

Sheet 2026_BannerMD_TBI
A1: {=MID(CELL("filename",A1),FIND("]",CELL("filename",A1))+1,255)} -> #VALUE! | C1: 3 | D1: 4
B3: BANNER HEALTH dba BANNER GATEWAY MEDICAL CENTER
B4: TOTAL BODY IRRADIATION (TBI)
B5: EFFECTIVE 10/1/2026 THROUGH 9/30/2027
B6: TRANSPLANT FACILITY ID# 262489
D8: ADULTS & PEDIATRICS
C9: COMPONENTS | D9: INCLUSIVE RATE
A10: 1 | C10: TOTAL BODY IRRADIATION (TBI) entered as a separate case type | D10: =VLOOKUP(A10,BannerMD_TBI,9,FALSE) -> 8072
C11: TOTAL BODY IRRADIATION | D11: =SUM(D10) -> 8072

Sheet 2026_BUMCP_HEART
A1: {=MID(CELL("filename",A1),FIND("]",CELL("filename",A1))+1,255)} -> #VALUE! | C1: 3 | D1: 4
B3: BANNER UNIVERSITY MEDICAL CENTER PHOENIX
B4: HEART TRANSPLANT CONTRACT (HRT)
B5: EFFECTIVE 10/1/2026 THROUGH 9/30/2027
B6: TRANSPLANT FACILITY ID# 529985
D8: ADULTS
C9: COMPONENTS | D9: INCLUSIVE RATE
A10: 1 | C10: OUTPATIENT EVALUATION* - Initial evaluation performed in an outpatient setting only* (not eligible for outlier consideration). Inpatient evaluations are billed outside the transplant contract. | D10: =VLOOKUP(A10,BUMCP_HEART,9,FALSE) -> 10448
A11: 2 | C11: PREP AND TRANSPLANT | D11: =VLOOKUP(A11,BUMCP_HEART,9,FALSE) -> 130267
A12: 3 | C12: FOLLOW UP CARE - From day 1 post transplant through day 30 or a portion thereof | D12: =VLOOKUP(A12,BUMCP_HEART,9,FALSE) -> 98660
A13: 4 | C13: FOLLOW UP CARE - From day 31 through day 60 or a portion thereof | D13: =VLOOKUP(A13,BUMCP_HEART,9,FALSE) -> 41929
C14: TOTAL HEART | D14: =SUM(D10:D13) -> 281304
A16: 5 | C16: PER DIEM RATES for day 61+ of inpatient acute hospital care | D16: =VLOOKUP(A16,BUMCP_HEART,9,FALSE) -> 2554
A17: 6 | C17: Days 11+/61+ paid at the per diem rate are not subject to the transplant outlier (prep and transplant through day 60) but are subject to outlier pursuant to the transplant specialty contract at an established threshold of $8,014.19 | D17: =VLOOKUP(A17,BUMCP_HEART,9,FALSE) -> 8014.1928
D19: Outlier Threshold
A20: 7 | C20: **Heart cases will be reimbursed at case rate unless total billed charges for components PREP AND TRANSPLANT and FOLLOW UP CARE Day 1-60 exceed the Outlier Threshold. Then all charges over the Outlier Threshold will be reimbursed at 50% of billed charges. | D20: =VLOOKUP(A20,BUMCP_HEART,9,FALSE) -> 355662 | E20: Post care while patient is on the VAD will be paid at the AHCCCS plan negotiated or default contracted rates.
A21: 8 | C21: Rate Above Threshold | D21: =VLOOKUP(A21,BUMCP_HEART,9,FALSE) -> 0.5
C23: ***AHCCCS will pay for Ventricular Assistance Devices (VADs), Cardiac Assistance Devices (CAD's), and Total Artificial Heart (TAH) separately provided the device is inserted as a bridge to transplant and the use conforms to the AHCCCS AM/PM policy regarding VADs, CADs and TAH's. As long as this provision is met, AHCCCS will pay up to the actual amount the facility is billed by the manufacturer for the device plus ten percent (10%). AHCCCS will require the facility's invoice for the devIce prior to payment. CAD/VAD/TAH's inserted as destination therapy are covered outside the Transplant Contract.
C25: *The inpatient transplant evaluation(s) is not a billing component under the transplant specialty contract. Services provided to an AHCCCS member enrolled as a fee for service member, by a transplant facility, for the purpose of determining whether the member is a candidate for a solid organ or a hematopoietic stem cell (bone marrow, peripheral blood or cord blood) transplant will be reimbursed based on the AHCCCS Fee-For Service rates, including the DRG based hospital payment system if the member is an inpatient.

Sheet 2026_BUMCP_KIDNEY_CADAVERIC
A1: {=MID(CELL("filename",A1),FIND("]",CELL("filename",A1))+1,255)} -> #VALUE! | C1: 3 | D1: 4
B3: BANNER UNIVERSITY MEDICAL CENTER PHOENIX
A4: ` | B4: CADAVERIC DONOR KIDNEY TRANSPLANT CONTRACT (CKY)
B5: EFFECTIVE 10/1/2026 THROUGH 9/30/2027
B6: TRANSPLANT FACILITY ID# 529985
D8: ADULTS
C9: COMPONENTS | D9: INCLUSIVE RATE
A10: 1 | C10: OUTPATIENT EVALUATION* - Initial evaluation performed in an outpatient setting only* (not eligible for outlier consideration). Inpatient evaluations are billed outside the transplant contract. | D10: =VLOOKUP(A10,BUMCP_KIDNEY_CADAVERIC,9,FALSE) -> 5328
A11: 2 | C11: PREP & TRANSPLANT UP TO AND INCLUDING DAY 10 OF INPATIENT CONVALESCENT CARE. | D11: =VLOOKUP(A11,BUMCP_KIDNEY_CADAVERIC,9,FALSE) -> 126161
C12: TOTAL KIDNEY (CADAVERIC DONOR) | D12: =SUM(D10:D11) -> 131489
A14: 3 | C14: PER DIEM RATES for day 11+ of inpatient acute hospital care | D14: =VLOOKUP(A14,BUMCP_KIDNEY_CADAVERIC,9,FALSE) -> 2554
A15: 4 | C15: Days 11+/61+ paid at the per diem rate are not subject to the transplant outlier (prep and transplant through day 60) but are subject to outlier pursuant to the transplant specialty contract at an established threshold of $8,014.19 | D15: =VLOOKUP(A15,BUMCP_KIDNEY_CADAVERIC,9,FALSE) -> 8014.1928
C17: The inpatient transplant evaluation(s) is not a billing component under the transplant specialty contract. Services provided to an AHCCCS member enrolled as a fee for service member, by a transplant facility, for the purpose of determining whether the member is a candidate for a solid organ or a hematopoietic stem cell (bone marrow, peripheral blood or cord blood) transplant will be reimbursed based on the AHCCCS Fee-For Service rates, including the DRG based hospital payment system if the member is an inpatient.

Sheet 2026_BUMCP_KIDNEY_LIVING
A1: {=MID(CELL("filename",A1),FIND("]",CELL("filename",A1))+1,255)} -> #VALUE! | C1: 3 | D1: 4
B3: BANNER UNIVERSITY MEDICAL CENTER PHOENIX
B4: LIVING DONOR KIDNEY TRANSPLANT CONTRACT (KDY)
B5: EFFECTIVE 10/1/2026 THROUGH 9/30/2027
B6: TRANSPLANT FACILITY ID# 529985
D8: ADULTS
C9: COMPONENTS | D9: INCLUSIVE RATE
A10: 1 | C10: OUTPATIENT EVALUATION* - Initial evaluation performed in an outpatient setting only* (not eligible for outlier consideration). Inpatient evaluations are billed outside the transplant contract. | D10: =VLOOKUP(A10,BUMCP_KIDNEY_LIVING,9,FALSE) -> 5328
A11: 2 | C11: PREP & TRANSPLANT UP TO AND INCLUDING DAY 10 OF INPATIENT CONVALESCENT CARE | D11: =VLOOKUP(A11,BUMCP_KIDNEY_LIVING,9,FALSE) -> 126161
A12: 3 | C12: LIVING DONOR SURGERY AND INPATIENT RECOVERY UP TO AND INCLUDING DAY 3 OF INPATIENT CONVALESCENT CARE | D12: =VLOOKUP(A12,BUMCP_KIDNEY_LIVING,9,FALSE) -> 20008
C13: TOTAL KIDNEY (LIVING DONOR) | D13: =SUM(D10:D12) -> 151497
A15: 4 | C15: PER DIEM RATES for day 11+ of inpatient acute hospital care | D15: =VLOOKUP(A15,BUMCP_KIDNEY_LIVING,9,FALSE) -> 2554
A16: 5 | C16: Days 11+/61+ paid at the per diem rate are not subject to the transplant outlier (prep and transplant through day 60) but are subject to outlier pursuant to the transplant specialty contract at an established threshold of $8,014.19 | D16: =VLOOKUP(A16,BUMCP_KIDNEY_LIVING,9,FALSE) -> 8014.1928
C18: The inpatient transplant evaluation(s) is not a billing component under the transplant specialty contract. Services provided to an AHCCCS member enrolled as a fee for service member, by a transplant facility, for the purpose of determining whether the member is a candidate for a solid organ or a hematopoietic stem cell (bone marrow, peripheral blood or cord blood) transplant will be reimbursed based on the AHCCCS Fee-For Service rates, including the DRG based hospital payment system if the member is an inpatient.

Sheet 2026_BUMCP_PANCREA_AFTER_KDY
A1: {=MID(CELL("filename",A1),FIND("]",CELL("filename",A1))+1,255)} -> #VALUE! | C1: 3 | D1: 4
B3: BANNER UNIVERSITY MEDICAL CENTER PHOENIX
B4: PANCREAS AFTER KIDNEY TRANSPLANT CONTRACT (PAK)
B5: EFFECTIVE 10/1/2026 THROUGH 9/30/2027
B6: TRANSPLANT FACILITY ID# 529985
D8: ADULTS
C9: COMPONENTS | D9: INCLUSIVE RATE
A10: 1 | C10: OUTPATIENT EVALUATION* - Initial evaluation performed in an outpatient setting only* (not eligible for outlier consideration). Inpatient evaluations are billed outside the transplant contract. | D10: =VLOOKUP(A10,BUMCP_PANCREA_AFTER_KDY,9,FALSE) -> 3843
A11: 2 | C11: PREP AND TRANSPLANT | D11: =VLOOKUP(A11,BUMCP_PANCREA_AFTER_KDY,9,FALSE) -> 95668
A12: 3 | C12: FOLLOW UP CARE - From day 1 post transplant through day 30 or a portion thereof | D12: =VLOOKUP(A12,BUMCP_PANCREA_AFTER_KDY,9,FALSE) -> 42548
A13: 4 | C13: FOLLOW UP CARE - From day 31 through day 60 or a portion thereof | D13: =VLOOKUP(A13,BUMCP_PANCREA_AFTER_KDY,9,FALSE) -> 9262
C14: TOTAL PANCREAS AFTER KIDNEY | D14: =SUM(D10:D13) -> 151321
A16: 5 | C16: PER DIEM RATES for day 61+ of inpatient acute hospital care | D16: =VLOOKUP(A16,BUMCP_PANCREA_AFTER_KDY,9,FALSE) -> 2554
A17: 6 | C17: Days 11+/61+ paid at the per diem rate are not subject to the transplant outlier (prep and transplant through day 60) but are subject to outlier pursuant to the transplant specialty contract at an established threshold of $8,014.19 | D17: =VLOOKUP(A17,BUMCP_PANCREA_AFTER_KDY,9,FALSE) -> 8014.1928
C20: The inpatient transplant evaluation(s) is not a billing component under the transplant specialty contract. Services provided to an AHCCCS member enrolled as a fee for service member, by a transplant facility, for the purpose of determining whether the member is a candidate for a solid organ or a hematopoietic stem cell (bone marrow, peripheral blood or cord blood) transplant will be reimbursed based on the AHCCCS Fee-For Service rates, including the DRG based hospital payment system if the member is an inpatient.

Sheet 2026_BUMCP_SIM_KIDNEY_PANCR
A1: {=MID(CELL("filename",A1),FIND("]",CELL("filename",A1))+1,255)} -> #VALUE! | C1: 3 | D1: 4
B3: BANNER UNIVERSITY MEDICAL CENTER PHOENIX
B4: SIMULATANEOUS KIDNEY/PANCREAS TRANSPLANT CONTRACT (SPK)
B5: EFFECTIVE 10/1/2026 THROUGH 9/30/2027
B6: TRANSPLANT FACILITY ID# 529985
D8: ADULTS
C9: COMPONENTS | D9: INCLUSIVE RATE
A10: 1 | C10: OUTPATIENT EVALUATION* - Initial evaluation performed in an outpatient setting only* (not eligible for outlier consideration). Inpatient evaluations are billed outside the transplant contract. | D10: =VLOOKUP(A10,BUMCP_SIM_KIDNEY_PANCR,9,FALSE) -> 5518
A11: 2 | C11: PREP AND TRANSPLANT | D11: =VLOOKUP(A11,BUMCP_SIM_KIDNEY_PANCR,9,FALSE) -> 136293
A12: 3 | C12: FOLLOW UP CARE - From day 1 post transplant through day 30 or a portion thereof | D12: =VLOOKUP(A12,BUMCP_SIM_KIDNEY_PANCR,9,FALSE) -> 55217
A13: 4 | C13: FOLLOW UP CARE - From day 31 through day 60 or a portion thereof | D13: =VLOOKUP(A13,BUMCP_SIM_KIDNEY_PANCR,9,FALSE) -> 10396
C14: TOTAL KIDNEY/PANCREAS | D14: =SUM(D10:D13) -> 207424
A16: 5 | C16: PER DIEM RATES for day 61+ of inpatient acute hospital care | D16: =VLOOKUP(A16,BUMCP_SIM_KIDNEY_PANCR,9,FALSE) -> 2554
A17: 6 | C17: Days 11+/61+ paid at the per diem rate are not subject to the transplant outlier (prep and transplant through day 60) but are subject to outlier pursuant to the transplant specialty contract at an established threshold of $8,014.19 | D17: =VLOOKUP(A17,BUMCP_SIM_KIDNEY_PANCR,9,FALSE) -> 8014.1928
C19: The inpatient transplant evaluation(s) is not a billing component under the transplant specialty contract. Services provided to an AHCCCS member enrolled as a fee for service member, by a transplant facility, for the purpose of determining whether the member is a candidate for a solid organ or a hematopoietic stem cell (bone marrow, peripheral blood or cord blood) transplant will be reimbursed based on the AHCCCS Fee-For Service rates, including the DRG based hospital payment system if the member is an inpatient.

Sheet 2026_BUMCP_CAD_LIVER
A1: {=MID(CELL("filename",A1),FIND("]",CELL("filename",A1))+1,255)} -> #VALUE! | C1: 3 | D1: 4
B3: BANNER UNIVERSITY MEDICAL CENTER PHOENIX
B4: ADULT CADAVERIC LIVER TRANSPLANT CONTRACT (LIV)
B5: EFFECTIVE 10/1/2026 THROUGH 9/30/2027
B6: TRANSPLANT FACILITY ID# 529985
D8: ADULTS
C9: COMPONENTS | D9: INCLUSIVE RATE
A10: 1 | C10: OUTPATIENT EVALUATION* - Initial evaluation performed in an outpatient setting only* (not eligible for outlier consideration). Inpatient evaluations are billed outside the transplant contract. | D10: =VLOOKUP(A10,BUMCP_CAD_LIVER,9,FALSE) -> 8017
A11: 2 | C11: PREP AND TRANSPLANT | D11: =VLOOKUP(A11,BUMCP_CAD_LIVER,9,FALSE) -> 170126
A12: 3 | C12: FOLLOW UP CARE - From day 1 post transplant through day 30 or a portion thereof | D12: =VLOOKUP(A12,BUMCP_CAD_LIVER,9,FALSE) -> 78633
A13: 4 | C13: FOLLOW UP CARE - From day 31 through day 60 or a portion thereof | D13: =VLOOKUP(A13,BUMCP_CAD_LIVER,9,FALSE) -> 39315
C14: TOTAL LIVER | D14: =SUM(D10:D13) -> 296091
A16: 5 | C16: PER DIEM RATES for day 61+ of inpatient acute hospital care | D16: =VLOOKUP(A16,BUMCP_CAD_LIVER,9,FALSE) -> 2554
A17: 6 | C17: Days 11+/61+ paid at the per diem rate are not subject to the transplant outlier (prep and transplant through day 60) but are subject to outlier pursuant to the transplant specialty contract at an established threshold of $8,014.19 | D17: =VLOOKUP(A17,BUMCP_CAD_LIVER,9,FALSE) -> 8014.1928
C19: The inpatient transplant evaluation(s) is not a billing component under the transplant specialty contract. Services provided to an AHCCCS member enrolled as a fee for service member, by a transplant facility, for the purpose of determining whether the member is a candidate for a solid organ or a hematopoietic stem cell (bone marrow, peripheral blood or cord blood) transplant will be reimbursed based on the AHCCCS Fee-For Service rates, including the DRG based hospital payment system if the member is an inpatient.

Sheet 2026_BUMCP_SIMUL_CAD_LIV_KDY
A1: {=MID(CELL("filename",A1),FIND("]",CELL("filename",A1))+1,255)} -> #VALUE! | C1: 3 | D1: 4
B3: BANNER UNIVERSITY MEDICAL CENTER PHOENIX
B4: SIMULTANEOUS CADAVERIC LIVER/KIDNEY TRANSPLANT CONTRACT (SLK)
B5: EFFECTIVE 10/1/2026 THROUGH 9/30/2027
B6: TRANSPLANT FACILITY ID# 529985
D8: ADULTS
C9: COMPONENTS | D9: INCLUSIVE RATE
A10: 1 | C10: OUTPATIENT EVALUATION* - Initial evaluation performed in an outpatient setting only* (not eligible for outlier consideration). Inpatient evaluations are billed outside the transplant contract. | D10: =VLOOKUP(A10,BUMCP_SIMUL_CAD_LIV_KDY,9,FALSE) -> 8271
A11: 2 | C11: PREP AND TRANSPLANT | D11: =VLOOKUP(A11,BUMCP_SIMUL_CAD_LIV_KDY,9,FALSE) -> 224676
A12: 3 | C12: FOLLOW UP CARE - From day 1 post transplant through day 30 or a portion thereof | D12: =VLOOKUP(A12,BUMCP_SIMUL_CAD_LIV_KDY,9,FALSE) -> 121642
A13: 4 | C13: FOLLOW UP CARE - From day 31 through day 60 or a portion thereof | D13: =VLOOKUP(A13,BUMCP_SIMUL_CAD_LIV_KDY,9,FALSE) -> 44084
C14: TOTAL LIVER/KIDNEY | D14: =SUM(D10:D13) -> 398673
A16: 5 | C16: PER DIEM RATES for day 61+ of inpatient acute hospital care | D16: =VLOOKUP(A16,BUMCP_SIMUL_CAD_LIV_KDY,9,FALSE) -> 2554
A17: 6 | C17: Days 11+/61+ paid at the per diem rate are not subject to the transplant outlier (prep and transplant through day 60) but are subject to outlier pursuant to the transplant specialty contract at an established threshold of $8,014.19 | D17: =VLOOKUP(A17,BUMCP_SIMUL_CAD_LIV_KDY,9,FALSE) -> 8014.1928
C19: *The inpatient transplant evaluation(s) is not a billing component under the transplant specialty contract. Services provided to an AHCCCS member enrolled as a fee for service member, by a transplant facility, for the purpose of determining whether the member is a candidate for a solid organ or a hematopoietic stem cell (bone marrow, peripheral blood or cord blood) transplant will be reimbursed based on the AHCCCS Fee-For Service rates, including the DRG based hospital payment system if the member is an inpatient.

Sheet 2026_BUMCT_AUT_PEDS
A1: {=MID(CELL("filename",A1),FIND("]",CELL("filename",A1))+1,255)} -> #VALUE! | C1: 3 | D1: 4
C3: BANNER UNIVERSITY MEDICAL CENTER TUCSON CAMPUS, LLC
B4: PEDIATRIC AUTOLOGOUS BONE MARROW TRANSPLANT CONTRACT (PAU)
B5: EFFECTIVE 10/1/2026 THROUGH 9/30/2027
B6: TRANSPLANT FACILITY ID# 988439
D8: PEDIATRIC**
C9: COMPONENTS | D9: INCLUSIVE RATE
A10: 1 | C10: OUTPATIENT EVALUATION* - Initial evaluation performed in an outpatient setting only* (not eligible for outlier consideration). Inpatient evaluations are billed outside the transplant contract. | D10: =VLOOKUP(A10,BUMCT_AUT_PEDS,9,FALSE) -> 6509
A11: 2 | C11: AUTOLOGOUS HARVEST | D11: =VLOOKUP(A11,BUMCT_AUT_PEDS,9,FALSE) -> 17147
A12: 3 | C12: PREP AND TRANSPLANT | D12: =VLOOKUP(A12,BUMCT_AUT_PEDS,9,FALSE) -> 63845
A13: 4 | C13: FOLLOW UP CARE - From day 1 post transplant through day 30 or a portion thereof | D13: =VLOOKUP(A13,BUMCT_AUT_PEDS,9,FALSE) -> 86558
A14: 5 | C14: FOLLOW UP CARE - From day 31 through day 60 or a portion thereof | D14: =VLOOKUP(A14,BUMCT_AUT_PEDS,9,FALSE) -> 12295
C15: TOTAL AUTOLOGOUS BONE MARROW | D15: =SUM(D10:D14) -> 186354
A17: 6 | C17: PER DIEM RATES for day 61+ of inpatient acute hospital care | D17: =VLOOKUP(A17,BUMCT_AUT_PEDS,9,FALSE) -> 2554
A18: 7 | C18: Days 11+/61+ paid at the per diem rate are not subject to the transplant outlier (prep and transplant through day 60) but are subject to outlier pursuant to the transplant specialty contract at an established threshold of $8,014.19 | D18: =VLOOKUP(A18,BUMCT_AUT_PEDS,9,FALSE) -> 8014.1928
C21: *The inpatient transplant evaluation(s) is not a billing component under the transplant specialty contract. Services provided to an AHCCCS member enrolled as a fee for service member, by a transplant facility, for the purpose of determining whether the member is a candidate for a solid organ or a hematopoietic stem cell (bone marrow, peripheral blood or cord blood) transplant will be reimbursed based on the AHCCCS Fee-For Service rates, including the DRG based hospital payment system if the member is an inpatient.
C23: **Pediatric services are those defined under EPSDT-Early and Periodic Screening, Diagnosis and Treatment as services for persons under 21 years of age, as described in AHCCCS rules R9-22, Article 2 (R9-22-213)
C25: ***AHCCCS will pay for TOTAL BODY IRRADIATION (TBI) separately and in addition to the existing rates provided the use conforms to the AHCCCS AM/PM policy regarding TBI. Rates for TBI are posted on the corresponding TBI rate sheet.

Sheet 2026_BUMCT_ALLO_RELA_PEDS
A1: {=MID(CELL("filename",A1),FIND("]",CELL("filename",A1))+1,255)} -> #VALUE! | C1: 3 | D1: 4
B3: BANNER UNIVERSITY MEDICAL CENTER TUCSON CAMPUS, LLC
B4: PEDIATRIC ALLOGENEIC RELATED BONE MARROW TRANSPLANT CONTRACT (PAL)
B5: EFFECTIVE 10/1/2026 THROUGH 9/30/2027
B6: TRANSPLANT FACILITY ID# 988439
D8: PEDIATRIC**
C9: COMPONENTS | D9: INCLUSIVE RATE
A10: 1 | C10: OUTPATIENT EVALUATION* - Initial evaluation performed in an outpatient setting only* (not eligible for outlier consideration). Inpatient evaluations are billed outside the transplant contract. | D10: =VLOOKUP(A10,BUMCT_ALLO_RELA_PEDS,9,FALSE) -> 6554
A11: 2 | C11: RELATED DONOR SEARCH* | D11: =VLOOKUP(A11,BUMCT_ALLO_RELA_PEDS,9,FALSE) -> 5359
A12: 3 | C12: RELATED DONOR HARVEST | D12: =VLOOKUP(A12,BUMCT_ALLO_RELA_PEDS,9,FALSE) -> 17682
A13: 4 | C13: PREP AND TRANSPLANT | D13: =VLOOKUP(A13,BUMCT_ALLO_RELA_PEDS,9,FALSE) -> 63855
A14: 5 | C14: FOLLOW UP CARE - From day 1 post transplant through day 30 or a portion thereof | D14: =VLOOKUP(A14,BUMCT_ALLO_RELA_PEDS,9,FALSE) -> 86574
A15: 6 | C15: FOLLOW UP CARE - From day 31 through day 60 or a portion thereof | D15: =VLOOKUP(A15,BUMCT_ALLO_RELA_PEDS,9,FALSE) -> 12302
C16: TOTAL ALLOGENEIC RELATED | D16: =SUM(D10:D15) -> 192326
A18: 7 | C18: PER DIEM RATES for day 61+ of inpatient acute hospital care | D18: =VLOOKUP(A18,BUMCT_ALLO_RELA_PEDS,9,FALSE) -> 2554
A19: 8 | C19: Days 11+/61+ paid at the per diem rate are not subject to the transplant outlier (prep and transplant through day 60) but are subject to outlier pursuant to the transplant specialty contract at an established threshold of $8,014.19 | D19: =VLOOKUP(A19,BUMCT_ALLO_RELA_PEDS,9,FALSE) -> 8014.1928
C21: *Multiple Donor Searches will not be reimbursed for Allogeneic Related and Haploid Bone Marrow Transplant. *The inpatient transplant evaluation(s) is not a billing component under the transplant specialty contract. Services provided to an AHCCCS member enrolled as a fee for service member, by a transplant facility, for the purpose of determining whether the member is a candidate for a solid organ or a hematopoietic stem cell (bone marrow, peripheral blood or cord blood) transplant will be reimbursed based on the AHCCCS Fee-For Service rates, including the DRG based hospital payment system if the member is an inpatient.
C23: **Pediatric services are those defined under EPSDT-Early and Periodic Screening, Diagnosis and Treatment as services for persons under 21 years of age, as described in AHCCCS rules R9-22, Article 2 (R9-22-213)
C25: ***AHCCCS will pay for TOTAL BODY IRRADIATION (TBI) separately and in addition to the existing rates provided the use conforms to the AHCCCS AM/PM policy regarding TBI. Rates for TBI are posted on the corresponding TBI rate sheet.

Sheet 2026_BUMCT_HAPLOID_PEDS
A1: {=MID(CELL("filename",A1),FIND("]",CELL("filename",A1))+1,255)} -> #VALUE! | C1: 3 | D1: 4
B3: BANNER UNIVERSITY MEDICAL CENTER TUCSON CAMPUS, LLC
B4: PEDIATRIC HAPLOID HEMATOPOIETIC STEM CELL TRANSPLANT CONTRACT (PHA)
B5: EFFECTIVE 10/1/2026 THROUGH 9/30/2027
B6: TRANSPLANT FACILITY ID# 988439
D8: PEDIATRIC**
C9: COMPONENTS | D9: INCLUSIVE RATE
A10: 1 | C10: OUTPATIENT EVALUATION* - Initial evaluation performed in an outpatient setting only* (not eligible for outlier consideration). Inpatient evaluations are billed outside the transplant contract. | D10: =VLOOKUP(A10,BUMCT_HAPLOID_PEDS,9,FALSE) -> 6652
A11: 2 | C11: DONOR SEARCH * | D11: =VLOOKUP(A11,BUMCT_HAPLOID_PEDS,9,FALSE) -> 11744
A12: 3 | C12: DONOR HARVEST (includes stem cell harvest) - National Bone Marrow Donor Program | D12: =VLOOKUP(A12,BUMCT_HAPLOID_PEDS,9,FALSE) -> 17682
A13: 4 | C13: PREP AND TRANSPLANT | D13: =VLOOKUP(A13,BUMCT_HAPLOID_PEDS,9,FALSE) -> 63963
A14: 5 | C14: FOLLOW UP CARE - From day 1 post transplant through day 30 or a portion thereof | D14: =VLOOKUP(A14,BUMCT_HAPLOID_PEDS,9,FALSE) -> 101033
A15: 6 | C15: FOLLOW UP CARE - From day 31 through day 60 or a portion thereof | D15: =VLOOKUP(A15,BUMCT_HAPLOID_PEDS,9,FALSE) -> 33411
C16: TOTAL HAPLOID RELATED | D16: =SUM(D10:D15) -> 234485
A18: 7 | C18: PER DIEM RATES for day 61+ of inpatient acute hospital care | D18: =VLOOKUP(A18,BUMCT_HAPLOID_PEDS,9,FALSE) -> 2554
A19: 8 | C19: Days 11+/61+ paid at the per diem rate are not subject to the transplant outlier (prep and transplant through day 60) but are subject to outlier pursuant to the transplant specialty contract at an established threshold of $8,014.19 | D19: =VLOOKUP(A19,BUMCT_HAPLOID_PEDS,9,FALSE) -> 8014.1928
D21: Outlier Threshold
A22: 9 | C22: Outliers: Haploid Related cases and Severe Immune Syndrome (SCIDS) cases will be reimbursed at case rates unless billed charges for PREP AND TRANSPLANT AND FOLLOW UP CARE through day 60 exceed the Outlier Threshold. If total billed charges exceed the Outlier Threshold then the outlier reimbursement will be reimbursed at 50% of billed charges. | D22: =VLOOKUP(A22,BUMCT_HAPLOID_PEDS,9,FALSE) -> 257547
A23: 10 | C23: Rate Above Threshold | D23: =VLOOKUP(A23,BUMCT_HAPLOID_PEDS,9,FALSE) -> 0.5
C25: *Multiple Donor Searches will not be reimbursed for Allogeneic Related and Haploid Bone Marrow Transplant. *The inpatient transplant evaluation(s) is not a billing component under the transplant specialty contract. Services provided to an AHCCCS member enrolled as a fee for service member, by a transplant facility, for the purpose of determining whether the member is a candidate for a solid organ or a hematopoietic stem cell (bone marrow, peripheral blood or cord blood) transplant will be reimbursed based on the AHCCCS Fee-For Service rates, including the DRG based hospital payment system if the member is an inpatient.
C27: **Pediatric services are those defined under EPSDT-Early and Periodic Screening, Diagnosis and Treatment as services for persons under 21 years of age, as described in AHCCCS rules R9-22, Article 2 (R9-22-213)
C29: ***AHCCCS will pay for TOTAL BODY IRRADIATION (TBI) separately and in addition to the existing rates provided the use conforms to the AHCCCS AM/PM policy regarding TBI. Rates for TBI are posted on the corresponding TBI rate sheet.

Sheet 2026_BUMCT_ALLO_UNRE_PEDS
A1: {=MID(CELL("filename",A1),FIND("]",CELL("filename",A1))+1,255)} -> #VALUE! | C1: 3 | D1: 4
B3: BANNER UNIVERSITY MEDICAL CENTER TUCSON CAMPUS, LLC
B4: PEDIATRIC ALLOGENEIC UNRELATED BONE MARROW TRANSPLANT CONTRACT (PLU)
B5: EFFECTIVE 10/1/2026 THROUGH 9/30/2027
B6: TRANSPLANT FACILITY ID# 988439
D8: PEDIATRIC**
C9: COMPONENTS | D9: INCLUSIVE RATE
A10: 1 | C10: OUTPATIENT EVALUATION* - Initial evaluation performed in an outpatient setting only* (not eligible for outlier consideration). Inpatient evaluations are billed outside the transplant contract. | D10: =VLOOKUP(A10,BUMCT_ALLO_UNRE_PEDS,9,FALSE) -> 6797
A11: 2 | C11: UNRELATED DONOR SEARCH | D11: =VLOOKUP(A11,BUMCT_ALLO_UNRE_PEDS,9,FALSE) -> 12000
A12: 3 | C12: DONOR HARVEST (includes stem cell harvest) - National Bone Marrow Donor Program | D12: =VLOOKUP(A12,BUMCT_ALLO_UNRE_PEDS,9,FALSE) -> NBMD or Cord blood Invoice Cost
A13: 4 | C13: PREP AND TRANSPLANT | D13: =VLOOKUP(A13,BUMCT_ALLO_UNRE_PEDS,9,FALSE) -> 65369
A14: 5 | C14: FOLLOW UP CARE - From day 1 post transplant through day 30 or a portion thereof | D14: =VLOOKUP(A14,BUMCT_ALLO_UNRE_PEDS,9,FALSE) -> 103256
A15: 6 | C15: FOLLOW UP CARE - From day 31 through day 60 or a portion thereof | D15: =VLOOKUP(A15,BUMCT_ALLO_UNRE_PEDS,9,FALSE) -> 34146
C16: TOTAL ALLOGENEIC UNRELATED BONE MARROW | D16: =SUM(D10:D15) -> 221568
A18: 7 | C18: PER DIEM RATES for day 61+ of inpatient acute hospital care | D18: =VLOOKUP(A18,BUMCT_ALLO_UNRE_PEDS,9,FALSE) -> 2554
A19: 8 | C19: Days 11+/61+ paid at the per diem rate are not subject to the transplant outlier (prep and transplant through day 60) but are subject to outlier pursuant to the transplant specialty contract at an established threshold of $8,014.19 | D19: =VLOOKUP(A19,BUMCT_ALLO_UNRE_PEDS,9,FALSE) -> 8014.1928
D21: Outlier Threshold
A22: 9 | C22: Outliers: Matched unrelated allogeneic and Severe Immune Syndrome (SCIDS) cases will be reimbursed at case rates unless billed charges exceed the Outlier Threshold. The case rate will cover the Outlier Threshold then charges greater than the Outlier Threshold will be reimbursed at 50% of billed charges. | D22: =VLOOKUP(A22,BUMCT_ALLO_UNRE_PEDS,9,FALSE) -> 282076
A23: 10 | C23: Rate Above Threshold | D23: =VLOOKUP(A23,BUMCT_ALLO_UNRE_PEDS,9,FALSE) -> 0.5
C25: The inpatient transplant evaluation(s) is not a billing component under the transplant specialty contract. Services provided to an AHCCCS member enrolled as a fee for service member, by a transplant facility, for the purpose of determining whether the member is a candidate for a solid organ or a hematopoietic stem cell (bone marrow, peripheral blood or cord blood) transplant will be reimbursed based on the AHCCCS Fee-For Service rates, including the DRG based hospital payment system if the member is an inpatient.
C27: **Pediatric services are those defined under EPSDT-Early and Periodic Screening, Diagnosis and Treatment as services for persons under 21 years of age, as described in AHCCCS rules R9-22, Article 2 (R9-22-213)
C29: ***AHCCCS will pay for TOTAL BODY IRRADIATION (TBI) separately and in addition to the existing rates provided the use conforms to the AHCCCS AM/PM policy regarding TBI. Rates for TBI are posted on the corresponding TBI rate sheet.

Sheet 2026_BUMCT_BMT_AUTO_ADULT
A1: {=MID(CELL("filename",A1),FIND("]",CELL("filename",A1))+1,255)} -> #VALUE! | C1: 3 | D1: 4
B3: BANNER UNIVERSITY MEDICAL CENTER TUCSON CAMPUS, LLC
B4: ADULT AUTOLOGOUS BONE MARROW TRANSPLANT CONTRACT (AUT)
B5: EFFECTIVE 10/1/2026 THROUGH 9/30/2027
B6: TRANSPLANT FACILITY ID# 988439
D8: ADULTS
C9: COMPONENTS | D9: INCLUSIVE RATE
A10: 1 | C10: OUTPATIENT EVALUATION* - Initial evaluation performed in an outpatient setting only* (not eligible for outlier consideration). Inpatient evaluations are billed outside the transplant contract. | D10: =VLOOKUP(A10,BUMCT_BMT_AUTO_ADULT,9,FALSE) -> 6509
A11: 2 | C11: AUTOLOGOUS HARVEST | D11: =VLOOKUP(A11,BUMCT_BMT_AUTO_ADULT,9,FALSE) -> 17147
A12: 3 | C12: PREP AND TRANSPLANT | D12: =VLOOKUP(A12,BUMCT_BMT_AUTO_ADULT,9,FALSE) -> 63845
A13: 4 | C13: FOLLOW UP CARE - From day 1 post transplant through day 30 or a portion thereof | D13: =VLOOKUP(A13,BUMCT_BMT_AUTO_ADULT,9,FALSE) -> 86558
A14: 5 | C14: FOLLOW UP CARE - From day 31 through day 60 or a portion thereof | D14: =VLOOKUP(A14,BUMCT_BMT_AUTO_ADULT,9,FALSE) -> 12295
C15: TOTAL AUTOLOGOUS BMT | D15: =SUM(D10:D14) -> 186354
A17: 6 | C17: PER DIEM RATES for day 61+ of inpatient acute hospital care | D17: =VLOOKUP(A17,BUMCT_BMT_AUTO_ADULT,9,FALSE) -> 2554
A18: 7 | C18: Days 11+/61+ paid at the per diem rate are not subject to the transplant outlier (prep and transplant through day 60) but are subject to outlier pursuant to the transplant specialty contract at an established threshold of $8,014.19 | D18: =VLOOKUP(A18,BUMCT_BMT_AUTO_ADULT,9,FALSE) -> 8014.1928
C20: *The inpatient transplant evaluation(s) is not a billing component under the transplant specialty contract. Services provided to an AHCCCS member enrolled as a fee for service member, by a transplant facility, for the purpose of determining whether the member is a candidate for a solid organ or a hematopoietic stem cell (bone marrow, peripheral blood or cord blood) transplant will be reimbursed based on the AHCCCS Fee-For Service rates, including the DRG based hospital payment system if the member is an inpatient.
C22: ***AHCCCS will pay for TOTAL BODY IRRADIATION (TBI) separately and in addition to the existing rates provided the use conforms to the AHCCCS AM/PM policy regarding TBI. Rates for TBI are posted on the corresponding TBI rate sheet.

Sheet 2026_BUMCT_BMT_ALLO_REL_ADULT
A1: {=MID(CELL("filename",A1),FIND("]",CELL("filename",A1))+1,255)} -> #VALUE! | C1: 3 | D1: 4
B3: BANNER UNIVERSITY MEDICAL CENTER TUCSON CAMPUS, LLC
B4: ADULT ALLOGENEIC RELATED BONE MARROW TRANSPLANT CONTRACT (ALO)
B5: EFFECTIVE 10/1/2026 THROUGH 9/30/2027
B6: TRANSPLANT FACILITY ID# 988439
D8: ADULTS
C9: COMPONENTS | D9: INCLUSIVE RATE
A10: 1 | C10: OUTPATIENT EVALUATION* - Initial evaluation performed in an outpatient setting only* (not eligible for outlier consideration). Inpatient evaluations are billed outside the transplant contract. | D10: =VLOOKUP(A10,BUMCT_BMT_ALLO_REL_ADULT,9,FALSE) -> 6554
A11: 2 | C11: RELATED DONOR SEARCH* | D11: =VLOOKUP(A11,BUMCT_BMT_ALLO_REL_ADULT,9,FALSE) -> 5359
A12: 3 | C12: RELATED DONOR HARVEST | D12: =VLOOKUP(A12,BUMCT_BMT_ALLO_REL_ADULT,9,FALSE) -> 17682
A13: 4 | C13: PREP AND TRANSPLANT | D13: =VLOOKUP(A13,BUMCT_BMT_ALLO_REL_ADULT,9,FALSE) -> 63855
A14: 5 | C14: FOLLOW UP CARE - From day 1 post transplant through day 30 or a portion thereof | D14: =VLOOKUP(A14,BUMCT_BMT_ALLO_REL_ADULT,9,FALSE) -> 86574
A15: 6 | C15: FOLLOW UP CARE - From day 31 through day 60 or a portion thereof | D15: =VLOOKUP(A15,BUMCT_BMT_ALLO_REL_ADULT,9,FALSE) -> 12302
C16: TOTAL ALLOGENEIC RELATED | D16: =SUM(D10:D15) -> 192326
A18: 7 | C18: PER DIEM RATES for day 61+ of inpatient acute hospital care | D18: =VLOOKUP(A18,BUMCT_BMT_ALLO_REL_ADULT,9,FALSE) -> 2554
A19: 8 | C19: Days 11+/61+ paid at the per diem rate are not subject to the transplant outlier (prep and transplant through day 60) but are subject to outlier pursuant to the transplant specialty contract at an established threshold of $8,014.19 | D19: =VLOOKUP(A19,BUMCT_BMT_ALLO_REL_ADULT,9,FALSE) -> 8014.1928
C21: *Multiple Donor Searches will not be reimbursed for Allogeneic Related and Haploid Bone Marrow Transplant. *The inpatient transplant evaluation(s) is not a billing component under the transplant specialty contract. Services provided to an AHCCCS member enrolled as a fee for service member, by a transplant facility, for the purpose of determining whether the member is a candidate for a solid organ or a hematopoietic stem cell (bone marrow, peripheral blood or cord blood) transplant will be reimbursed based on the AHCCCS Fee-For Service rates, including the DRG based hospital payment system if the member is an inpatient.
C24: ***AHCCCS will pay for TOTAL BODY IRRADIATION (TBI) separately and in addition to the existing rates provided the use conforms to the AHCCCS AM/PM policy regarding TBI. Rates for TBI are posted on the corresponding TBI rate sheet.

Sheet 2026_BUMCT_BMT_HAPLOID_ADULT
A1: {=MID(CELL("filename",A1),FIND("]",CELL("filename",A1))+1,255)} -> #VALUE! | C1: 3 | D1: 4
B3: BANNER UNIVERSITY MEDICAL CENTER TUCSON CAMPUS, LLC
B4: ADULT HAPLOID HEMATOPOIETIC STEM CELL TRANSPLANT CONTRACT (HAP)
B5: EFFECTIVE 10/1/2026 THROUGH 9/30/2027
B6: TRANSPLANT FACILITY ID# 988439
D8: ADULTS
C9: COMPONENTS | D9: INCLUSIVE RATE
A10: 1 | C10: OUTPATIENT EVALUATION* - Initial evaluation performed in an outpatient setting only* (not eligible for outlier consideration). Inpatient evaluations are billed outside the transplant contract. | D10: =VLOOKUP(A10,BUMCT_BMT_HAPLOID_ADULT,9,FALSE) -> 6652
A11: 2 | C11: DONOR SEARCH* | D11: =VLOOKUP(A11,BUMCT_BMT_HAPLOID_ADULT,9,FALSE) -> 11744
A12: 3 | C12: DONOR HARVEST (includes stem cell harvest) - National Bone Marrow Donor Program | D12: =VLOOKUP(A12,BUMCT_BMT_HAPLOID_ADULT,9,FALSE) -> 17682
A13: 4 | C13: PREP AND TRANSPLANT | D13: =VLOOKUP(A13,BUMCT_BMT_HAPLOID_ADULT,9,FALSE) -> 63963
A14: 5 | C14: FOLLOW UP CARE - From day 1 post transplant through day 30 or a portion thereof | D14: =VLOOKUP(A14,BUMCT_BMT_HAPLOID_ADULT,9,FALSE) -> 101033
A15: 6 | C15: FOLLOW UP CARE - From day 31 through day 60 or a portion thereof | D15: =VLOOKUP(A15,BUMCT_BMT_HAPLOID_ADULT,9,FALSE) -> 33411
C16: TOTAL HAPLOID RELATED | D16: =SUM(D10:D15) -> 234485
A18: 7 | C18: PER DIEM RATES for day 61+ of inpatient acute hospital care | D18: =VLOOKUP(A18,BUMCT_BMT_HAPLOID_ADULT,9,FALSE) -> 2554
A19: 8 | C19: Days 11+/61+ paid at the per diem rate are not subject to the transplant outlier (prep and transplant through day 60) but are subject to outlier pursuant to the transplant specialty contract at an established threshold of $8,014.19 | D19: =VLOOKUP(A19,BUMCT_BMT_HAPLOID_ADULT,9,FALSE) -> 8014.1928
D21: Outlier Threshold
A22: 9 | C22: Outliers: Haploid Related cases and Severe Immune Syndrome (SCIDS) cases will be reimbursed at case rates unless billed charges for PREP AND TRANSPLANT AND FOLLOW UP CARE through day 60 exceed the Outlier Threshold. If total billed charges exceed the Outlier Threshold then the outlier reimbursement will be reimbursed at 50% of billed charges. | D22: =VLOOKUP(A22,BUMCT_BMT_HAPLOID_ADULT,9,FALSE) -> 257547
A23: 10 | C23: Rate Above Threshold | D23: =VLOOKUP(A23,BUMCT_BMT_HAPLOID_ADULT,9,FALSE) -> 0.5
C25: *Multiple Donor Searches will not be reimbursed for Allogeneic Related and Haploid Bone Marrow Transplant. *The inpatient transplant evaluation(s) is not a billing component under the transplant specialty contract. Services provided to an AHCCCS member enrolled as a fee for service member, by a transplant facility, for the purpose of determining whether the member is a candidate for a solid organ or a hematopoietic stem cell (bone marrow, peripheral blood or cord blood) transplant will be reimbursed based on the AHCCCS Fee-For Service rates, including the DRG based hospital payment system if the member is an inpatient.
C27: ***AHCCCS will pay for TOTAL BODY IRRADIATION (TBI) separately and in addition to the existing rates provided the use conforms to the AHCCCS AM/PM policy regarding TBI. Rates for TBI are posted on the corresponding TBI rate sheet.

Sheet 2026_BUMCT_BMT_ALLO_UNREL_ADULT
A1: {=MID(CELL("filename",A1),FIND("]",CELL("filename",A1))+1,255)} -> #VALUE! | C1: 3 | D1: 4
B3: BANNER UNIVERSITY MEDICAL CENTER TUCSON CAMPUS, LLC
B4: ADULT ALLOGENEIC UNRELATED BONE MARROW TRANSPLANT CONTRACT (ALU)
B5: EFFECTIVE 10/1/2026 THROUGH 9/30/2027
B6: TRANSPLANT FACILITY ID# 988439
D8: ADULTS
C9: COMPONENTS | D9: INCLUSIVE RATE
A10: 1 | C10: OUTPATIENT EVALUATION* - Initial evaluation performed in an outpatient setting only* (not eligible for outlier consideration). Inpatient evaluations are billed outside the transplant contract. | D10: =VLOOKUP(A10,BUMCT_BMT_ALLO_UNREL_ADULT,9,FALSE) -> 6797
A11: 2 | C11: UNRELATED DONOR SEARCH | D11: =VLOOKUP(A11,BUMCT_BMT_ALLO_UNREL_ADULT,9,FALSE) -> 12000
A12: 3 | C12: DONOR HARVEST (includes stem cell harvest) - National Bone Marrow Donor Program | D12: =VLOOKUP(A12,BUMCT_BMT_ALLO_UNREL_ADULT,9,FALSE) -> NBMD or Cord blood Invoice Cost
A13: 4 | C13: PREP AND TRANSPLANT | D13: =VLOOKUP(A13,BUMCT_BMT_ALLO_UNREL_ADULT,9,FALSE) -> 65369
A14: 5 | C14: FOLLOW UP CARE - From day 1 post transplant through day 30 or a portion thereof | D14: =VLOOKUP(A14,BUMCT_BMT_ALLO_UNREL_ADULT,9,FALSE) -> 103256
A15: 6 | C15: FOLLOW UP CARE - From day 31 through day 60 or a portion thereof | D15: =VLOOKUP(A15,BUMCT_BMT_ALLO_UNREL_ADULT,9,FALSE) -> 34146
C16: TOTAL ALLOGENEIC UNRELATED BONE MARROW | D16: =SUM(D10:D15) -> 221568
A18: 7 | C18: PER DIEM RATES for day 61+ of inpatient acute hospital care | D18: =VLOOKUP(A18,BUMCT_BMT_ALLO_UNREL_ADULT,9,FALSE) -> 2554
A19: 8 | C19: Days 11+/61+ paid at the per diem rate are not subject to the transplant outlier (prep and transplant through day 60) but are subject to outlier pursuant to the transplant specialty contract at an established threshold of $8,014.19 | D19: =VLOOKUP(A19,BUMCT_BMT_ALLO_UNREL_ADULT,9,FALSE) -> 8014.1928
D21: Outlier Threshold
A22: 9 | C22: Outliers: Matched unrelated allogeneic and Severe Immune Syndrome (SCIDS) cases will be reimbursed at case rates unless billed charges exceed the Outlier Threshold. The case rate will cover the Outlier Threshold then charges greater than the Outlier Threshold will be reimbursed at 50% of billed charges. | D22: =VLOOKUP(A22,BUMCT_BMT_ALLO_UNREL_ADULT,9,FALSE) -> 282076
A23: 10 | C23: Rate Above Threshold | D23: =VLOOKUP(A23,BUMCT_BMT_ALLO_UNREL_ADULT,9,FALSE) -> 0.5
C25: *The inpatient transplant evaluation(s) is not a billing component under the transplant specialty contract. Services provided to an AHCCCS member enrolled as a fee for service member, by a transplant facility, for the purpose of determining whether the member is a candidate for a solid organ or a hematopoietic stem cell (bone marrow, peripheral blood or cord blood) transplant will be reimbursed based on the AHCCCS Fee-For Service rates, including the DRG based hospital payment system if the member is an inpatient.
C27: ***AHCCCS will pay for TOTAL BODY IRRADIATION (TBI) separately and in addition to the existing rates provided the use conforms to the AHCCCS AM/PM policy regarding TBI. Rates for TBI are posted on the corresponding TBI rate sheet.

Sheet 2026_BUMCT_TBI
A1: {=MID(CELL("filename",A1),FIND("]",CELL("filename",A1))+1,255)} -> #VALUE! | C1: 3 | D1: 4
B3: BANNER UNIVERSITY MEDICAL CENTER TUCSON CAMPUS, LLC
B4: TOTAL BODY IRRADIATION (TBI)
B5: EFFECTIVE 10/1/2026 THROUGH 9/30/2027
B6: TRANSPLANT FACILITY ID# 988439
C9: COMPONENTS | D9: INCLUSIVE RATE
A10: 1 | C10: TOTAL BODY IRRADIATION (TBI) entered as a separate case type | D10: =VLOOKUP(A10,BUMCT_TBI,9,FALSE) -> 8072
C11: TOTAL BODY IRRADIATION | D11: =SUM(D10) -> 8072

Sheet 2026_BUMCT_KIDNEY_LIVING
A1: {=MID(CELL("filename",A1),FIND("]",CELL("filename",A1))+1,255)} -> #VALUE! | C1: 3 | D1: 4
B3: BANNER UNIVERSITY MEDICAL CENTER TUCSON CAMPUS, LLC
B4: LIVING DONOR KIDNEY TRANSPLANT CONTRACT (KDY)
B5: EFFECTIVE 10/1/2026 THROUGH 9/30/2027
B6: TRANSPLANT FACILITY ID# 988439
D9: ADULTS & PEDIATRICS
C10: COMPONENTS | D10: INCLUSIVE RATE
A11: 1 | C11: OUTPATIENT EVALUATION* - Initial evaluation performed in an outpatient setting only* (not eligible for outlier consideration). Inpatient evaluations are billed outside the transplant contract. | D11: =VLOOKUP(A11,BUMCT_KIDNEY_LIVING,9,FALSE) -> 5328
A12: 2 | C12: PREP AND TRANSPLANT UP TO AND INCLUDING DAY 10 OF INPATIENT CONVALESCENT SERVICES. | D12: =VLOOKUP(A12,BUMCT_KIDNEY_LIVING,9,FALSE) -> 100283
A13: 3 | C13: LIVING DONOR SURGERY AND INPATIENT RECOVERY UP TO AND INCLUDING DAY 3 OF INPATIENT CONVALESCENT CARE | D13: =VLOOKUP(A13,BUMCT_KIDNEY_LIVING,9,FALSE) -> 20008
C14: TOTAL KIDNEY LIVING DONOR | D14: =SUM(D11:D13) -> 125619
A16: 4 | C16: PER DIEM RATES for day 61+ of inpatient acute hospital care | D16: =VLOOKUP(A16,BUMCT_KIDNEY_LIVING,9,FALSE) -> 2554
A17: 5 | C17: Days 11+/61+ paid at the per diem rate are not subject to the transplant outlier (prep and transplant through day 60) but are subject to outlier pursuant to the transplant specialty contract at an established threshold of $8,014.19 | D17: =VLOOKUP(A17,BUMCT_KIDNEY_LIVING,9,FALSE) -> 8014.1928
C19: *The inpatient transplant evaluation(s) is not a billing component under the transplant specialty contract. Services provided to an AHCCCS member enrolled as a fee for service member, by a transplant facility, for the purpose of determining whether the member is a candidate for a solid organ or a hematopoietic stem cell (bone marrow, peripheral blood or cord blood) transplant will be reimbursed based on the AHCCCS Fee-For Service rates, including the DRG based hospital payment system if the member is an inpatient.

Sheet 2026_BUMCT_KIDNEY_CADAVERIC
A1: {=MID(CELL("filename",A1),FIND("]",CELL("filename",A1))+1,255)} -> #VALUE! | C1: 3 | D1: 4
B3: BANNER UNIVERSITY MEDICAL CENTER TUCSON CAMPUS, LLC
B4: CADAVERIC DONOR KIDNEY TRANSPLANT CONTRACT (CKY)
B5: EFFECTIVE 10/1/2026 THROUGH 9/30/2027
B6: TRANSPLANT FACILITY ID# 988439
D8: ADULTS & PEDIATRICS
C9: COMPONENTS | D9: INCLUSIVE RATE
A10: 1 | C10: OUTPATIENT EVALUATION* - Initial evaluation performed in an outpatient setting only* (not eligible for outlier consideration). Inpatient evaluations are billed outside the transplant contract. | D10: =VLOOKUP(A10,BUMCT_KIDNEY_CADAVERIC,9,FALSE) -> 5328
A11: 2 | C11: PREP & TRANSPLANT UP TO AND INCLUDING DAY 10 OF INPATIENT CONVALESCENT SERVICE | D11: =VLOOKUP(A11,BUMCT_KIDNEY_CADAVERIC,9,FALSE) -> 100283
C12: TOTAL KIDNEY - DECEASED DONOR | D12: =SUM(D10:D11) -> 105611
A14: 3 | C14: PER DIEM RATES for day 61+ of inpatient acute hospital care | D14: =VLOOKUP(A14,BUMCT_KIDNEY_CADAVERIC,9,FALSE) -> 2554
A15: 4 | C15: Days 11+/61+ paid at the per diem rate are not subject to the transplant outlier (prep and transplant through day 60) but are subject to outlier pursuant to the transplant specialty contract at an established threshold of $8,014.19 | D15: =VLOOKUP(A15,BUMCT_KIDNEY_CADAVERIC,9,FALSE) -> 8014.1928
C18: *The inpatient transplant evaluation(s) is not a billing component under the transplant specialty contract. Services provided to an AHCCCS member enrolled as a fee for service member, by a transplant facility, for the purpose of determining whether the member is a candidate for a solid organ or a hematopoietic stem cell (bone marrow, peripheral blood or cord blood) transplant will be reimbursed based on the AHCCCS Fee-For Service rates, including the DRG based hospital payment system if the member is an inpatient.

Sheet 2026_BUMCT_PANCREAS_AFTER_KDY
A1: {=MID(CELL("filename",A1),FIND("]",CELL("filename",A1))+1,255)} -> #VALUE! | C1: 3 | D1: 4
B3: BANNER UNIVERSITY MEDICAL CENTER TUCSON CAMPUS, LLC
B4: PANCREAS AFTER KIDNEY TRANSPLANT CONTRACT (PAK)
B5: EFFECTIVE 10/1/2026 THROUGH 9/30/2027
B6: TRANSPLANT FACILITY ID# 988439
D8: ADULTS
C9: COMPONENTS | D9: INCLUSIVE RATE
A10: 1 | C10: OUTPATIENT EVALUATION* - Initial evaluation performed in an outpatient setting only* (not eligible for outlier consideration). Inpatient evaluations are billed outside the transplant contract. | D10: =VLOOKUP(A10,BUMCT_PANCREAS_AFTER_KDY,9,FALSE) -> 3843
A11: 2 | C11: PREP AND TRANSPLANT | D11: =VLOOKUP(A11,BUMCT_PANCREAS_AFTER_KDY,9,FALSE) -> 72281
A12: 3 | C12: FOLLOW UP CARE - From day 1 post transplant through day 30 or a portion thereof | D12: =VLOOKUP(A12,BUMCT_PANCREAS_AFTER_KDY,9,FALSE) -> 56496
A13: 4 | C13: FOLLOW UP CARE - From day 31 through day 60 or a portion thereof | D13: =VLOOKUP(A13,BUMCT_PANCREAS_AFTER_KDY,9,FALSE) -> 23240
C14: TOTAL PANCREAS AFTER KIDNEY | D14: =SUM(D10:D13) -> 155860
A16: 5 | C16: PER DIEM RATES for day 61+ of inpatient acute hospital care | D16: =VLOOKUP(A16,BUMCT_PANCREAS_AFTER_KDY,9,FALSE) -> 2554
A17: 6 | C17: Days 11+/61+ paid at the per diem rate are not subject to the transplant outlier (prep and transplant through day 60) but are subject to outlier pursuant to the transplant specialty contract at an established threshold of $8,014.19 | D17: =VLOOKUP(A17,BUMCT_PANCREAS_AFTER_KDY,9,FALSE) -> 8014.1928
C19: *The inpatient transplant evaluation(s) is not a billing component under the transplant specialty contract. Services provided to an AHCCCS member enrolled as a fee for service member, by a transplant facility, for the purpose of determining whether the member is a candidate for a solid organ or a hematopoietic stem cell (bone marrow, peripheral blood or cord blood) transplant will be reimbursed based on the AHCCCS Fee-For Service rates, including the DRG based hospital payment system if the member is an inpatient.

Sheet 2026_BUMCT_SIM_PANCREA_KDY
A1: {=MID(CELL("filename",A1),FIND("]",CELL("filename",A1))+1,255)} -> #VALUE! | C1: 3 | D1: 4
B3: BANNER UNIVERSITY MEDICAL CENTER TUCSON CAMPUS, LLC
B4: SIMULTANEOUS KIDNEY-PANCREAS TRANSPLANT CONTRACT (SPK)
B5: EFFECTIVE 10/1/2026 THROUGH 9/30/2027
B6: TRANSPLANT FACILITY ID# 988439
D8: ADULTS
C9: COMPONENTS | D9: INCLUSIVE RATE
A10: 1 | C10: OUTPATIENT EVALUATION* - Initial evaluation performed in an outpatient setting only* (not eligible for outlier consideration). Inpatient evaluations are billed outside the transplant contract. | D10: =VLOOKUP(A10,BUMCT_SIM_PANCREA_KDY,9,FALSE) -> 5518
A11: 2 | C11: PREP AND TRANSPLANT | D11: =VLOOKUP(A11,BUMCT_SIM_PANCREA_KDY,9,FALSE) -> 88453
A12: 3 | C12: FOLLOW UP CARE - From day 1 post transplant through day 30 or a portion thereof | D12: =VLOOKUP(A12,BUMCT_SIM_PANCREA_KDY,9,FALSE) -> 79634
A13: 4 | C13: FOLLOW UP CARE - From day 31 through day 60 or a portion thereof | D13: =VLOOKUP(A13,BUMCT_SIM_PANCREA_KDY,9,FALSE) -> 23243
C14: TOTAL KIDNEY-PANCREAS | D14: =SUM(D10:D13) -> 196848
A16: 5 | C16: PER DIEM RATES for day 61+ of inpatient acute hospital care | D16: =VLOOKUP(A16,BUMCT_SIM_PANCREA_KDY,9,FALSE) -> 2554
A17: 6 | C17: Days 11+/61+ paid at the per diem rate are not subject to the transplant outlier (prep and transplant through day 60) but are subject to outlier pursuant to the transplant specialty contract at an established threshold of $8,014.19 | D17: =VLOOKUP(A17,BUMCT_SIM_PANCREA_KDY,9,FALSE) -> 8014.1928
C19: The inpatient transplant evaluation(s) is not a billing component under the transplant specialty contract. Services provided to an AHCCCS member enrolled as a fee for service member, by a transplant facility, for the purpose of determining whether the member is a candidate for a solid organ or a hematopoietic stem cell (bone marrow, peripheral blood or cord blood) transplant will be reimbursed based on the AHCCCS Fee-For Service rates, including the DRG based hospital payment system if the member is an inpatient.

Sheet 2026_CITYHOPE_BMT_AUT_ADULT
A1: {=MID(CELL("filename",A1),FIND("]",CELL("filename",A1))+1,255)} -> #VALUE! | C1: 3 | D1: 4
B3: WESTERN REGIONAL MEDICAL CENTER, INC. dba CITY OF HOPE PHOENIX
B4: ADULT AUTOLOGOUS BONE MARROW TRANSPLANT CONTRACT (AUT)
B5: EFFECTIVE 10/1/2026 THROUGH 9/30/2027
B6: TRANSPLANT FACILITY ID# 091458
D8: ADULTS
C9: COMPONENTS | D9: INCLUSIVE RATE
A10: 1 | C10: OUTPATIENT EVALUATION* - Initial evaluation performed in an outpatient setting only* (not eligible for outlier consideration). Inpatient evaluations are billed outside the transplant contract. | D10: =VLOOKUP(A10,CITYHOPE_BMT_AUT_ADULT,9,FALSE) -> 6509
A11: 2 | C11: AUTOLOGOUS HARVEST | D11: =VLOOKUP(A11,CITYHOPE_BMT_AUT_ADULT,9,FALSE) -> 16110
A12: 3 | C12: PREP AND TRANSPLANT | D12: =VLOOKUP(A12,CITYHOPE_BMT_AUT_ADULT,9,FALSE) -> 120816
A13: 4 | C13: FOLLOW UP CARE - From day 1 post transplant through day 30 or a portion thereof | D13: =VLOOKUP(A13,CITYHOPE_BMT_AUT_ADULT,9,FALSE) -> 30607
A14: 5 | C14: FOLLOW UP CARE - From day 31 through day 60 or a portion thereof | D14: =VLOOKUP(A14,CITYHOPE_BMT_AUT_ADULT,9,FALSE) -> 11277
C15: TOTAL AUTOLOGOUS BONE MARROW | D15: =SUM(D10:D14) -> 185319
A17: 6 | C17: PER DIEM RATES for day 61+ of inpatient acute hospital care | D17: =VLOOKUP(A17,CITYHOPE_BMT_AUT_ADULT,9,FALSE) -> 2554
A18: 7 | C18: Days 11+/61+ paid at the per diem rate are not subject to the transplant outlier (prep and transplant through day 60) but are subject to outlier pursuant to the transplant specialty contract at an established threshold of $8,014.19 | D18: =VLOOKUP(A18,CITYHOPE_BMT_AUT_ADULT,9,FALSE) -> 8014.1928
C20: The inpatient transplant evaluation(s) is not a billing component under the transplant specialty contract. Services provided to an AHCCCS member enrolled as a fee for service member, by a transplant facility, for the purpose of determining whether the member is a candidate for a solid organ or a hematopoietic stem cell (bone marrow, peripheral blood or cord blood) transplant will be reimbursed based on the AHCCCS Fee-For Service rates, including the DRG based hospital payment system if the member is an inpatient.
C23: ***AHCCCS will pay for TOTAL BODY IRRADIATION (TBI) separately and in addition to the existing rates provided the use conforms to the AHCCCS AM/PM policy regarding TBI. Rates for TBI are posted on the corresponding TBI rate sheet.

Sheet 2026_CITYHOPE_BMT_ALLO_UNREL_AD
A1: {=MID(CELL("filename",A1),FIND("]",CELL("filename",A1))+1,255)} -> #VALUE! | C1: 3 | D1: 4
B3: WESTERN REGIONAL MEDICAL CENTER, INC. dba CITY OF HOPE PHOENIX
B4: ADULT ALLOGENEIC UNRELATED BONE MARROW TRANSPLANT CONTRACT (ALU)
B5: EFFECTIVE 10/1/2026 THROUGH 9/30/2027
B6: TRANSPLANT FACILITY ID# 091458
D8: ADULTS
C9: COMPONENTS | D9: INCLUSIVE RATE
A10: 1 | C10: OUTPATIENT EVALUATION* - Initial evaluation performed in an outpatient setting only* (not eligible for outlier consideration). Inpatient evaluations are billed outside the transplant contract. | D10: =VLOOKUP(A10,CITYHOPE_BMT_ALLO_UNREL_AD,9,FALSE) -> 6797
A11: 2 | C11: UNRELATED DONOR SEARCH | D11: =VLOOKUP(A11,CITYHOPE_BMT_ALLO_UNREL_AD,9,FALSE) -> 12003
A12: 3 | C12: DONOR HARVEST (includes stem cell harvest) - National Bone Marrow Donor Program | D12: =VLOOKUP(A12,CITYHOPE_BMT_ALLO_UNREL_AD,9,FALSE) -> NBMD or Cord blood Invoice Cost
A13: 4 | C13: PREP AND TRANSPLANT | D13: =VLOOKUP(A13,CITYHOPE_BMT_ALLO_UNREL_AD,9,FALSE) -> 121835
A14: 5 | C14: FOLLOW UP CARE - From day 1 post transplant through day 30 or a portion thereof | D14: =VLOOKUP(A14,CITYHOPE_BMT_ALLO_UNREL_AD,9,FALSE) -> 46463
A15: 6 | C15: FOLLOW UP CARE - From day 31 through day 60 or a portion thereof | D15: =VLOOKUP(A15,CITYHOPE_BMT_ALLO_UNREL_AD,9,FALSE) -> 34258
C16: TOTAL ALLOGENEIC UNRELATED BONE MARROW | D16: =SUM(D10:D15) -> 221356
A18: 7 | C18: PER DIEM RATES for day 61+ of inpatient acute hospital care | D18: =VLOOKUP(A18,CITYHOPE_BMT_ALLO_UNREL_AD,9,FALSE) -> 2554
A19: 8 | C19: Days 11+/61+ paid at the per diem rate are not subject to the transplant outlier (prep and transplant through day 60) but are subject to outlier pursuant to the transplant specialty contract at an established threshold of $8,014.19 | D19: =VLOOKUP(A19,CITYHOPE_BMT_ALLO_UNREL_AD,9,FALSE) -> 8014.1928
D21: Outlier Threshold
A22: 9 | C22: Outliers: Matched unrelated allogeneic and Severe Immune Syndrome (SCIDS) cases will be reimbursed at case rates unless billed charges exceed the Outlier Threshold. The case rate will cover the Outlier Threshold then charges greater than the Outlier Threshold will be reimbursed at 50% of billed charges. | D22: =VLOOKUP(A22,CITYHOPE_BMT_ALLO_UNREL_AD,9,FALSE) -> 282079
A23: 10 | C23: Rate Above Threshold | D23: =VLOOKUP(A23,CITYHOPE_BMT_ALLO_UNREL_AD,9,FALSE) -> 0.5
C25: *The inpatient transplant evaluation(s) is not a billing component under the transplant specialty contract. Services provided to an AHCCCS member enrolled as a fee for service member, by a transplant facility, for the purpose of determining whether the member is a candidate for a solid organ or a hematopoietic stem cell (bone marrow, peripheral blood or cord blood) transplant will be reimbursed based on the AHCCCS Fee-For Service rates, including the DRG based hospital payment system if the member is an inpatient.
C27: ***AHCCCS will pay for TOTAL BODY IRRADIATION (TBI) separately and in addition to the existing rates provided the use conforms to the AHCCCS AM/PM policy regarding TBI. Rates for TBI are posted on the corresponding TBI rate sheet.

Sheet 2026_CITYHOPE_BMT_ALLO_REL_ADUL
A1: {=MID(CELL("filename",A1),FIND("]",CELL("filename",A1))+1,255)} -> #VALUE! | C1: 3 | D1: 4
B3: WESTERN REGIONAL MEDICAL CENTER, INC. dba CITY OF HOPE PHOENIX
B4: ADULT ALLOGENEIC RELATED BONE MARROW TRANSPLANT CONTRACT (ALO)
B5: EFFECTIVE 10/1/2026 THROUGH 9/30/2027
B6: TRANSPLANT FACILITY ID# 091458
D8: ADULTS
C9: COMPONENTS | D9: INCLUSIVE RATE
A10: 1 | C10: OUTPATIENT EVALUATION* - Initial evaluation performed in an outpatient setting only* (not eligible for outlier consideration). Inpatient evaluations are billed outside the transplant contract. | D10: =VLOOKUP(A10,CITYHOPE_BMT_ALLO_REL_ADULT,9,FALSE) -> 6554
A11: 2 | C11: RELATED DONOR SEARCH* | D11: =VLOOKUP(A11,CITYHOPE_BMT_ALLO_REL_ADULT,9,FALSE) -> 7228
A12: 3 | C12: RELATED DONOR HARVEST | D12: =VLOOKUP(A12,CITYHOPE_BMT_ALLO_REL_ADULT,9,FALSE) -> 17036
A13: 4 | C13: PREP AND TRANSPLANT | D13: =VLOOKUP(A13,CITYHOPE_BMT_ALLO_REL_ADULT,9,FALSE) -> 113575
A14: 5 | C14: FOLLOW UP CARE - From day 1 post transplant through day 30 or a portion thereof | D14: =VLOOKUP(A14,CITYHOPE_BMT_ALLO_REL_ADULT,9,FALSE) -> 43365
A15: 6 | C15: FOLLOW UP CARE - From day 31 through day 60 or a portion thereof | D15: =VLOOKUP(A15,CITYHOPE_BMT_ALLO_REL_ADULT,9,FALSE) -> 12307
C16: TOTAL ALLOGENEIC RELATED | D16: =SUM(D10:D15) -> 200065
A18: 7 | C18: PER DIEM RATES for day 61+ of inpatient acute hospital care | D18: =VLOOKUP(A18,CITYHOPE_BMT_ALLO_REL_ADULT,9,FALSE) -> 2554
A19: 8 | C19: Days 11+/61+ paid at the per diem rate are not subject to the transplant outlier (prep and transplant through day 60) but are subject to outlier pursuant to the transplant specialty contract at an established threshold of $8,014.19 | D19: =VLOOKUP(A19,CITYHOPE_BMT_ALLO_REL_ADULT,9,FALSE) -> 8014.1928
C21: *Multiple Donor Searches will not be reimbursed for Allogeneic Related and Haploid Bone Marrow Transplant. *The inpatient transplant evaluation(s) is not a billing component under the transplant specialty contract. Services provided to an AHCCCS member enrolled as a fee for service member, by a transplant facility, for the purpose of determining whether the member is a candidate for a solid organ or a hematopoietic stem cell (bone marrow, peripheral blood or cord blood) transplant will be reimbursed based on the AHCCCS Fee-For Service rates, including the DRG based hospital payment system if the member is an inpatient.
C24: ***AHCCCS will pay for TOTAL BODY IRRADIATION (TBI) separately and in addition to the existing rates provided the use conforms to the AHCCCS AM/PM policy regarding TBI. Rates for TBI are posted on the corresponding TBI rate sheet.

Sheet 2026_CITYHOPE_BMT_HAPLOID_ADULT
A1: {=MID(CELL("filename",A1),FIND("]",CELL("filename",A1))+1,255)} -> #VALUE! | C1: 3 | D1: 4
B3: WESTERN REGIONAL MEDICAL CENTER, INC. dba CITY OF HOPE PHOENIX
B4: ADULT HAPLOID HEMATOPOIETIC STEM CELL TRANSPLANT CONTRACT (HAP)
B5: EFFECTIVE 10/1/2026 THROUGH 9/30/2027
B6: TRANSPLANT FACILITY ID# 091458
D8: ADULTS
C9: COMPONENTS | D9: INCLUSIVE RATE
A10: 1 | C10: OUTPATIENT EVALUATION* - Initial evaluation performed in an outpatient setting only* (not eligible for outlier consideration). Inpatient evaluations are billed outside the transplant contract. | D10: =VLOOKUP(A10,CITYHOPE_BMT_HAPLOID_ADULT,9,FALSE) -> 6652
A11: 2 | C11: DONOR SEARCH* | D11: =VLOOKUP(A11,CITYHOPE_BMT_HAPLOID_ADULT,9,FALSE) -> 11745
A12: 3 | C12: DONOR HARVEST (includes stem cell harvest) - National Bone Marrow Donor Program | D12: =VLOOKUP(A12,CITYHOPE_BMT_HAPLOID_ADULT,9,FALSE) -> 17687
A13: 4 | C13: PREP AND TRANSPLANT | D13: =VLOOKUP(A13,CITYHOPE_BMT_HAPLOID_ADULT,9,FALSE) -> 119770
A14: 5 | C14: FOLLOW UP CARE - From day 1 post transplant through day 30 or a portion thereof | D14: =VLOOKUP(A14,CITYHOPE_BMT_HAPLOID_ADULT,9,FALSE) -> 45122
A15: 6 | C15: FOLLOW UP CARE - From day 31 through day 60 or a portion thereof | D15: =VLOOKUP(A15,CITYHOPE_BMT_HAPLOID_ADULT,9,FALSE) -> 33412
C16: TOTAL HAPLOID RELATED | D16: =SUM(D10:D15) -> 234388
A18: 7 | C18: PER DIEM RATES for day 61+ of inpatient acute hospital care | D18: =VLOOKUP(A18,CITYHOPE_BMT_HAPLOID_ADULT,9,FALSE) -> 2554
A19: 8 | C19: Days 11+/61+ paid at the per diem rate are not subject to the transplant outlier (prep and transplant through day 60) but are subject to outlier pursuant to the transplant specialty contract at an established threshold of $8,014.19 | D19: =VLOOKUP(A19,CITYHOPE_BMT_HAPLOID_ADULT,9,FALSE) -> 8014.1928
D21: Outlier Threshold
A22: 9 | C22: Outliers: Haploid Related cases and Severe Immune Syndrome (SCIDS) cases will be reimbursed at case rates unless billed charges for PREP AND TRANSPLANT AND FOLLOW UP CARE through day 60 exceed the Outlier Threshold. If total billed charges exceed the Outlier Threshold then the outlier reimbursement will be reimbursed at 50% of billed charges. | D22: =VLOOKUP(A22,CITYHOPE_BMT_HAPLOID_ADULT,9,FALSE) -> 257557
A23: 10 | C23: Rate Above Threshold | D23: =VLOOKUP(A23,CITYHOPE_BMT_HAPLOID_ADULT,9,FALSE) -> 0.5
C25: *Multiple Donor Searches will not be reimbursed for Allogeneic Related and Haploid Bone Marrow Transplant. *The inpatient transplant evaluation(s) is not a billing component under the transplant specialty contract. Services provided to an AHCCCS member enrolled as a fee for service member, by a transplant facility, for the purpose of determining whether the member is a candidate for a solid organ or a hematopoietic stem cell (bone marrow, peripheral blood or cord blood) transplant will be reimbursed based on the AHCCCS Fee-For Service rates, including the DRG based hospital payment system if the member is an inpatient.
C27: ***AHCCCS will pay for TOTAL BODY IRRADIATION (TBI) separately and in addition to the existing rates provided the use conforms to the AHCCCS AM/PM policy regarding TBI. Rates for TBI are posted on the corresponding TBI rate sheet.

Sheet 2026_LPCH_BMT_AUT_PEDS
A1: {=MID(CELL("filename",A1),FIND("]",CELL("filename",A1))+1,255)} -> #VALUE! | C1: 3 | D1: 4
B3: LUCILE SALTER PACKARD CHILDREN'S HOSPITAL
B4: PEDIATRIC AUTOLOGOUS BONE MARROW TRANSPLANT CONTRACT (PAU)
B5: EFFECTIVE 10/01/2026 THROUGH 9/30/2027
B6: TRANSPLANT FACILITY ID# 355075
D7: PEDIATRIC**
C8: COMPONENTS | D8: PEDIATRIC**
A9: 1 | C9: EVALUATION (Inpatient or outpatient) - If completed as an inpatient it requires the facility to split bill the evaluation days if member remains in the facility after testing is completed. | D9: =VLOOKUP(A9,LPCH_BMT_AUT_PEDS,9,FALSE) -> 0.35
A10: 2 | C10: AUTOLOGOUS HARVEST | D10: =VLOOKUP(A10,LPCH_BMT_AUT_PEDS,9,FALSE) -> included in rate
A11: 3 | C11: PREP AND TRANSPLANT | D11: =VLOOKUP(A11,LPCH_BMT_AUT_PEDS,9,FALSE) -> 83461
A12: 4 | C12: FOLLOW UP CARE - From day 1 post transplant through day 30 or a portion thereof | D12: =VLOOKUP(A12,LPCH_BMT_AUT_PEDS,9,FALSE) -> 96916
A13: 5 | C13: FOLLOW UP CARE - From day 31 through day 60 or a portion thereof | D13: =VLOOKUP(A13,LPCH_BMT_AUT_PEDS,9,FALSE) -> 28276
C14: TOTAL AUTOLOGOUS BONE MARROW | D14: =SUM(D9:D13) -> 208653.35
A16: 6 | C16: TBI | D16: =VLOOKUP(A16,LPCH_BMT_AUT_PEDS,9,FALSE) -> included in rate
A18: 7 | C18: PER DIEM RATES for day 61+ of inpatient acute hospital care - 35% of billed charges | D18: =VLOOKUP(A18,LPCH_BMT_AUT_PEDS,9,FALSE) -> 0.35
D19: Outlier Threshold
A20: 8 | C20: **Autologous Bone Marrow cases will be reimbursed at case rate unless total billed charges for components PREP AND TRANSPLANT and FOLLOW UP CARE through day 60 exceed the Outlier Threshold. Then all charges over the Outlier Threshold will be reimbursed at 35% of billed charges. | D20: =VLOOKUP(A20,LPCH_BMT_AUT_PEDS,9,FALSE) -> 367927
A21: 9 | C21: Rate above Threshold | D21: =VLOOKUP(A21,LPCH_BMT_AUT_PEDS,9,FALSE) -> 0.35
C24: **Pediatric services are those defined under EPSDT-Early and Periodic Screening, Diagnosis and Treatment as services for persons under 21 years of age, as described in AHCCCS rules R9-22, Article 2 (R9-22-213)

Sheet 2026_LPCH_ALLO_RELA_PEDS
A1: {=MID(CELL("filename",A1),FIND("]",CELL("filename",A1))+1,255)} -> #VALUE! | C1: 3 | D1: 4
B3: LUCILE SALTER PACKARD CHILDREN'S HOSPITAL
B4: PEDIATRIC ALLOGENEIC RELATED BONE MARROW TRANSPLANT CONTRACT (PAL)
B5: EFFECTIVE 10/01/2026 THROUGH 9/30/2027
B6: TRANSPLANT FACILITY ID# 355075
D8: PEDIATRIC**
C9: COMPONENTS
A10: 1 | C10: EVALUATION (Inpatient or outpatient) - If completed as an inpatient it requires the facility to split bill the evaluation days if member remains in the facility after testing is completed. | D10: =VLOOKUP(A10,LPCH_ALLO_RELA_PEDS,9,FALSE) -> 0.35
A11: 2 | C11: RELATED DONOR SEARCH | D11: =VLOOKUP(A11,LPCH_ALLO_RELA_PEDS,9,FALSE) -> N/A
A12: 3 | C12: RELATED DONOR HARVEST | D12: =VLOOKUP(A12,LPCH_ALLO_RELA_PEDS,9,FALSE) -> included in rate
A13: 4 | C13: PREP AND TRANSPLANT | D13: =VLOOKUP(A13,LPCH_ALLO_RELA_PEDS,9,FALSE) -> 180451
A14: 5 | C14: FOLLOW UP CARE - From day 1 post transplant through day 30 or a portion thereof | D14: =VLOOKUP(A14,LPCH_ALLO_RELA_PEDS,9,FALSE) -> 240696
A15: 6 | C15: FOLLOW UP CARE - From day 31 through day 60 or a portion thereof | D15: =VLOOKUP(A15,LPCH_ALLO_RELA_PEDS,9,FALSE) -> 53150
C16: TOTAL ALLOGENEIC RELATED | D16: =SUM(D13:D15) -> 474297
A17: 7 | C17: TBI | D17: =VLOOKUP(A17,LPCH_ALLO_RELA_PEDS,9,FALSE) -> included in rate
D18: Outlier Threshold
A19: 8 | C19: **Autologous Bone Marrow cases will be reimbursed at case rate unless total billed charges for components PREP AND TRANSPLANT and FOLLOW UP CARE through day 60 exceed the Outlier Threshold. Then all charges over the Outlier Threshold will be reimbursed at 35% of billed charges. | D19: =VLOOKUP(A19,LPCH_ALLO_RELA_PEDS,9,FALSE) -> 1304318
A20: 9 | C20: Rate Above Threshold | D20: =VLOOKUP(A20,LPCH_ALLO_RELA_PEDS,9,FALSE) -> 0.35
A22: 10 | C22: Days 61+ through date of discharge will be reimbursed at 35% of billed charges. | D22: =VLOOKUP(A22,LPCH_ALLO_RELA_PEDS,9,FALSE) -> 0.35
C24: **Pediatric services are those defined under EPSDT-Early and Periodic Screening, Diagnosis and Treatment as services for persons under 21 years of age, as described in AHCCCS rules R9-22, Article 2 (R9-22-213)

Sheet 2026_LPCH_ALLO_UNREL_PEDS
A1: {=MID(CELL("filename",A1),FIND("]",CELL("filename",A1))+1,255)} -> #VALUE! | C1: 3 | D1: 4
B3: LUCILE SALTER PACKARD CHILDREN'S HOSPITAL
B4: PEDIATRIC ALLOGENEIC UNRELATED BONE MARROW TRANSPLANT CONTRACT (PLU)
B5: EFFECTIVE 10/01/2026 THROUGH 9/30/2027
B6: TRANSPLANT FACILITY ID# 355075
D9: PEDIATRIC**
C10: COMPONENTS
A11: 1 | C11: OUTPATIENT EVALUATION* - Initial evaluation performed in an outpatient setting (not eligible for outlier consideration) | D11: =VLOOKUP(A11,LPCH_ALLO_UNREL_PEDS,9,FALSE) -> 0.35
A12: 2 | C12: UNRELATED DONOR SEARCH | D12: =VLOOKUP(A12,LPCH_ALLO_UNREL_PEDS,9,FALSE) -> 100% invoice
A13: 3 | C13: DONOR HARVEST (includes stem cell harvest) - National Bone Marrow Donor Program | D13: =VLOOKUP(A13,LPCH_ALLO_UNREL_PEDS,9,FALSE) -> 100% invoice
A14: 4 | C14: PREP AND TRANSPLANT | D14: =VLOOKUP(A14,LPCH_ALLO_UNREL_PEDS,9,FALSE) -> 180451
A15: 5 | C15: FOLLOW UP CARE - From day 1 post transplant through day 30 or a portion thereof | D15: =VLOOKUP(A15,LPCH_ALLO_UNREL_PEDS,9,FALSE) -> 240696
A16: 6 | C16: FOLLOW UP CARE - From day 31 through day 60 or a portion thereof | D16: =VLOOKUP(A16,LPCH_ALLO_UNREL_PEDS,9,FALSE) -> 53150
C17: TOTAL ALLOGENEIC UNRELATED BONE MARROW | D17: =SUM(D14:D16) -> 474297
D18: Outlier Threshold
A19: 7 | C19: **Autologous Bone Marrow cases will be reimbursed at case rate unless total billed charges for components PREP AND TRANSPLANT and FOLLOW UP CARE through day 60 exceed the Outlier Threshold. Then all charges over the Outlier Threshold will be reimbursed at 35% of billed charges. | D19: =VLOOKUP(A19,LPCH_ALLO_UNREL_PEDS,9,FALSE) -> 1304318
A20: 8 | C20: Rate Above Threshold | D20: =VLOOKUP(A20,LPCH_ALLO_UNREL_PEDS,9,FALSE) -> 0.35
A22: 9 | C22: Days 61+ through date of discharge will be reimbursed at 35% of billed charges. | D22: =VLOOKUP(A22,LPCH_ALLO_UNREL_PEDS,9,FALSE) -> 0.35
C24: The inpatient transplant evaluation(s) is not a billing component under the transplant specialty contract. Services provided to an AHCCCS member enrolled as a fee for service member, by a transplant facility, for the purpose of determining whether the member is a candidate for a solid organ or a hematopoietic stem cell (bone marrow, peripheral blood or cord blood) transplant will be reimbursed based on the AHCCCS Fee-For Service rates, including the DRG based hospital payment system if the member is an inpatient.
C26: **Pediatric services are those defined under EPSDT-Early and Periodic Screening, Diagnosis and Treatment as services for persons under 21 years of age, as described in AHCCCS rules R9-22, Article 2 (R9-22-213)
C28: ***AHCCCS will pay for TOTAL BODY IRRADIATION (TBI) separately and in addition to the existing rates provided the use conforms to the AHCCCS AM/PM policy regarding TBI. Rates for TBI are posted on the corresponding TBI rate sheet.

Sheet 2026_LPCH_TBI_PED
A1: {=MID(CELL("filename",A1),FIND("]",CELL("filename",A1))+1,255)} -> #VALUE! | C1: 3 | D1: 4
B3: LUCILE SALTER PACKARD CHILDREN'S HOSPITAL
B4: TOTAL BODY IRRADIATION (TBI)
B5: EFFECTIVE 10/01/2026 THROUGH 9/30/2027
B6: TRANSPLANT FACILITY ID# 355075
D8: ADULTS
C9: COMPONENTS | D9: INCLUSIVE RATE
A10: 1 | C10: TOTAL BODY IRRADIATION (TBI) entered as a separate case type | D10: =VLOOKUP(A10,LPCH_TBI_PED,9,FALSE) -> 8072
C11: TOTAL BODY IRRADIATION | D11: =SUM(D10) -> 8072
C12: Only applicable to Allogeneic Unrelated Case Types

Sheet 2026_LPCH_Living_Liver
A1: {=MID(CELL("filename",A1),FIND("]",CELL("filename",A1))+1,255)} -> #VALUE! | C1: 3 | D1: 4
B3: LUCILE SALTER PACKARD CHILDREN'S HOSPITAL
B4: PEDIATRIC LIVER TRANSPLANT (PLL)
B5: PEDIATRIC LIVER ONLY WITH LIVING DONOR
B6: EFFECTIVE 10/01/2026 THROUGH 9/30/2027
B7: TRANSPLANT FACILITY ID# 355075
C10: COMPONENTS | D10: PEDIATRIC** ALL INCLUSIVE RATE
A11: 1 | C11: EVALUATION (Inpatient or outpatient) - If completed as an inpatient it requires the facility to split bill the evaluation days if member remains in the facility after testing is completed. | D11: =VLOOKUP(A11,LPCH_Living_Liver,9,FALSE) -> 35% of billed charges
A12: 2 | C12: PREP AND TRANSPLANT | D12: =VLOOKUP(A12,LPCH_Living_Liver,9,FALSE) -> 297041
A13: 3 | C13: FOLLOW UP CARE - From day 1 post transplant through day 30 or a portion thereof | D13: =VLOOKUP(A13,LPCH_Living_Liver,9,FALSE) -> 240463
A14: 4 | C14: FOLLOW UP CARE - From day 31 post transplant through day 60 or a portion thereof | D14: =VLOOKUP(A14,LPCH_Living_Liver,9,FALSE) -> 14143
A15: 5 | C15: LIVING DONOR SURGERY AND INPATIENT RECOVERY UP TO AND INCLUDING DAY 3 OF INPATIENT CONVALESCENT CARE | D15: =VLOOKUP(A15,LPCH_Living_Liver,9,FALSE) -> 20008
C16: TOTAL PEDIATRIC LIVER | D16: =SUM(D12:D15) -> 571655
C18: Immunosuppressant medications required when the member has been discharged from the acute care facility and required to remain within close proximity to the transplant facility will be arranged for by AHCCCS or the MCO and are not included in the component rate.
D19: Outlier Threshold
A20: 6 | C20: Liver cases will be reimbursed at case rate unless total billed charges for components PREP AND TRANSPLANT and FOLLOW UP CARE through day 60 exceed the Outlier Threshold. Then all charges over the Outlier Threshold will be reimbursed at 35% of billed charges. | D20: =VLOOKUP(A20,LPCH_Living_Liver,9,FALSE) -> 1392227
A21: 7 | C21: Rate Above Threshold | D21: =VLOOKUP(A21,LPCH_Living_Liver,9,FALSE) -> 0.35
A23: 8 | C23: Days 61+ through date of discharge will be reimbursed at 35% of billed charges. | D23: =VLOOKUP(A23,LPCH_Living_Liver,9,FALSE) -> 0.35
C25: **Pediatric services are those defined under EPSDT-Early and Periodic Screening, Diagnosis and Treatment as services for persons under 21 years of age, as described in AHCCCS rules R9-22, Article 2 (R9-22-213)

Sheet 2026_LPCH_CAD_Liver
A1: {=MID(CELL("filename",A1),FIND("]",CELL("filename",A1))+1,255)} -> #VALUE! | C1: 3 | D1: 4
B3: LUCILE SALTER PACKARD CHILDREN'S HOSPITAL
B4: PEDIATRIC LIVER TRANSPLANT (PLV)
B5: PEDIATRIC LIVER ONLY WITH CADAVERIC DONOR
B6: EFFECTIVE 10/01/2026 THROUGH 9/30/2027
B7: TRANSPLANT FACILITY ID# 355075
C10: COMPONENTS | D10: PEDIATRIC** ALL INCLUSIVE RATE
A11: 1 | C11: EVALUATION (Inpatient or outpatient) - If completed as an inpatient it requires the facility to split bill the evaluation days if member remains in the facility after testing is completed. | D11: =VLOOKUP(A11,LPCH_CAD_Liver,9,FALSE) -> 35% of billed charges
A12: 2 | C12: PREP AND TRANSPLANT | D12: =VLOOKUP(A12,LPCH_CAD_Liver,9,FALSE) -> 297041
A13: 3 | C13: FOLLOW UP CARE - From day 1 post transplant through day 30 or a portion thereof | D13: =VLOOKUP(A13,LPCH_CAD_Liver,9,FALSE) -> 240463
A14: 4 | C14: FOLLOW UP CARE - From day 31 post transplant through day 60 or a portion thereof | D14: =VLOOKUP(A14,LPCH_CAD_Liver,9,FALSE) -> 14143
C15: TOTAL PEDIATRIC LIVER | D15: =SUM(D12:D14) -> 551647
C17: Immunosuppressant medications required when the member has been discharged from the acute care facility and required to remain within close proximity to the transplant facility will be arranged for by AHCCCS or the MCO and are not included in the component rate.
D19: Outlier Threshold
A20: 5 | C20: Liver cases will be reimbursed at case rate unless total billed charges for components PREP AND TRANSPLANT and FOLLOW UP CARE through day 60 exceed the Outlier Threshold. Then all charges over the Outlier Threshold will be reimbursed at 35% of billed charges. | D20: =VLOOKUP(A20,LPCH_CAD_Liver,9,FALSE) -> 1392227
A21: 6 | C21: Rate Above Threshold | D21: =VLOOKUP(A21,LPCH_CAD_Liver,9,FALSE) -> 0.35
A23: 7 | C23: Days 61+ through date of discharge will be reimbursed at 35% of billed charges. | D23: =VLOOKUP(A23,LPCH_CAD_Liver,9,FALSE) -> 0.35
C25: **Pediatric services are those defined under EPSDT-Early and Periodic Screening, Diagnosis and Treatment as services for persons under 21 years of age, as described in AHCCCS rules R9-22, Article 2 (R9-22-213)

Sheet 2026_LPCH_SingleDouble_Lung
A1: {=MID(CELL("filename",A1),FIND("]",CELL("filename",A1))+1,255)} -> #VALUE! | C1: 3 | D1: 4
B3: LUCILE SALTER PACKARD CHILDREN'S HOSPITAL
B4: PEDIATRIC DOUBLE LUNG (PDL) TRANSPLANT CONTRACT (includes single lung) (PLS)
B5: EFFECTIVE 10/01/2026 THROUGH 9/30/2027
B6: TRANSPLANT FACILITY ID# 355075
C9: COMPONENTS | D9: PEDIATRIC** ALL INCLUSIVE RATE
A10: 1 | C10: EVALUATION (Inpatient or outpatient) - If completed as an inpatient it requires the facility to split bill the evaluation days if member remains in the facility after testing is completed. | D10: =VLOOKUP(A10,LPCH_SingleDouble_Lung,9,FALSE) -> 35% of billed charges
A11: 2 | C11: PREP AND TRANSPLANT | D11: =VLOOKUP(A11,LPCH_SingleDouble_Lung,9,FALSE) -> 353620
A12: 3 | C12: FOLLOW UP CARE - From day 1 post transplant through day 30 or a portion thereof | D12: =VLOOKUP(A12,LPCH_SingleDouble_Lung,9,FALSE) -> 141448
A13: 4 | C13: FOLLOW UP CARE - From day 31 post transplant through day 60 or a portion thereof | D13: =VLOOKUP(A13,LPCH_SingleDouble_Lung,9,FALSE) -> 70723
C14: TOTAL DOUBLE LUNG | D14: =SUM(D11:D13) -> 565791
C16: Immunosuppressant medications required when the member has been discharged from the acute care facility and required to remain within close proximity to the transplant facility will be arranged for by AHCCCS or the MCO and are not included in the component rate.
D18: Outlier Threshold
A19: 5 | C19: Lung cases will be reimbursed at case rate unless total billed charges for components PREP AND TRANSPLANT and FOLLOW UP CARE through day 60 exceed the Outlier Threshold. Then all charges over the Outlier Threshold will be reimbursed at 35% of billed charges. | D19: =VLOOKUP(A19,LPCH_SingleDouble_Lung,9,FALSE) -> 1427926
A20: 6 | C20: Rate Above Threshold | D20: =VLOOKUP(A20,LPCH_SingleDouble_Lung,9,FALSE) -> 0.35
A22: 7 | C22: Days 61+ through date of discharge will be reimbursed at 35% of billed charges. | D22: =VLOOKUP(A22,LPCH_SingleDouble_Lung,9,FALSE) -> 0.35
C24: **Pediatric services are those defined under EPSDT-Early and Periodic Screening, Diagnosis and Treatment as services for persons under 21 years of age, as described in AHCCCS rules R9-22, Article 2 (R9-22-213)

Sheet 2026_LPCH_Heart
A1: {=MID(CELL("filename",A1),FIND("]",CELL("filename",A1))+1,255)} -> #VALUE! | C1: 3 | D1: 4
B3: LUCILE SALTER PACKARD CHILDREN'S HOSPITAL
B4: PEDIATRIC HEART TRANSPLANT (PHT)
B5: EFFECTIVE 10/01/2026 THROUGH 9/30/2027
B6: TRANSPLANT FACILITY ID# 355075
C8: COMPONENTS | D8: PEDIATRIC** ALL INCLUSIVE RATE
A9: 1 | C9: EVALUATION (Inpatient or outpatient) - If completed as an inpatient it requires the facility to split bill the evaluation days if member remains in the facility after testing is completed. | D9: =VLOOKUP(A9,LPCH_Heart,9,FALSE) -> 35% of billed charges
A10: 2 | C10: PREP AND TRANSPLANT | D10: =VLOOKUP(A10,LPCH_Heart,9,FALSE) -> 272865
A11: 3 | C11: FOLLOW UP CARE - From day 1 post transplant through day 30 or a portion thereof | D11: =VLOOKUP(A11,LPCH_Heart,9,FALSE) -> 156908
A12: 4 | C12: FOLLOW UP CARE - From day 31 post transplant through day 60 or a portion thereof | D12: =VLOOKUP(A12,LPCH_Heart,9,FALSE) -> 59775
C13: TOTAL HEART | D13: =SUM(D10:D12) -> 489548
C15: **Pediatric services are those defined under EPSDT-Early and Periodic Screening, Diagnosis and Treatment as services for persons under 21 years of age, as described in AHCCCS rules R9-22, Article 2 (R9-22-213)
D17: Outlier Threshold
A18: 5 | C18: Heart cases will be reimbursed at case rate unless total billed charges for components PREP AND TRANSPLANT and FOLLOW UP CARE through day 60 exceed the Outlier Threshold. Then all charges over the Outlier Threshold will be reimbursed at 35% of billed charges. | D18: =VLOOKUP(A18,LPCH_Heart,9,FALSE) -> 1235492
A19: 6 | C19: Rate Above Threshold | D19: =VLOOKUP(A19,LPCH_Heart,9,FALSE) -> 0.35
A21: 7 | C21: Days 61+ through date of discharge will be reimbursed at 35% of billed charges. | D21: =VLOOKUP(A21,LPCH_Heart,9,FALSE) -> 0.35
C23: ***AHCCCS will pay for Ventricular Assistance Devices (VADs), Cardiac Assistance Devices (CAD's), and Total Artificial Heart (TAH) separately provided the device is inserted as a bridge to transplant and the use conforms to the AHCCCS AM/PM policy regarding VADs, CADs and TAH's. As long as this provision is met, AHCCCS will pay up to the actual amount the facility is billed by the manufacturer for the device plus ten percent (10%). AHCCCS will require the facility's invoice for the devIce prior to payment. CAD/VAD/TAH's inserted as destination therapy are covered outside the Transplant Contract.

Sheet 2026_LPCH_Heart_Lung
A1: {=MID(CELL("filename",A1),FIND("]",CELL("filename",A1))+1,255)} -> #VALUE! | C1: 3 | D1: 4
B3: LUCILE SALTER PACKARD CHILDREN'S HOSPITAL
B4: PEDIATRIC HEART and LUNG TRANSPLANT CONTRACT (PHL)
B5: EFFECTIVE 10/01/2026 THROUGH 9/30/2027
B6: TRANSPLANT FACILITY ID# 355075
C8: COMPONENTS | D8: PEDIATRIC** ALL INCLUSIVE RATE
A9: 1 | C9: EVALUATION (Inpatient or outpatient) - If completed as an inpatient it requires the facility to split bill the evaluation days if member remains in the facility after testing is completed. | D9: =VLOOKUP(A9,LPCH_Heart_Lung,9,FALSE) -> 35% of billed charges
A10: 2 | C10: PREP AND TRANSPLANT | D10: =VLOOKUP(A10,LPCH_Heart_Lung,9,FALSE) -> 272865
A11: 3 | C11: FOLLOW UP CARE - From day 1 post transplant through day 30 or a portion thereof | D11: =VLOOKUP(A11,LPCH_Heart_Lung,9,FALSE) -> 156908
A12: 4 | C12: FOLLOW UP CARE - From day 31 post transplant through day 60 or a portion thereof | D12: =VLOOKUP(A12,LPCH_Heart_Lung,9,FALSE) -> 59775
C13: TOTAL HEART AND LUNG | D13: =SUM(D10:D12) -> 489548
C15: Immunosuppressant medications required when the member has been discharged from the acute care facility and required to remain within close proximity to the transplant facility will be arranged for by AHCCCS or the MCO and are not included in the component rate.
C17: **Pediatric services are those defined under EPSDT-Early and Periodic Screening, Diagnosis and Treatment as services for persons under 21 years of age, as described in AHCCCS rules R9-22, Article 2 (R9-22-213)
D19: Outlier Threshold
A20: 5 | C20: Outlier: Heart cases will be reimbursed at case rate unless total billed charges for components PREP AND TRANSPLANT and FOLLOW UP CARE through day 60 exceed the Outlier Threshold. Then all charges over the Outlier Threshold will be reimbursed at 35% of billed charges. | D20: =VLOOKUP(A20,LPCH_Heart_Lung,9,FALSE) -> 1235492
A21: 6 | C21: Rate Above Threshold | D21: =VLOOKUP(A21,LPCH_Heart_Lung,9,FALSE) -> 0.35
A23: 7 | C23: Days 61+ through date of discharge will be reimbursed at 35% of billed charges. | D23: =VLOOKUP(A23,LPCH_Heart_Lung,9,FALSE) -> 0.35
C25: ***AHCCCS will pay for Ventricular Assistance Devices (VADs), Cardiac Assistance Devices (CAD's), and Total Artificial Heart (TAH) separately provided the device is inserted as a bridge to transplant and the use conforms to the AHCCCS AM/PM policy regarding VADs, CADs and TAH's. As long as this provision is met, AHCCCS will pay up to the actual amount the facility is billed by the manufacturer for the device plus ten percent (10%). AHCCCS will require the facility's invoice for the devIce prior to payment. CAD/VAD/TAH's inserted as destination therapy are covered outside the Transplant Contract

Sheet 2026_LPCH_Heart_Liver
A1: {=MID(CELL("filename",A1),FIND("]",CELL("filename",A1))+1,255)} -> #VALUE! | C1: 3 | D1: 4
B3: LUCILE SALTER PACKARD CHILDREN'S HOSPITAL
B4: PEDIATRIC AND YOUNG ADULT HEART and LIVER TRANSPLANT CONTRACT (PLH)
B5: EFFECTIVE 10/01/2026 THROUGH 9/30/2027
B6: TRANSPLANT FACILITY ID# 355075
C8: COMPONENTS | D8: PEDIATRIC** ALL INCLUSIVE RATE
A9: 1 | C9: EVALUATION (Inpatient or outpatient) - If completed as an inpatient it requires the facility to split bill the evaluation days if member remains in the facility after testing is completed. | D9: =VLOOKUP(A9,LPCH_Heart_Liver,9,FALSE) -> 35% of billed charges
A10: 2 | C10: PREP AND TRANSPLANT | D10: =VLOOKUP(A10,LPCH_Heart_Liver,9,FALSE) -> 434913
A11: 3 | C11: FOLLOW UP CARE - From day 1 post transplant through day 30 or a portion thereof | D11: =VLOOKUP(A11,LPCH_Heart_Liver,9,FALSE) -> 151851
A12: 4 | C12: FOLLOW UP CARE - From day 31 post transplant through day 60 or a portion thereof | D12: =VLOOKUP(A12,LPCH_Heart_Liver,9,FALSE) -> 57848
C13: TOTAL HEART AND LIVER | D13: =SUM(D10:D12) -> 644612
C15: Immunosuppressant medications required when the member has been discharged from the acute care facility and required to remain within close proximity to the transplant facility will be arranged for by AHCCCS or the MCO and are not included in the component rate.
C17: **Pediatric services are those defined under EPSDT-Early and Periodic Screening, Diagnosis and Treatment as services for persons under 21 years of age, as described in AHCCCS rules R9-22, Article 2 (R9-22-213)
D19: Outlier Threshold
A20: 5 | C20: Outlier: Heart/Liver cases will be reimbursed at case rate unless total billed charges for components PREP AND TRANSPLANT and FOLLOW UP CARE through day 60 exceed the Outlier Threshold. Then all charges over the Outlier Threshold will be reimbursed at 35% of billed charges. | D20: =VLOOKUP(A20,LPCH_Heart_Liver,9,FALSE) -> 1624421
A21: 6 | C21: Rate Above Threshold | D21: =VLOOKUP(A21,LPCH_Heart_Liver,9,FALSE) -> 0.35
A23: 7 | C23: Days 61+ through date of discharge will be reimbursed at 35% of billed charges. | D23: =VLOOKUP(A23,LPCH_Heart_Liver,9,FALSE) -> 0.35
C25: ***AHCCCS will pay for Ventricular Assistance Devices (VADs), Cardiac Assistance Devices (CAD's), and Total Artificial Heart (TAH) separately provided the device is inserted as a bridge to transplant and the use conforms to the AHCCCS AM/PM policy regarding VADs, CADs and TAH's. As long as this provision is met, AHCCCS will pay up to the actual amount the facility is billed by the manufacturer for the device plus ten percent (10%). AHCCCS will require the facility's invoice for the devIce prior to payment. CAD/VAD/TAH's inserted as destination therapy are covered outside the Transplant Contract

Sheet 2026_LPCH_Multivis_CadDonor
A1: {=MID(CELL("filename",A1),FIND("]",CELL("filename",A1))+1,255)} -> #VALUE! | C1: 3 | D1: 4
B3: LUCILE SALTER PACKARD CHILDREN'S HOSPITAL
B4: PEDIATRIC INTESTINAL TRANSPLANT CONTRACT (PVC)
B5: MULTI-VISCERAL CADAVERIC DONOR (INTESTINE, LIVER, PANCREAS EN BLOC)
B6: EFFECTIVE 10/01/2026 THROUGH 9/30/2027
B7: TRANSPLANT FACILITY ID# 355075
C9: COMPONENTS | D9: PEDIATRIC** ALL INCLUSIVE RATE
A10: 1 | C10: EVALUATION (Inpatient or outpatient) - If completed as an inpatient it requires the facility to split bill for the one or two days to complete the testing if member remains in the facility after testing is completed. | D10: =VLOOKUP(A10,LPCH_Multivis_CadDonor,9,FALSE) -> 35% of billed charges
A11: 2 | C11: PREP AND TRANSPLANT | D11: =VLOOKUP(A11,LPCH_Multivis_CadDonor,9,FALSE) -> 521533
A12: 3 | C12: FOLLOW UP CARE - From day 1 post transplant through day 30 or a portion thereof | D12: =VLOOKUP(A12,LPCH_Multivis_CadDonor,9,FALSE) -> 506589
A13: 4 | C13: FOLLOW UP CARE - From day 31 post transplant through day 60 or a portion thereof | D13: =VLOOKUP(A13,LPCH_Multivis_CadDonor,9,FALSE) -> 40646
C14: TOTAL INTESTINAL MULTI-VISCERAL | D14: =SUM(D11:D13) -> 1068768
C16: Immunosuppressant medications required when the member has been discharged from the acute care facility and required to remain within close proximity to the transplant facility will be arranged for by AHCCCS or the MCO and are not included in the component rate.
D18: Outlier Threshold
A19: 5 | C19: **Multi visceral cases will be reimbursed at case rate unless total billed charges for components PREP AND TRANSPLANT and FOLLOW UP CARE through day 60 exceed the Outlier Threshold. Then all charges over the Outlier Threshold will be reimbursed at 35% of billed charges. | D19: =VLOOKUP(A19,LPCH_Multivis_CadDonor,9,FALSE) -> 2697308
A20: 6 | C20: Rate Above Threshold | D20: =VLOOKUP(A20,LPCH_Multivis_CadDonor,9,FALSE) -> 0.35
A22: 7 | C22: Days 61+ through date of discharge will be reimbursed at 35% of billed charges. | D22: =VLOOKUP(A22,LPCH_Multivis_CadDonor,9,FALSE) -> 0.35
C24: **Pediatric services are those defined under EPSDT-Early and Periodic Screening, Diagnosis and Treatment as services for persons under 21 years of age, as described in AHCCCS rules R9-22, Article 2 (R9-22-213)

Sheet 2026_LPCH_IntestineCadDonor
A1: {=MID(CELL("filename",A1),FIND("]",CELL("filename",A1))+1,255)} -> #VALUE! | C1: 3 | D1: 4
B3: LUCILE SALTER PACKARD CHILDREN'S HOSPITAL
B4: PEDIATRIC INTESTINAL TRANSPLANT CONTRACT (PCB)
B5: SINGLE ORGAN, and/or INTESTINE CADAVERIC DONOR
B6: EFFECTIVE 10/01/2026 THROUGH 9/30/2027
B7: TRANSPLANT FACILITY ID# 355075
C10: COMPONENTS | D10: PEDIATRIC** ALL INCLUSIVE RATE
A11: 1 | C11: EVALUATION (Inpatient or outpatient) - If completed as an inpatient it requires the facility to split bill for the one or two days to complete the testing if member remains in the facility after testing is completed. | D11: =VLOOKUP(A11,LPCH_IntestineCadDonor,9,FALSE) -> 35% of billed charges
A12: 2 | C12: PREP AND TRANSPLANT | D12: =VLOOKUP(A12,LPCH_IntestineCadDonor,9,FALSE) -> 282899
A13: 3 | C13: FOLLOW UP CARE - From day 1 post transplant through day 30 or a portion thereof | D13: =VLOOKUP(A13,LPCH_IntestineCadDonor,9,FALSE) -> 247535
A14: 4 | C14: FOLLOW UP CARE - From day 31 post transplant through day 60 or a portion thereof | D14: =VLOOKUP(A14,LPCH_IntestineCadDonor,9,FALSE) -> 63649
C15: TOTAL SIMPLE ORGAN INTESTINAL | D15: =SUM(D12:D14) -> 594083
C17: Immunosuppressant medications required when the member has been discharged from the acute care facility and required to remain within close proximity to the transplant facility will be arranged for by AHCCCS or the MCO and are not included in the component rate.
D19: Outlier Threshold
A20: 5 | C20: Intestinal cases will be reimbursed at case rate unless total billed charges for components PREP AND TRANSPLANT and FOLLOW UP CARE through day 60 exceed the Outlier Threshold. Then all charges over the Outlier Threshold will be reimbursed at 35% of billed charges. | D20: =VLOOKUP(A20,LPCH_IntestineCadDonor,9,FALSE) -> 1499324
A21: 6 | C21: Rate Above Threshold | D21: =VLOOKUP(A21,LPCH_IntestineCadDonor,9,FALSE) -> 0.35
A23: 7 | C23: Days 61+ through date of discharge will be reimbursed at 35% of billed charges. | D23: =VLOOKUP(A23,LPCH_IntestineCadDonor,9,FALSE) -> 0.35
C25: **Pediatric services are those defined under EPSDT-Early and Periodic Screening, Diagnosis and Treatment as services for persons under 21 years of age, as described in AHCCCS rules R9-22, Article 2 (R9-22-213)

Sheet 2026_MAYO_BMT_AUT_ADULT
A1: {=MID(CELL("filename",A1),FIND("]",CELL("filename",A1))+1,255)} -> #VALUE! | C1: 3 | D1: 4
B3: MAYO CLINIC HOSPITAL SCOTTSDALE
B4: ADULT AUTOLOGOUS BONE MARROW TRANSPLANT CONTRACT (AUT)
B5: EFFECTIVE 10/01/2026 THROUGH 9/30/2027
B6: TRANSPLANT FACILITY ID# 449357
D8: ADULTS
C9: COMPONENTS | D9: INCLUSIVE RATE
A10: 1 | C10: OUTPATIENT EVALUATION* - Initial evaluation performed in an outpatient setting only* (not eligible for outlier consideration). Inpatient evaluations are billed outside the transplant contract. | D10: =VLOOKUP(A10,MAYO_BMT_AUT_ADULT,9,FALSE) -> 6509
A11: 2 | C11: AUTOLOGOUS HARVEST | D11: =VLOOKUP(A11,MAYO_BMT_AUT_ADULT,9,FALSE) -> 16110
A12: 3 | C12: PREP AND TRANSPLANT | D12: =VLOOKUP(A12,MAYO_BMT_AUT_ADULT,9,FALSE) -> 120816
A13: 4 | C13: FOLLOW UP CARE - From day 1 post transplant through day 30 or a portion thereof | D13: =VLOOKUP(A13,MAYO_BMT_AUT_ADULT,9,FALSE) -> 30607
A14: 5 | C14: FOLLOW UP CARE - From day 31 through day 60 or a portion thereof | D14: =VLOOKUP(A14,MAYO_BMT_AUT_ADULT,9,FALSE) -> 11277
A15: 6 | C15: OUTPATIENT FOLLOW UP CARE - From day 61 through day 100 or a portion thereof; to be submitted as a component when services are performed in an outpatient setting (not eligible for outlier consideration) | D15: =VLOOKUP(A15,MAYO_BMT_AUT_ADULT,9,FALSE) -> Fee For Service rates
C16: TOTAL AUTOLOGOUS BONE MARROW | D16: =SUM(D10:D15) -> 185319
A18: 7 | C18: PER DIEM RATES for day 61+ of inpatient acute hospital care | D18: =VLOOKUP(A18,MAYO_BMT_AUT_ADULT,9,FALSE) -> 2554
A19: 8 | C19: Days 11+/61+ paid at the per diem rate are not subject to the transplant outlier (prep and transplant through day 60) but are subject to outlier pursuant to the transplant specialty contract at an established threshold of $8,014.19 | D19: =VLOOKUP(A19,MAYO_BMT_AUT_ADULT,9,FALSE) -> 8014.1928
C21: The Tandem BMTis a second procedure that can either occur during the initial BMT follow up period or after the initial BMT follow up period is complete. Contractor shall receive case rate reimbursement (at the current contracted rate) for each component of the Tandem BMT.
C23: *The inpatient transplant evaluation(s) is not a billing component under the transplant specialty contract. Services provided to an AHCCCS member enrolled as a fee for service member, by a transplant facility, for the purpose of determining whether the member is a candidate for a solid organ or a hematopoietic stem cell (bone marrow, peripheral blood or cord blood) transplant will be reimbursed based on the AHCCCS Fee-For Service rates, including the DRG based hospital payment system if the member is an inpatient.
C25: ***AHCCCS will pay for TOTAL BODY IRRADIATION (TBI) separately and in addition to the existing rates provided the use conforms to the AHCCCS AM/PM policy regarding TBI. Rates for TBI are posted on the corresponding TBI rate sheet.

Sheet 2026_MAYO_BMT_ALLO_REL_ADULT
A1: {=MID(CELL("filename",A1),FIND("]",CELL("filename",A1))+1,255)} -> #VALUE! | C1: 3 | D1: 4
B3: MAYO CLINIC HOSPITAL SCOTTSDALE
B4: ADULT ALLOGENEIC RELATED BONE MARROW TRANSPLANT CONTRACT (ALO)
B5: EFFECTIVE 10/01/2026 THROUGH 9/30/2027
B6: TRANSPLANT FACILITY ID# 449357
D8: ADULTS
C9: COMPONENTS | D9: INCLUSIVE RATE
A10: 1 | C10: OUTPATIENT EVALUATION* - Initial evaluation performed in an outpatient setting only* (not eligible for outlier consideration). Inpatient evaluations are billed outside the transplant contract. | D10: =VLOOKUP(A10,MAYO_BMT_ALLO_REL_ADULT,9,FALSE) -> 6554
A11: 2 | C11: RELATED DONOR SEARCH* | D11: =VLOOKUP(A11,MAYO_BMT_ALLO_REL_ADULT,9,FALSE) -> 6988
A12: 3 | C12: DONOR RELATED HARVEST (NATIONAL MARROW DONOR PROGRAM/CORD BLOOD ACQUISITION) | D12: =VLOOKUP(A12,MAYO_BMT_ALLO_REL_ADULT,9,FALSE) -> 17467
A13: 4 | C13: PREP AND TRANSPLANT | D13: =VLOOKUP(A13,MAYO_BMT_ALLO_REL_ADULT,9,FALSE) -> 52421
A14: 5 | C14: FOLLOW UP CARE - From day 1 post transplant through day 30 or a portion thereof | D14: =VLOOKUP(A14,MAYO_BMT_ALLO_REL_ADULT,9,FALSE) -> 96104
A15: 6 | C15: FOLLOW UP CARE - From day 31 through day 60 or a portion thereof | D15: =VLOOKUP(A15,MAYO_BMT_ALLO_REL_ADULT,9,FALSE) -> 20967
A16: 7 | C16: OUTPATIENT FOLLOW UP CARE - From day 61 through day 100 or a portion thereof; to be submitted as a component when services are performed in an outpatient setting (not eligible for outlier consideration) | D16: =VLOOKUP(A16,MAYO_BMT_ALLO_REL_ADULT,9,FALSE) -> Fee For Service rates
C17: TOTAL ALLOGENIC RELATED | D17: =SUM(D10:D16) -> 200501
A19: 8 | C19: PER DIEM RATES for day 61+ of inpatient acute hospital care | D19: =VLOOKUP(A19,MAYO_BMT_ALLO_REL_ADULT,9,FALSE) -> 2554
A20: 9 | C20: Days 11+/61+ paid at the per diem rate are not subject to the transplant outlier (prep and transplant through day 60) but are subject to outlier pursuant to the transplant specialty contract at an established threshold of $8,014.19 | D20: =VLOOKUP(A20,MAYO_BMT_ALLO_REL_ADULT,9,FALSE) -> 8014.1928
C22: *Multiple Donor Searches will not be reimbursed for Allogeneic Related and Haploid Bone Marrow Transplant. *The inpatient transplant evaluation(s) is not a billing component under the transplant specialty contract. Services provided to an AHCCCS member enrolled as a fee for service member, by a transplant facility, for the purpose of determining whether the member is a candidate for a solid organ or a hematopoietic stem cell (bone marrow, peripheral blood or cord blood) transplant will be reimbursed based on the AHCCCS Fee-For Service rates, including the DRG based hospital payment system if the member is an inpatient.
C24: The Tandem BMTis a second procedure that can either occur during the initial BMT follow up period or after the initial BMT follow up period is complete. Contractor shall receive case rate reimbursement (at the current contracted rate) for each component of the Tandem BMT.
C26: ***AHCCCS will pay for TOTAL BODY IRRADIATION (TBI) separately and in addition to the existing rates provided the use conforms to the AHCCCS AM/PM policy regarding TBI. Rates for TBI are posted on the corresponding TBI rate sheet.

Sheet 2026_MAYO_HAPLOID_BMT_ADULT
A1: {=MID(CELL("filename",A1),FIND("]",CELL("filename",A1))+1,255)} -> #VALUE! | C1: 3 | D1: 4
B3: MAYO CLINIC HOSPITAL SCOTTSDALE
B4: ADULT HAPLOID HEMATOPOIETIC STEM CELL TRANSPLANT CONTRACT (HAP)
B5: EFFECTIVE 10/01/2026 THROUGH 9/30/2027
B6: TRANSPLANT FACILITY ID# 449357
D8: ADULTS
C9: COMPONENTS | D9: INCLUSIVE RATE
A10: 1 | C10: OUTPATIENT EVALUATION* - Initial evaluation performed in an outpatient setting only* (not eligible for outlier consideration). Inpatient evaluations are billed outside the transplant contract. | D10: =VLOOKUP(A10,MAYO_HAPLOID_BMT_ADULT,9,FALSE) -> 6652
A11: 2 | C11: DONOR SEARCH* | D11: =VLOOKUP(A11,MAYO_HAPLOID_BMT_ADULT,9,FALSE) -> 10260
A12: 3 | C12: DONOR HARVEST (INCLUDES STEM CELL HARVEST) - NATIONAL MARROW DONOR PROGRAM CORD BLOOD ACQUISITION | D12: =VLOOKUP(A12,MAYO_HAPLOID_BMT_ADULT,9,FALSE) -> 17467
A13: 4 | C13: PREP AND TRANSPLANT | D13: =VLOOKUP(A13,MAYO_HAPLOID_BMT_ADULT,9,FALSE) -> 51292
A14: 5 | C14: FOLLOW UP CARE - From day 1 post transplant through day 30 or a portion thereof | D14: =VLOOKUP(A14,MAYO_HAPLOID_BMT_ADULT,9,FALSE) -> 114553
A15: 6 | C15: FOLLOW UP CARE - From day 31 through day 60 or a portion thereof | D15: =VLOOKUP(A15,MAYO_HAPLOID_BMT_ADULT,9,FALSE) -> 34196
A16: 7 | C16: OUTPATIENT FOLLOW UP CARE - From day 61 through day 100 or a portion thereof; to be submitted as a component when services are performed in an outpatient setting (not eligible for outlier consideration) | D16: =VLOOKUP(A16,MAYO_HAPLOID_BMT_ADULT,9,FALSE) -> Fee For Service rates
C17: TOTAL HAPLOID RELATED | D17: =SUM(D10:D16) -> 234420
A19: 8 | C19: PER DIEM RATES for day 61+ of inpatient acute hospital care | D19: =VLOOKUP(A19,MAYO_HAPLOID_BMT_ADULT,9,FALSE) -> 2554
A20: 9 | C20: Days 11+/61+ paid at the per diem rate are not subject to the transplant outlier (prep and transplant through day 60) but are subject to outlier pursuant to the transplant specialty contract at an established threshold of $8,014.19 | D20: =VLOOKUP(A20,MAYO_HAPLOID_BMT_ADULT,9,FALSE) -> 8014.1928
C23: *Multiple Donor Searches will not be reimbursed for Allogeneic Related and Haploid Bone Marrow Transplant. *The inpatient transplant evaluation(s) is not a billing component under the transplant specialty contract. Services provided to an AHCCCS member enrolled as a fee for service member, by a transplant facility, for the purpose of determining whether the member is a candidate for a solid organ or a hematopoietic stem cell (bone marrow, peripheral blood or cord blood) transplant will be reimbursed based on the AHCCCS Fee-For Service rates, including the DRG based hospital payment system if the member is an inpatient.
C25: ***AHCCCS will pay for TOTAL BODY IRRADIATION (TBI) separately and in addition to the existing rates provided the use conforms to the AHCCCS AM/PM policy regarding TBI. Rates for TBI are posted on the corresponding TBI rate sheet.

Sheet 2026_MAYO_BMT_ALLO_UNR_ADUL
A1: {=MID(CELL("filename",A1),FIND("]",CELL("filename",A1))+1,255)} -> #VALUE! | C1: 3 | D1: 4
B3: MAYO CLINIC HOSPITAL SCOTTSDALE
B4: ADULT ALLOGENIC UNRELATED BONE MARROW TRANSPLANT CONTRACT (ALU)
B5: EFFECTIVE 10/01/2026 THROUGH 9/30/2027
B6: TRANSPLANT FACILITY ID# 449357
D8: ADULTS
C9: COMPONENTS | D9: INCLUSIVE RATE
A10: 1 | C10: OUTPATIENT EVALUATION* - Initial evaluation performed in an outpatient setting only* (not eligible for outlier consideration). Inpatient evaluations are billed outside the transplant contract. | D10: =VLOOKUP(A10,MAYO_BMT_ALLO_UNR_ADUL,9,FALSE) -> 6797
A11: 2 | C11: UNRELATED DONOR SEARCH | D11: =VLOOKUP(A11,MAYO_BMT_ALLO_UNR_ADUL,9,FALSE) -> 10485
A12: 3 | C12: DONOR HARVEST (INCLUDES STEM CELL HARVEST) - NATIONAL MARROW DONOR PROGRAM CORD BLOOD ACQUISITION | D12: =VLOOKUP(A12,MAYO_BMT_ALLO_UNR_ADUL,9,FALSE) -> NBMD or Cord blood Invoice Cost
A13: 4 | C13: PREP AND TRANSPLANT | D13: =VLOOKUP(A13,MAYO_BMT_ALLO_UNR_ADUL,9,FALSE) -> 52421
A14: 5 | C14: FOLLOW UP CARE - From day 1 post transplant through day 30 or a portion thereof | D14: =VLOOKUP(A14,MAYO_BMT_ALLO_UNR_ADUL,9,FALSE) -> 117075
A15: 6 | C15: FOLLOW UP CARE - From day 31 through day 60 or a portion thereof | D15: =VLOOKUP(A15,MAYO_BMT_ALLO_UNR_ADUL,9,FALSE) -> 34948
A16: 7 | C16: OUTPATIENT FOLLOW UP CARE - From day 61 through day 100 or a portion thereof; to be submitted as a component when services are performed in an outpatient setting (not eligible for outlier consideration) | D16: =VLOOKUP(A16,MAYO_BMT_ALLO_UNR_ADUL,9,FALSE) -> Fee For Service rates
C17: TOTAL ALLOGENIC UNRELATED BONE MARROW | D17: =SUM(D10:D15) -> 221726
A19: 8 | C19: PER DIEM RATES for day 61+ of inpatient acute hospital care | D19: =VLOOKUP(A19,MAYO_BMT_ALLO_UNR_ADUL,9,FALSE) -> 2554
A20: 9 | C20: Days 11+/61+ paid at the per diem rate are not subject to the transplant outlier (prep and transplant through day 60) but are subject to outlier pursuant to the transplant specialty contract at an established threshold of $8,014.19 | D20: =VLOOKUP(A20,MAYO_BMT_ALLO_UNR_ADUL,9,FALSE) -> 8014.1928
C23: *The inpatient transplant evaluation(s) is not a billing component under the transplant specialty contract. Services provided to an AHCCCS member enrolled as a fee for service member, by a transplant facility, for the purpose of determining whether the member is a candidate for a solid organ or a hematopoietic stem cell (bone marrow, peripheral blood or cord blood) transplant will be reimbursed based on the AHCCCS Fee-For Service rates, including the DRG based hospital payment system if the member is an inpatient.
C25: ***AHCCCS will pay for TOTAL BODY IRRADIATION (TBI) separately and in addition to the existing rates provided the use conforms to the AHCCCS AM/PM policy regarding TBI. Rates for TBI are posted on the corresponding TBI rate sheet.

Sheet 2026_MAYO_BMT_AUT_PED
A1: {=MID(CELL("filename",A1),FIND("]",CELL("filename",A1))+1,255)} -> #VALUE! | C1: 3 | D1: 4
B3: MAYO CLINIC HOSPITAL SCOTTSDALE
B4: PEDIATRIC AUTOLOGOUS BONE MARROW TRANSPLANT CONTRACT (PAU)
B5: EFFECTIVE 10/01/2026 THROUGH 9/30/2027
B6: TRANSPLANT FACILITY ID# 449357
D8: PEDIATRICS
C9: COMPONENTS | D9: INCLUSIVE RATE
A10: 1 | C10: OUTPATIENT EVALUATION* - Initial evaluation performed in an outpatient setting only* (not eligible for outlier consideration). Inpatient evaluations are billed outside the transplant contract. | D10: =VLOOKUP(A10,MAYO_BMT_AUT_PED,9,FALSE) -> 6509
A11: 2 | C11: AUTOLOGOUS HARVEST | D11: =VLOOKUP(A11,MAYO_BMT_AUT_PED,9,FALSE) -> 16519
A12: 3 | C12: PREP AND TRANSPLANT | D12: =VLOOKUP(A12,MAYO_BMT_AUT_PED,9,FALSE) -> 120816
A13: 4 | C13: FOLLOW UP CARE - From day 1 post transplant through day 30 or a portion thereof | D13: =VLOOKUP(A13,MAYO_BMT_AUT_PED,9,FALSE) -> 30607
A14: 5 | C14: FOLLOW UP CARE - From day 31 through day 60 or a portion thereof | D14: =VLOOKUP(A14,MAYO_BMT_AUT_PED,9,FALSE) -> 11845
A15: 6 | C15: OUTPATIENT FOLLOW UP CARE - From day 61 through day 100 or a portion thereof; to be submitted as a component when services are performed in an outpatient setting (not eligible for outlier consideration) | D15: =VLOOKUP(A15,MAYO_BMT_AUT_PED,9,FALSE) -> Fee For Service rates
C16: TOTAL AUTOLOGOUS BONE MARROW | D16: =SUM(D10:D15) -> 186296
A18: 7 | C18: PER DIEM RATES for day 61+ of inpatient acute hospital care | D18: =VLOOKUP(A18,MAYO_BMT_AUT_PED,9,FALSE) -> 2554
A19: 8 | C19: Days 11+/61+ paid at the per diem rate are not subject to the transplant outlier (prep and transplant through day 60) but are subject to outlier pursuant to the transplant specialty contract at an established threshold of $8,014.19 | D19: =VLOOKUP(A19,MAYO_BMT_AUT_PED,9,FALSE) -> 8014.1928
C21: The Tandem BMTis a second procedure that can either occur during the initial BMT follow up period or after the initial BMT follow up period is complete. Contractor shall receive case rate reimbursement (at the current contracted rate) for each component of the Tandem BMT.
C23: *The inpatient transplant evaluation(s) is not a billing component under the transplant specialty contract. Services provided to an AHCCCS member enrolled as a fee for service member, by a transplant facility, for the purpose of determining whether the member is a candidate for a solid organ or a hematopoietic stem cell (bone marrow, peripheral blood or cord blood) transplant will be reimbursed based on the AHCCCS Fee-For Service rates, including the DRG based hospital payment system if the member is an inpatient.
C25: ***AHCCCS will pay for TOTAL BODY IRRADIATION (TBI) separately and in addition to the existing rates provided the use conforms to the AHCCCS AM/PM policy regarding TBI. Rates for TBI are posted on the corresponding TBI rate sheet.

Sheet 2026_MAYO_BMT_ALLO_REL_PED
A1: {=MID(CELL("filename",A1),FIND("]",CELL("filename",A1))+1,255)} -> #VALUE! | C1: 3 | D1: 4
B3: MAYO CLINIC HOSPITAL SCOTTSDALE
B4: PEDIATRIC ALLOGENEIC RELATED BONE MARROW TRANSPLANT CONTRACT (PAL)
B5: EFFECTIVE 10/01/2026 THROUGH 9/30/2027
B6: TRANSPLANT FACILITY ID# 449357
D8: PEDIATRIC
C9: COMPONENTS | D9: INCLUSIVE RATE
A10: 1 | C10: OUTPATIENT EVALUATION* - Initial evaluation performed in an outpatient setting only* (not eligible for outlier consideration). Inpatient evaluations are billed outside the transplant contract. | D10: =VLOOKUP(A10,MAYO_BMT_ALLO_REL_PED,9,FALSE) -> 6554
A11: 2 | C11: RELATED DONOR SEARCH* | D11: =VLOOKUP(A11,MAYO_BMT_ALLO_REL_PED,9,FALSE) -> 6988
A12: 3 | C12: DONOR RELATED HARVEST (NATIONAL MARROW DONOR PROGRAM/CORD BLOOD ACQUISITION) | D12: =VLOOKUP(A12,MAYO_BMT_ALLO_REL_PED,9,FALSE) -> 17467
A13: 4 | C13: PREP AND TRANSPLANT | D13: =VLOOKUP(A13,MAYO_BMT_ALLO_REL_PED,9,FALSE) -> 148951
A14: 5 | C14: FOLLOW UP CARE - From day 1 post transplant through day 30 or a portion thereof | D14: =VLOOKUP(A14,MAYO_BMT_ALLO_REL_PED,9,FALSE) -> 201942
A15: 6 | C15: FOLLOW UP CARE - From day 31 through day 60 or a portion thereof | D15: =VLOOKUP(A15,MAYO_BMT_ALLO_REL_PED,9,FALSE) -> 28697
A16: 7 | C16: OUTPATIENT FOLLOW UP CARE - From day 61 through day 100 or a portion thereof; to be submitted as a component when services are performed in an outpatient setting (not eligible for outlier consideration) | D16: =VLOOKUP(A16,MAYO_BMT_ALLO_REL_PED,9,FALSE) -> Fee For Service rates
C17: TOTAL ALLOGENIC RELATED | D17: =SUM(D10:D16) -> 410599
A19: 8 | C19: PER DIEM RATES for day 61+ of inpatient acute hospital care | D19: =VLOOKUP(A19,MAYO_BMT_ALLO_REL_PED,9,FALSE) -> 2554
A20: 9 | C20: Days 11+/61+ paid at the per diem rate are not subject to the transplant outlier (prep and transplant through day 60) but are subject to outlier pursuant to the transplant specialty contract at an established threshold of $8,014.19 | D20: =VLOOKUP(A20,MAYO_BMT_ALLO_REL_PED,9,FALSE) -> 8014.1928
C23: *Multiple Donor Searches will not be reimbursed for Allogeneic Related and Haploid Bone Marrow Transplant. *The inpatient transplant evaluation(s) is not a billing component under the transplant specialty contract. Services provided to an AHCCCS member enrolled as a fee for service member, by a transplant facility, for the purpose of determining whether the member is a candidate for a solid organ or a hematopoietic stem cell (bone marrow, peripheral blood or cord blood) transplant will be reimbursed based on the AHCCCS Fee-For Service rates, including the DRG based hospital payment system if the member is an inpatient.
C25: ***AHCCCS will pay for TOTAL BODY IRRADIATION (TBI) separately and in addition to the existing rates provided the use conforms to the AHCCCS AM/PM policy regarding TBI. Rates for TBI are posted on the corresponding TBI rate sheet.

Sheet 2026_MAYO_HAPLOID_BMT_PED
A1: {=MID(CELL("filename",A1),FIND("]",CELL("filename",A1))+1,255)} -> #VALUE! | C1: 3 | D1: 4
B3: MAYO CLINIC HOSPITAL SCOTTSDALE
B4: PEDIATRIC HAPLOID RELATED HEMATOPOIETIC STEM CELL TRANSPLANT CONTRACT (PHA)
B5: EFFECTIVE 10/01/2026 THROUGH 9/30/2027
B6: TRANSPLANT FACILITY ID# 449357
D8: PEDIATRIC
C9: COMPONENTS | D9: INCLUSIVE RATE
A10: 1 | C10: OUTPATIENT EVALUATION* - Initial evaluation performed in an outpatient setting only* (not eligible for outlier consideration). Inpatient evaluations are billed outside the transplant contract. | D10: =VLOOKUP(A10,MAYO_HAPLOID_BMT_PED,9,FALSE) -> 6326
A11: 2 | C11: DONOR SEARCH* | D11: =VLOOKUP(A11,MAYO_HAPLOID_BMT_PED,9,FALSE) -> 10994
A12: 3 | C12: DONOR HARVEST (INCLUDES STEM CELL HARVEST) - NATIONAL MARROW DONOR PROGRAM CORD BLOOD ACQUISITION | D12: =VLOOKUP(A12,MAYO_HAPLOID_BMT_PED,9,FALSE) -> 16607
A13: 4 | C13: PREP AND TRANSPLANT | D13: =VLOOKUP(A13,MAYO_HAPLOID_BMT_PED,9,FALSE) -> 58589
A14: 5 | C14: FOLLOW UP CARE - From day 1 post transplant through day 30 or a portion thereof | D14: =VLOOKUP(A14,MAYO_HAPLOID_BMT_PED,9,FALSE) -> 108918
A15: 6 | C15: FOLLOW UP CARE - From day 31 through day 60 or a portion thereof | D15: =VLOOKUP(A15,MAYO_HAPLOID_BMT_PED,9,FALSE) -> 32515
A16: 7 | C16: OUTPATIENT FOLLOW UP CARE - From day 61 through day 100 or a portion thereof; to be submitted as a component when services are performed in an outpatient setting (not eligible for outlier consideration) | D16: =VLOOKUP(A16,MAYO_HAPLOID_BMT_PED,9,FALSE) -> Fee For Service rates
C17: TOTAL HAPLOID RELATED | D17: =SUM(D10:D16) -> 233949
A19: 8 | C19: PER DIEM RATES for day 61+ of inpatient acute hospital care | D19: =VLOOKUP(A19,MAYO_HAPLOID_BMT_PED,9,FALSE) -> 2554
A20: 9 | C20: Days 11+/61+ paid at the per diem rate are not subject to the transplant outlier (prep and transplant through day 60) but are subject to outlier pursuant to the transplant specialty contract at an established threshold of $8,014.19 | D20: =VLOOKUP(A20,MAYO_HAPLOID_BMT_PED,9,FALSE) -> 8014.1928
C23: *Multiple Donor Searches will not be reimbursed for Allogeneic Related and Haploid Bone Marrow Transplant. *The inpatient transplant evaluation(s) is not a billing component under the transplant specialty contract. Services provided to an AHCCCS member enrolled as a fee for service member, by a transplant facility, for the purpose of determining whether the member is a candidate for a solid organ or a hematopoietic stem cell (bone marrow, peripheral blood or cord blood) transplant will be reimbursed based on the AHCCCS Fee-For Service rates, including the DRG based hospital payment system if the member is an inpatient.
C25: ***AHCCCS will pay for TOTAL BODY IRRADIATION (TBI) separately and in addition to the existing rates provided the use conforms to the AHCCCS AM/PM policy regarding TBI. Rates for TBI are posted on the corresponding TBI rate sheet.

Sheet 2026_MAYO_BMT_ALLO_UNR_PED
A1: {=MID(CELL("filename",A1),FIND("]",CELL("filename",A1))+1,255)} -> #VALUE! | C1: 3 | D1: 4
B3: MAYO CLINIC HOSPITAL SCOTTSDALE
